Workbook
Name dd: #REF!
Name dd: #REF!
Name dd: #REF!
Name dd: #REF!
Name dd: #REF!
Name dd: #REF!
Name dd: #REF!
Name dd: #REF!
Name dd: #REF!
Name dd: #REF!
Name dd: #REF!
Name FiscalYearStartDate: #REF!
Name FiscalYearStartDate: #REF!
Name FiscalYearStartDate: #REF!
Name FiscalYearStartDate: #REF!
Name FiscalYearStartDate: #REF!
Name FiscalYearStartDate: #REF!
Name FiscalYearStartDate: #REF!
Name FiscalYearStartDate: #REF!
Name FiscalYearStartDate: #REF!
Name FiscalYearStartDate: #REF!
Name FiscalYearStartDate: #REF!
Name Sales3: #REF!
Name Sales3: #REF!
Name Sales3: #REF!
Name Sales3: #REF!
Name Sales3: #REF!
Name Sales3: #REF!
Name Sales3: #REF!
Name Sales3: #REF!
Name Sales3: #REF!
Name Sales3: #REF!
Name Sales3: #REF!
Name z: #REF!
Name z: #REF!
Name z: #REF!
Name z: #REF!

Sheet xr

Sheet Global Assumptions 
A1: Global Assumptions
E2: 430000 | F2: =#REF! -> #REF! | G2: 247940000 | H2: 504130000 | I2: 1077847500
C3: 2016 | D3: Seed (2017) | E3: 2018 | F3: 2019 | G3: 2020 | H3: 2021 | I3: 2022
A4: Venture Funding | C4: 250000 | D4: 0 | E4: 0 | F4: 0 | G4: 0 | H4: 0 | I4: 0
A6: Sales Revenue | C6: =#REF! -> #REF! | D6: =#REF! -> #REF! | E6: =E2 -> 430000 | F6: =F2 -> #REF! | G6: 247940000 | H6: 504130000 | I6: 1077847500 | K6: NA | L6: 6558548 | M6: 18126964 | N6: 33094770 | O6: 52203282 | P6: 91995745
F7: =(F6-E6)/E6 -> #REF! | G7: =(G6-F6)/F6 -> #REF! | H7: =(H6-G6)/G6 -> 1.0332742 | I7: =(I6-H6)/H6 -> 1.1380348 | K7: NA | L7: 1341775 | M7: 3671300 | N7: 6686850 | O7: 10535318 | P7: 18534892
K8: NA | L8: 5216773 | M8: 14455664 | N8: 26407920 | O8: 41667964 | P8: 73460852
A9: Other Revenue Adjustment: New Customer Discounts | C9: 0 | F9: -1000000 | G9: -3000000 | H9: =-9500000/2 -> -4750000 | I9: -8000000 | K9: 300000 | L9: 3506590 | M9: 5473780 | N9: 7698855 | O9: 13275335 | P9: 19759492
K10: -300000 | L10: 1726459 | M10: 9008434 | N10: 18743646 | O10: 28457554 | P10: 53796514
A11: Sales and Pricing Assumptions
A12: Total Number of Clients | E12: =#REF! -> #REF! | F12: =#REF! -> #REF! | G12: =#REF! -> #REF! | H12: =#REF! -> #REF! | I12: =#REF! -> #REF!
A13: FY01 June Clients | C13: 0 | D13: 2 | E13: =E6/E12 -> #REF! | F13: =F6/F12 -> #REF! | G13: =G6/G12 -> #REF! | H13: =H6/H12 -> #REF! | I13: =I6/I12 -> #REF!
A14: Total Client Growth/Month | E14: 0.34467482 | F14: 0.10811966 | G14: 0.0050605608 | H14: 0.064355676 | I14: 0.036838879
A15: Client Attrition / Year (used in COGS Calc) | D15: 0 | E15: 0.33 | F15: 0.33 | G15: 0.33 | H15: 0.33 | I15: 0.33
A17: Mix Assumptions
A18: Unlimited License | D18: 0.7 | E18: 0.7 | F18: 0.7 | G18: 0.7 | H18: 0.7 | I18: 0.7
A19: CPC / CPE / CPR Total | D19: =20% -> 0.2 | E19: =20% -> 0.2 | F19: =20% -> 0.2 | G19: =20% -> 0.2 | H19: =20% -> 0.2 | I19: =20% -> 0.2
A20: CPC | B20: % of Total | D20: 0.45 | E20: 0.45 | F20: 0.45 | G20: 0.45 | H20: 0.45 | I20: 0.45
A21: CPE | D21: 0.45 | E21: 0.45 | F21: 0.45 | G21: 0.45 | H21: 0.45 | I21: 0.45
A22: Cost Per Redemption | B22: % of Total | D22: =1-D20-D21 -> 0.1 | E22: =1-E20-E21 -> 0.1 | F22: =1-F20-F21 -> 0.1 | G22: =1-G20-G21 -> 0.1 | H22: =1-H20-H21 -> 0.1 | I22: =1-I20-I21 -> 0.1
A23: Limited License (Events) | D23: =1-D18-D19 -> 0.1 | E23: 0.1 | F23: 0.1 | G23: 0.1 | H23: 0.1 | I23: 0.1
A25: % needing consulting services | B25: ` | D25: 0.65 | E25: 0.65 | F25: 0.65 | G25: 0.65 | H25: 0.65 | I25: 0.65
A26: % need for consulting (Unlimited License) | D26: 0.25 | E26: 0.25 | F26: 0.25 | G26: 0.25 | H26: 0.25 | I26: 0.25
A27: % need for consulting (CPC) | D27: 0.25 | E27: 0.25 | F27: 0.25 | G27: 0.25 | H27: 0.25 | I27: 0.25
A28: % needed for consulting (Limited License) | D28: 0.5 | E28: 0.5 | F28: 0.5 | G28: 0.5 | H28: 0.5 | I28: 0.5
A29: Avg Service Hours | D29: 40 | E29: 40 | F29: 40 | G29: 40 | H29: 40 | I29: 40
A32: Avg Monthly Notifications | B32: Conversions | D32: 1000000 | E32: 1000000 | F32: 1000000 | G32: 1000000 | H32: 1000000 | I32: 1000000
A33: Avg Monthly Views | B33: 0.25 | D33: =$B$33*D32 -> 250000 | E33: =$B$33*E32 -> 250000 | F33: =$B$33*F32 -> 250000 | G33: =$B$33*G32 -> 250000 | H33: =$B$33*H32 -> 250000 | I33: =$B$33*I32 -> 250000
A34: Avg Monthly Conversions | B34: 0.2 | D34: =$B$34*D33 -> 50000 | E34: =$B$34*E33 -> 50000 | F34: =$B$34*F33 -> 50000 | G34: =$B$34*G33 -> 50000 | H34: =$B$34*H33 -> 50000 | I34: =$B$34*I33 -> 50000
A35: Conversion rate | D35: =D34/D32 -> 0.05 | E35: =E34/E32 -> 0.05 | F35: =F34/F32 -> 0.05 | G35: =G34/G32 -> 0.05 | H35: =H34/H32 -> 0.05 | I35: =I34/I32 -> 0.05
A38: Unlimited License Fee per Month | D38: =D39*$B$55*$B$52 -> 100000 | E38: =E39*$B$55*$B$52 -> 100000 | F38: =F39*$B$55*$B$52 -> 100000 | G38: =G39*$B$55*$B$52 -> 100000 | H38: =H39*$B$55*$B$52 -> 100000 | I38: =I39*$B$55*$B$52 -> 100000
A39: Monthly Markup per User | D39: 5 | E39: 5 | F39: 5 | G39: 5 | H39: 5 | I39: 5
A40: Cost per Click (active view) | D40: 0.3 | E40: 0.3 | F40: 0.3 | G40: 0.3 | H40: 0.3 | I40: 0.3
A41: Cost per Click Engagement | D41: 1.75 | E41: 1.75 | F41: 1.75 | G41: 1.75 | H41: 1.75 | I41: 1.75
A42: Avg Revenue per Conversion | D42: 5 | E42: 5 | F42: 5 | G42: 5 | H42: 5 | I42: 5
A43: Limited License (Events) | D43: =D38 -> 100000 | E43: =E38 -> 100000 | F43: =F38 -> 100000 | G43: =G38 -> 100000 | H43: =H38 -> 100000 | I43: =I38 -> 100000
A44: Consulting Hourly Rate | D44: 250 | E44: 250 | F44: 250 | G44: 250 | H44: 250 | I44: 250
A47: COGS | D47: =#REF! -> #REF! | E47: =#REF! -> #REF! | F47: =#REF! -> #REF! | G47: =#REF! -> #REF! | H47: =#REF! -> #REF! | I47: =#REF! -> #REF!
A48: GM% | E48: =1-(E47/E6) -> #REF! | F48: =1-(F47/F6) -> #REF! | G48: =1-(G47/G6) -> #REF! | H48: =1-(H47/H6) -> #REF! | I48: =1-(I47/I6) -> #REF!
A49: Other COGS Adjustment: scale efficiencies | C49: 0 | G49: 50000000 | H49: 100000000 | I49: =-1000000+200000000 -> 199000000
A51: Computing | C51: =#REF! -> #REF! | D51: =#REF! -> #REF! | E51: =#REF! -> #REF! | F51: =#REF! -> #REF! | G51: =#REF! -> #REF! | H51: =#REF! -> #REF! | I51: =#REF! -> #REF!
A52: Unlimited License Cost per User | B52: =B53*B54*8 -> 0.02
A53: Unlimited License Notifications per User per Month | B53: 5
A54: Cost per Notification | B54: 0.0005
A55: Average Number of Users per License | B55: 1000000
A57: Project Management and Development | C57: =#REF! -> #REF! | D57: =#REF! -> #REF! | E57: =#REF! -> #REF! | F57: =#REF! -> #REF! | G57: =#REF! -> #REF! | H57: =#REF! -> #REF! | I57: =#REF! -> #REF!
A58: Cost per Employee | B58: 60
A59: Unlimited License & CPC Implementation Hours | B59: 132
A60: Limited License (Event) Implementation Hours | B60: 60
A62: Ongoing Campaign Maintenance | C62: =#REF! -> #REF! | D62: =#REF! -> #REF! | E62: =#REF! -> #REF! | F62: =#REF! -> #REF! | G62: =#REF! -> #REF! | H62: =#REF! -> #REF! | I62: =#REF! -> #REF!
A63: Unlimited License Campaign hours per month | B63: 20
A64: Cost per Click Campaign hours per month | B64: 20
A65: Consulting Hourly Cost | B65: 60
A68: Gross Profit | C68: =#REF! -> #REF! | D68: =#REF! -> #REF! | E68: =#REF! -> #REF! | F68: =#REF! -> #REF! | G68: =#REF! -> #REF! | H68: =#REF! -> #REF! | I68: =#REF! -> #REF!
A69: Gross Margin | C69: =#REF! -> #REF! | D69: =#REF! -> #REF! | E69: =#REF! -> #REF! | F69: =#REF! -> #REF! | G69: =#REF! -> #REF! | H69: =#REF! -> #REF! | I69: =#REF! -> #REF!
E70: =E6-E47 -> #REF! | F70: =F6-F47 -> #REF! | G70: =G6-G47 -> #REF! | H70: =H6-H47 -> #REF! | I70: =I6-I47 -> #REF!
A71: Operating Expense
A73: Other Expense Adjustment
A75: Salaries Assumptions | C75: =#REF! -> #REF! | D75: =#REF! -> #REF! | E75: =#REF! -> #REF! | F75: =#REF! -> #REF! | G75: =#REF! -> #REF! | H75: =#REF! -> #REF! | I75: =#REF! -> #REF!
A77: Employee Growth | C77: 0 | D77: 0 | E77: 0 | F77: 0.5 | G77: 0.5 | H77: 0.4 | I77: 0.3
A78: C-Suite/Board | C78: =#REF! -> #REF! | D78: =#REF! -> #REF! | E78: =#REF! -> #REF! | F78: =#REF! -> #REF! | G78: =#REF! -> #REF! | H78: =#REF! -> #REF! | I78: =#REF! -> #REF!
A79: Sales | C79: =#REF! -> #REF! | D79: =#REF! -> #REF! | E79: =#REF! -> #REF! | F79: =#REF! -> #REF! | G79: =#REF! -> #REF! | H79: =#REF! -> #REF! | I79: =#REF! -> #REF!
A80: Marketing | C80: =#REF! -> #REF! | D80: =#REF! -> #REF! | E80: =#REF! -> #REF! | F80: =#REF! -> #REF! | G80: =#REF! -> #REF! | H80: =#REF! -> #REF! | I80: =#REF! -> #REF!
A81: Product Development | C81: =#REF! -> #REF! | D81: =#REF! -> #REF! | E81: =#REF! -> #REF! | F81: =#REF! -> #REF! | G81: =#REF! -> #REF! | H81: =#REF! -> #REF! | I81: =#REF! -> #REF!
A82: Finance and Ops | C82: =#REF! -> #REF! | D82: =#REF! -> #REF! | E82: =#REF! -> #REF! | F82: =#REF! -> #REF! | G82: =#REF! -> #REF! | H82: =#REF! -> #REF! | I82: =#REF! -> #REF!
A83: IT | C83: =#REF! -> #REF! | D83: =#REF! -> #REF! | E83: =#REF! -> #REF! | F83: =#REF! -> #REF! | G83: =#REF! -> #REF! | H83: =#REF! -> #REF! | I83: =#REF! -> #REF!
A84: Total Core Employees | C84: =#REF! -> #REF! | D84: =#REF! -> #REF! | E84: =#REF! -> #REF! | F84: =#REF! -> #REF! | G84: =#REF! -> #REF! | H84: =#REF! -> #REF! | I84: =#REF! -> #REF!
A85: Total Employees | C85: =#REF! -> #REF! | D85: =#REF! -> #REF! | E85: =#REF! -> #REF! | F85: =#REF! -> #REF! | G85: =#REF! -> #REF! | H85: =#REF! -> #REF! | I85: =#REF! -> #REF!
A87: Yearly Bonus Rate | E87: 0 | F87: 0.15 | G87: 0.15 | H87: 0.15 | I87: 0.15
A88: Merit Increase | E88: 0.05 | F88: 0.05 | G88: 0.05 | H88: 0.05 | I88: 0.05
A90: Employees | B90: Base Salary
A91: CEO | B91: 200000 | D91: =#REF! -> #REF! | E91: =#REF! -> #REF! | F91: =#REF! -> #REF! | G91: =#REF! -> #REF! | H91: =#REF! -> #REF! | I91: =#REF! -> #REF!
A92: COO | B92: 180000 | E92: =#REF! -> #REF! | F92: =#REF! -> #REF! | G92: =#REF! -> #REF! | H92: =#REF! -> #REF! | I92: =#REF! -> #REF!
A93: EVP Sales | B93: 100000 | D93: =#REF! -> #REF! | E93: =#REF! -> #REF! | F93: =#REF! -> #REF! | G93: =#REF! -> #REF! | H93: =#REF! -> #REF! | I93: =#REF! -> #REF!
A94: Account Mgr | B94: 80000 | D94: =#REF! -> #REF! | E94: =#REF! -> #REF! | F94: =#REF! -> #REF! | G94: =#REF! -> #REF! | H94: =#REF! -> #REF! | I94: =#REF! -> #REF!
A95: Account Mgr | B95: 80000 | D95: =#REF! -> #REF! | E95: =#REF! -> #REF! | F95: =#REF! -> #REF! | G95: =#REF! -> #REF! | H95: =#REF! -> #REF! | I95: =#REF! -> #REF!
A96: Account Executive | B96: 60000 | D96: =#REF! -> #REF! | E96: =#REF! -> #REF! | F96: =#REF! -> #REF! | G96: =#REF! -> #REF! | H96: =#REF! -> #REF! | I96: =#REF! -> #REF!
A97: Account Executive | B97: 60000 | D97: =#REF! -> #REF! | E97: =#REF! -> #REF! | F97: =#REF! -> #REF! | G97: =#REF! -> #REF! | H97: =#REF! -> #REF! | I97: =#REF! -> #REF!
A98: Account Executive | B98: 60000 | D98: =#REF! -> #REF! | E98: =#REF! -> #REF! | F98: =#REF! -> #REF! | G98: =#REF! -> #REF! | H98: =#REF! -> #REF! | I98: =#REF! -> #REF!
A99: Project Manager | B99: 60000 | D99: =#REF! -> #REF! | E99: =#REF! -> #REF! | F99: =#REF! -> #REF! | G99: =#REF! -> #REF! | H99: =#REF! -> #REF! | I99: =#REF! -> #REF!
A100: 5 Tech/Sales | B100: 500000 | F100: 500000 | G100: 525000 | H100: 551250 | I100: 578812.5
A101: EVP Marketing | B101: 150000 | D101: =#REF! -> #REF! | E101: =#REF! -> #REF! | F101: =#REF! -> #REF! | G101: =#REF! -> #REF! | H101: =#REF! -> #REF! | I101: =#REF! -> #REF!
A102: VP Marketing/Creative Director | B102: 100000 | D102: =#REF! -> #REF! | E102: =#REF! -> #REF! | F102: =#REF! -> #REF! | G102: =#REF! -> #REF! | H102: =#REF! -> #REF! | I102: =#REF! -> #REF!
A103: Graphic Design Manager | B103: 80000 | D103: =#REF! -> #REF! | E103: =#REF! -> #REF! | F103: =#REF! -> #REF! | G103: =#REF! -> #REF! | H103: =#REF! -> #REF! | I103: =#REF! -> #REF!
A104: Web Master | B104: 80000 | D104: =#REF! -> #REF! | E104: =#REF! -> #REF! | F104: =#REF! -> #REF! | G104: =#REF! -> #REF! | H104: =#REF! -> #REF! | I104: =#REF! -> #REF!
A105: Social Media/PR Manager | B105: 60000 | D105: =#REF! -> #REF! | E105: =#REF! -> #REF! | F105: =#REF! -> #REF! | G105: =#REF! -> #REF! | H105: =#REF! -> #REF! | I105: =#REF! -> #REF!
A106: Content/Knowledge Manager | B106: 60000 | D106: =#REF! -> #REF! | E106: =#REF! -> #REF! | F106: =#REF! -> #REF! | G106: =#REF! -> #REF! | H106: =#REF! -> #REF! | I106: =#REF! -> #REF!
A107: VP Marketing/Creative Director | B107: 100000 | E107: =#REF! -> #REF! | F107: =#REF! -> #REF! | G107: =#REF! -> #REF! | H107: =#REF! -> #REF! | I107: =#REF! -> #REF!
A109: CTO | B109: 150000 | D109: =#REF! -> #REF! | E109: =#REF! -> #REF! | F109: =#REF! -> #REF! | G109: =#REF! -> #REF! | H109: =#REF! -> #REF! | I109: =#REF! -> #REF!
A110: Mobile Engineer | B110: 100000 | D110: =#REF! -> #REF! | E110: =#REF! -> #REF! | F110: =#REF! -> #REF! | G110: =#REF! -> #REF! | H110: =#REF! -> #REF! | I110: =#REF! -> #REF!
A111: System Engineer | B111: 100000 | D111: =#REF! -> #REF! | E111: =#REF! -> #REF! | F111: =#REF! -> #REF! | G111: =#REF! -> #REF! | H111: =#REF! -> #REF! | I111: =#REF! -> #REF!
A112: Project Manager | B112: 100000 | D112: =#REF! -> #REF! | E112: =#REF! -> #REF! | F112: =#REF! -> #REF! | G112: =#REF! -> #REF! | H112: =#REF! -> #REF! | I112: =#REF! -> #REF!
A113: 5 Developers | B113: 500000 | E113: =#REF! -> #REF! | F113: =#REF! -> #REF! | G113: =#REF! -> #REF! | H113: =#REF! -> #REF! | I113: =#REF! -> #REF!
A115: EVP Finance and Revenue | B115: 180000 | D115: =#REF! -> #REF! | E115: =#REF! -> #REF! | F115: =#REF! -> #REF! | G115: =#REF! -> #REF! | H115: =#REF! -> #REF! | I115: =#REF! -> #REF!
A116: VP Accounting | B116: 100000 | D116: =#REF! -> #REF! | E116: =#REF! -> #REF! | F116: =#REF! -> #REF! | G116: =#REF! -> #REF! | H116: =#REF! -> #REF! | I116: =#REF! -> #REF!
A117: Analyst | B117: 90000 | D117: =#REF! -> #REF! | E117: =#REF! -> #REF! | F117: =#REF! -> #REF! | G117: =#REF! -> #REF! | H117: =#REF! -> #REF! | I117: =#REF! -> #REF!
A118: Mgr Fin/Sr Analyst | B118: 100000 | D118: =#REF! -> #REF! | E118: =#REF! -> #REF! | F118: =#REF! -> #REF! | G118: =#REF! -> #REF! | H118: =#REF! -> #REF! | I118: =#REF! -> #REF!
A119: HR Dir | B119: 70000 | D119: =#REF! -> #REF! | E119: =#REF! -> #REF! | F119: =#REF! -> #REF! | G119: =#REF! -> #REF! | H119: =#REF! -> #REF! | I119: =#REF! -> #REF!
A120: HR Asst Dir | B120: 60000 | D120: =#REF! -> #REF! | E120: =#REF! -> #REF! | F120: =#REF! -> #REF! | G120: =#REF! -> #REF! | H120: =#REF! -> #REF! | I120: =#REF! -> #REF!
A121: HR Analyst | B121: 50000 | F121: =#REF! -> #REF! | G121: =#REF! -> #REF! | H121: =#REF! -> #REF! | I121: =#REF! -> #REF!
...

Sheet Capital Use (15M)
A1: Capital Use
A3: 15000000 | B3: =#REF! -> #REF! | C3: =#REF! -> #REF! | D3: FY2019 | E3: =#REF! -> #REF! | F3: =#REF! -> #REF! | G3: =#REF! -> #REF!
A5: Operating Expenditures
A6: Travel Expense
A7: Professional Services | D7: 1500000
A8: Server
A9: MS Office License
A10: Copier Lease
A11: Telecommunications | C11: =SUM(#REF!) -> #REF!
A12: Total | B12: 0 | C12: =SUM(C6:C11) -> #REF! | D12: =SUM(D5:D11) -> 1500000 | E12: =SUM(E5:E11) -> 0 | F12: 0 | G12: 0
A13: Employee Compensation
A14: Employee Salaries/Benefits* | D14: =3500000+250000-750000 -> 3000000 | E14: 3000000
A15: Employee Benefits
A16: Total | B16: 0 | C16: =SUM(C14:C15) -> 0 | D16: =SUM(D14:D15) -> 3000000 | E16: =SUM(E14:E15) -> 3000000 | F16: 0 | G16: 0
A17: Product Development
A18: Technology | D18: =1000000-750000 -> 250000 | E18: 500000
A19: Digital Media Agency | C19: =#REF! -> #REF! | D19: =#REF! -> #REF! | E19: =#REF! -> #REF! | F19: =#REF! -> #REF!
A20: Other | C20: =#REF! -> #REF! | D20: =#REF! -> #REF! | E20: =#REF! -> #REF! | F20: =#REF! -> #REF!
A21: Total | B21: 0 | C21: =SUM(C18:C20) -> #REF! | D21: =SUM(D18:D20) -> #REF! | E21: =SUM(E18:E20) -> #REF! | F21: 0 | G21: 0
A22: Office Space
A23: Rent | D23: 241000 | E23: 440000
A24: Utilities | D24: 10500
A25: Insurance | D25: 7000
A26: Office Supplies | D26: 3500
A27: Furniture | D27: =#REF! -> #REF! | E27: =#REF! -> #REF! | F27: =#REF! -> #REF!
A28: Total | B28: 0 | C28: =SUM(C23:C27) -> 0 | D28: =SUM(D23:D27) -> #REF! | E28: =SUM(E23:E27) -> #REF! | F28: 0 | G28: 0
A29: Marketing and Sales Support
A30: SEO | C30: =#REF! -> #REF! | D30: =#REF! -> #REF! | E30: =#REF! -> #REF! | F30: =#REF! -> #REF! | G30: =#REF! -> #REF!
A31: Media | D31: 500000 | E31: 500000 | F31: =#REF! -> #REF! | G31: =#REF! -> #REF!
A32: Social Networking | D32: 400000 | E32: 300000 | F32: =#REF! -> #REF! | G32: =#REF! -> #REF!
A33: Sales Support (Channel Partners, additional Salaries, T&E) | D33: 1500000 | E33: =3000000+-200000 -> 2800000 | F33: =#REF! -> #REF! | G33: =#REF! -> #REF!
A34: Total | B34: 0 | C34: =SUM(C30:C33) -> #REF! | D34: =SUM(D30:D33) -> #REF! | E34: =SUM(E30:E33) -> #REF! | F34: 0 | G34: 0
A36: Total Use of Capital | C36: =SUM(C12,C16,C21,C28,C34) -> #REF! | D36: =SUM(D12,D16,D21,D28,D34) -> #REF! | E36: =SUM(E12,E16,E21,E28,E34) -> #REF! | F36: =SUM(F12,F16,F21,F28,F34) -> 0 | I36: =D36+E36 -> #REF!
A38: *Employee Salaries includes salary compensation + costs associated with employee taxes, also, in yr 2 employee salaries will be paid through operating income
A39: *Capital Use is subject to change depending on business conditions and can flex according to growth demands
A40: *Professional Services include fees for capital raise

Sheet Capital Use (15M inv)
A1: Capital Use
A3: 15000000 | B3: Seed (2017) | C3: FY01 (2018) | D3: FY02 | E3: FY03 | F3: FY04 | G3: FY05
A5: Operating Expenditures
A6: Travel Expense | D6: 200000 | E6: 300000 | F6: 325000
A7: Professional Services
A8: Server
A9: MS Office License
A10: Copier Lease
A11: Telecommunications | C11: =SUM(#REF!) -> #REF! | D11: =SUM(#REF!) -> #REF! | E11: =SUM(#REF!) -> #REF! | F11: =SUM(#REF!) -> #REF!
A12: Total | B12: 0 | C12: =SUM(C6:C11) -> #REF! | D12: =SUM(D5:D11) -> #REF! | E12: =SUM(E5:E11) -> #REF! | F12: =SUM(F5:F11) -> #REF! | G12: 0
A13: Employee Compensation
A14: Employee Salaries* | D14: 3000000 | E14: 5000000 | F14: 2000000
A15: Employee Benefits
A16: Total | B16: 0 | C16: =SUM(C14:C15) -> 0 | D16: =SUM(D14:D15) -> 3000000 | E16: =SUM(E14:E15) -> 5000000 | F16: =SUM(F14:F15) -> 2000000 | G16: 0
A17: Product Development
A18: Technology | D18: 1000000 | E18: =D18 -> 1000000 | F18: =E18+250000 -> 1250000
A19: Digital Media Agency | C19: =#REF! -> #REF! | D19: =#REF! -> #REF! | E19: =#REF! -> #REF! | F19: =#REF! -> #REF!
A20: Other | C20: =#REF! -> #REF! | D20: =#REF! -> #REF! | E20: =#REF! -> #REF! | F20: =#REF! -> #REF!
A21: Total | B21: 0 | C21: =SUM(C18:C20) -> #REF! | D21: =SUM(D18:D20) -> #REF! | E21: =SUM(E18:E20) -> #REF! | F21: =SUM(F18:F20) -> #REF! | G21: 0
A22: Office Space
A23: Rent | D23: =33000-14080 -> 18920 | E23: 400000 | F23: 400000
A24: Utilities | D24: =#REF! -> #REF! | E24: =D24 -> #REF! | F24: =E24-5160 -> #REF!
A25: Insurance | D25: =#REF! -> #REF! | E25: =D25 -> #REF! | F25: =E25 -> #REF!
A26: Office Supplies | D26: =#REF! -> #REF! | E26: =D26 -> #REF! | F26: =E26 -> #REF!
A27: Furniture | C27: =#REF! -> #REF! | D27: =#REF! -> #REF! | E27: =#REF! -> #REF! | F27: =#REF! -> #REF!
A28: Total | B28: 0 | C28: =SUM(C23:C27) -> #REF! | D28: =SUM(D23:D27) -> #REF! | E28: =SUM(E23:E27) -> #REF! | F28: =SUM(F23:F27) -> #REF! | G28: 0
A29: Marketing
A30: SEO | C30: =#REF! -> #REF! | D30: =#REF! -> #REF! | E30: =#REF! -> #REF! | F30: =#REF! -> #REF! | G30: =#REF! -> #REF!
A31: Search Engine PPC | C31: =#REF! -> #REF! | D31: =#REF! -> #REF! | E31: =#REF! -> #REF! | F31: =#REF! -> #REF! | G31: =#REF! -> #REF!
A32: Social Networking | C32: =#REF! -> #REF! | D32: =#REF! -> #REF! | E32: =#REF! -> #REF! | F32: =#REF! -> #REF! | G32: =#REF! -> #REF!
A33: Traditional Media | C33: =#REF! -> #REF! | D33: =#REF! -> #REF! | E33: =#REF! -> #REF! | F33: =#REF! -> #REF! | G33: =#REF! -> #REF!
A34: Total | B34: 0 | C34: =SUM(C30:C33) -> #REF! | D34: =SUM(D30:D33) -> #REF! | E34: =SUM(E30:E33) -> #REF! | F34: =SUM(F30:F33) -> #REF! | G34: 0
A36: Total Use of Capital | D36: =SUM(D12,D16,D21,D28,D34) -> #REF! | E36: =SUM(E12,E16,E21,E28,E34) -> #REF! | F36: =SUM(F12,F16,F21,F28,F34) -> #REF! | I36: =15000000-F36-E36-D36 -> #REF!
A38: *Employee Salaries includes salary compensation + costs associated with employee taxes, also, in yr 2 employee salaries will be paid through operating income
A39: *Capital Use is subject to change depending on business conditions and can flex according to growth demands

Sheet Test Instructions
C4: Excel and Financial | G4: administered in-person or if person is remote via email
C5: Test Questions:
C7: 1. Create a new tab detailing variances between actuals and budget
C8: 2. Notate major variances and explanations between actuals and budget and note possible explanations
C9: 3. Estimate company valuation in 2022
C10: 4. Outside resources can be used
C11: 5. Explanations must be detailed enough for basic management reporting

Sheet Income Statement Bud
B2: Income Statement Budget
D3: Month 1 | E3: Month 2 | F3: Month 3 | G3: Month 4 | H3: Month 5 | I3: Month 6 | J3: Month 7 | K3: Month 8 | L3: Month 9 | M3: Month 10 | N3: Month 11 | O3: Month 12 | P3: 2016 | Q3: Month 1 | R3: Month 2 | S3: Month 3 | T3: Month 4 | U3: Month 5 | V3: Month 6 | W3: Month 7 | X3: Month 8 | Y3: Month 9 | Z3: Month 10 | AA3: Month 11 | AB3: Month 12 | AC3: 2017 | AD3: Month 1 | AE3: Month 2 | AF3: Month 3 | AG3: Month 4 | AH3: Month 5 | AI3: Month 6 | AJ3: Month 7 | AK3: Month 8 | AL3: Month 9 | AM3: Month 10 | AN3: Month 11 | AO3: Month 12 | AP3: 2018 | AQ3: Month 1 | AR3: Month 2 | AS3: Month 3 | AT3: Month 4 | AU3: Month 5 | AV3: Month 6 | AW3: Month 7 | AX3: Month 8 | AY3: Month 9 | AZ3: Month 10 | BA3: Month 11 | BB3: Month 12 | BC3: 2019 | BD3: Month 1 | BE3: Month 2 | BF3: Month 3 | BG3: Month 4 | BH3: Month 5 | BI3: Month 6 | BJ3: Month 7 | BK3: Month 8 | BL3: Month 9 | BM3: Month 10 | BN3: Month 11 | BO3: Month 12 | BP3: 2020 | BQ3: Month 1 | BR3: Month 2 | BS3: Month 3 | BT3: Month 4 | BU3: Month 5 | BV3: Month 6 | BW3: Month 7 | BX3: Month 8 | BY3: Month 9 | BZ3: Month 10 | CA3: Month 11 | CB3: Month 12 | CC3: 2021 | CD3: Month 1 | CE3: Month 2 | CF3: Month 3 | CG3: Month 4 | CH3: Month 5 | CI3: Month 6 | CJ3: Month 7 | CK3: Month 8 | CL3: Month 9 | CM3: Month 10 | CN3: Month 11 | CO3: Month 12 | CP3: 2022
B5: Sales Revenue
B6: Unlimited & Limited Licenses | D6: 0 | E6: 0 | F6: 0 | G6: 0 | H6: 0 | I6: 0 | J6: 0 | K6: 0 | L6: 0 | M6: 0 | N6: 0 | O6: 0 | P6: 0 | Q6: 0 | R6: 0 | S6: 0 | T6: 0 | U6: 0 | V6: 0 | W6: 0 | X6: 0 | Y6: 0 | Z6: 0 | AA6: 0 | AB6: 0 | AC6: 0 | AD6: 0 | AE6: 0 | AF6: 0 | AG6: 0 | AH6: 0 | AI6: 0 | AJ6: 0 | AK6: 0 | AL6: 0 | AM6: 0 | AN6: 0 | AO6: 0 | AP6: 0 | AQ6: 0 | AR6: 0 | AS6: 0 | AT6: 0 | AU6: 0 | AV6: 0 | AW6: 0 | AX6: -23866.477 | AY6: 0 | AZ6: 519838.04 | BA6: 946669.78 | BB6: 1761023.6 | BC6: 3203664.9 | BD6: 497468.36 | BE6: 499985.83 | BF6: 502516.03 | BG6: 505059.05 | BH6: 507614.93 | BI6: 510183.75 | BJ6: 11564766 | BK6: 5320113.4 | BL6: 517968.46 | BM6: 20420590 | BN6: 523224.14 | BO6: 525871.95 | BP6: 41895361 | BQ6: 559714.79 | BR6: 595735.62 | BS6: 634074.59 | BT6: 674880.89 | BU6: 718313.3 | BV6: 33768541 | BW6: 40813743 | BX6: 866112.39 | BY6: 5921851.6 | BZ6: 20981178 | CA6: 1044322.4 | CB6: 8858448.5 | CC6: 1.1543692e+08 | CD6: 1152478 | CE6: 1194934 | CF6: 9238954 | CG6: 1284595.7 | CH6: 1331918.8 | CI6: 81761204 | CJ6: 1431859.1 | CK6: 1484607.2 | CL6: 1.392313e+08 | CM6: 69204004 | CN6: 1654799.5 | CO6: 13775760 | CP6: 3.2274641e+08
B7: PPE (Price per Engagement) | D7: 0 | E7: 0 | F7: 0 | G7: 0 | H7: 0 | I7: 0 | J7: 0 | K7: 0 | L7: 0 | M7: 0 | N7: 0 | O7: 0 | P7: 0 | Q7: 0 | R7: 0 | S7: 0 | T7: 0 | U7: 0 | V7: 0 | W7: 0 | X7: 0 | Y7: 0 | Z7: 0 | AA7: 0 | AB7: 0 | AC7: 0 | AD7: 0 | AE7: 0 | AF7: 0 | AG7: 0 | AH7: 0 | AI7: 0 | AJ7: 0 | AK7: 0 | AL7: 0 | AM7: 0 | AN7: 0 | AO7: 0 | AP7: 0 | AQ7: 0 | AR7: 0 | AS7: 0 | AT7: 0 | AU7: 0 | AV7: 0 | AW7: 0 | AX7: 60011.224 | AY7: 0 | AZ7: 73689.532 | BA7: 81656.819 | BB7: 90485.526 | BC7: 305843.1 | BD7: 90943.434 | BE7: 91403.659 | BF7: 91866.213 | BG7: 92331.107 | BH7: 92798.354 | BI7: 93267.966 | BJ7: 93739.954 | BK7: 94214.331 | BL7: 94691.108 | BM7: 95170.298 | BN7: 95651.914 | BO7: 96135.966 | BP7: 1122214.3 | BQ7: 102322.86 | BR7: 108907.92 | BS7: 115916.76 | BT7: 123376.66 | BU7: 131316.65 | BV7: 139767.62 | BW7: 148762.46 | BX7: 158336.17 | BY7: 168526 | BZ7: 179371.61 | CA7: 190915.19 | CB7: 203201.66 | CC7: 1770721.6 | CD7: 210687.39 | CE7: 218448.87 | CF7: 226496.28 | CG7: 234840.15 | CH7: 243491.4 | CI7: 252461.35 | CJ7: 261761.74 | CK7: 271404.75 | CL7: 281403 | CM7: 291769.57 | CN7: 302518.04 | CO7: 313662.46 | CP7: 3108945
B8: Professional Services | D8: 0 | E8: 0 | F8: 0 | G8: 0 | H8: 0 | I8: 0 | J8: 0 | K8: 0 | L8: 0 | M8: 0 | N8: 0 | O8: 0 | P8: 0 | Q8: 0 | R8: 0 | S8: 0 | T8: 0 | U8: 0 | V8: 0 | W8: 0 | X8: 0 | Y8: 0 | Z8: 0 | AA8: 0 | AB8: 0 | AC8: 0 | AD8: 0 | AE8: 0 | AF8: 0 | AG8: 0 | AH8: 0 | AI8: 28750 | AJ8: 28750 | AK8: 28750 | AL8: 28750 | AM8: 28750 | AN8: 53750 | AO8: 36550 | AP8: 234050 | AQ8: 0 | AR8: 0 | AS8: 0 | AT8: 0 | AU8: 0 | AV8: 0 | AW8: 0 | AX8: 276671.65 | AY8: 0 | AZ8: 32750.903 | BA8: 36291.92 | BB8: 40215.79 | BC8: 385930.27 | BD8: 40419.304 | BE8: 40623.848 | BF8: 40829.428 | BG8: 41036.048 | BH8: 41243.713 | BI8: 41452.429 | BJ8: 41662.202 | BK8: 41873.036 | BL8: 42084.937 | BM8: 42297.91 | BN8: 42511.962 | BO8: 42727.096 | BP8: 498761.91 | BQ8: 45476.827 | BR8: 48403.519 | BS8: 51518.56 | BT8: 54834.072 | BU8: 58362.956 | BV8: 62118.943 | BW8: 66116.65 | BX8: 70371.632 | BY8: 74900.445 | BZ8: 79720.714 | CA8: 84851.195 | CB8: 90311.851 | CC8: 786987.36 | CD8: 93638.838 | CE8: 97088.388 | CF8: 100665.02 | CG8: 104373.4 | CH8: 108218.4 | CI8: 112205.05 | CJ8: 116338.55 | CK8: 120624.34 | CL8: 125068 | CM8: 129675.37 | CN8: 134452.46 | CO8: 139405.54 | CP8: 1381753.3
B9: Merchandising Affiliate | D9: 0 | E9: 0 | F9: 0 | G9: 0 | H9: 0 | I9: 0 | J9: 0 | K9: 0 | L9: 0 | M9: 0 | N9: 0 | O9: 0 | P9: 0 | Q9: 0 | R9: 0 | S9: 0 | T9: 0 | U9: 0 | V9: 0 | W9: 0 | X9: 0 | Y9: 0 | Z9: 0 | AA9: 0 | AB9: 0 | AC9: 0 | AD9: 0 | AE9: 0 | AF9: 0 | AG9: 0 | AH9: 0 | AI9: 0 | AJ9: 0 | AK9: 0 | AL9: 0 | AM9: 0 | AN9: 0 | AO9: 0 | AP9: 0 | AQ9: 0 | AR9: 0 | AS9: 0 | AT9: 0 | AU9: 0 | AV9: 0 | AW9: 0 | AX9: 20516.658 | AY9: 0 | AZ9: 25193.002 | BA9: 27916.861 | BB9: 30935.223 | BC9: 104561.74 | BD9: 31091.772 | BE9: 31249.114 | BF9: 31407.252 | BG9: 31566.19 | BH9: 31725.933 | BI9: 31886.484 | BJ9: 32047.848 | BK9: 32210.028 | BL9: 32373.028 | BM9: 32536.854 | BN9: 32701.509 | BO9: 32866.997 | BP9: 383663.01 | BQ9: 34982.175 | BR9: 37233.476 | BS9: 39629.662 | BT9: 42180.055 | BU9: 44894.581 | BV9: 47783.802 | BW9: 50858.961 | BX9: 54132.024 | BY9: 57615.727 | BZ9: 61323.626 | CA9: 65270.15 | CB9: 69470.654 | CC9: 605374.9 | CD9: 72029.875 | CE9: 74683.375 | CF9: 77434.627 | CG9: 80287.232 | CH9: 83244.924 | CI9: 86311.573 | CJ9: 89491.195 | CK9: 92787.95 | CL9: 96206.154 | CM9: 99750.281 | CN9: 103424.97 | CO9: 107235.03 | CP9: 1062887.2
B10: Other Revenue | D10: 0 | E10: 0 | F10: 0 | G10: 0 | H10: 0 | I10: 0 | J10: 0 | K10: 0 | L10: 0 | M10: 0 | N10: 0 | O10: 0 | P10: 0 | Q10: 0 | R10: 0 | S10: 0 | T10: 0 | U10: 0 | V10: 0 | W10: 0 | X10: 0 | Y10: 0 | Z10: 0 | AA10: 0 | AB10: 0 | AC10: 0 | AD10: 0 | AE10: 0 | AF10: 0 | AG10: 0 | AH10: 0 | AI10: 0 | AJ10: 0 | AK10: 0 | AL10: 0 | AM10: 0 | AN10: 0 | AO10: 0 | AP10: 0 | AQ10: 0 | AR10: 0 | AS10: 0 | AT10: 0 | AU10: 0 | AV10: 0 | AW10: 0 | AX10: -83333 | AY10: 0 | AZ10: -83333.333 | BA10: -83333.333 | BB10: -750000.33 | BC10: -1000000 | BD10: -250000 | BE10: -250000 | BF10: -250000 | BG10: -250000 | BH10: -250000 | BI10: -250000 | BJ10: -250000 | BK10: -250000 | BL10: -250000 | BM10: -250000 | BN10: -250000 | BO10: -250000 | BP10: -3000000 | BQ10: -395833.33 | BR10: -395833.33 | BS10: -395833.33 | BT10: -395833.33 | BU10: -395833.33 | BV10: -395833.33 | BW10: -395833.33 | BX10: -395833.33 | BY10: -395833.33 | BZ10: -395833.33 | CA10: -395833.33 | CB10: -395833.33 | CC10: -4750000 | CD10: -666666.67 | CE10: -666666.67 | CF10: -666666.67 | CG10: -666666.67 | CH10: -666666.67 | CI10: -666666.67 | CJ10: -666666.67 | CK10: -666666.67 | CL10: -666666.67 | CM10: -666666.67 | CN10: -666666.67 | CO10: -666666.67 | CP10: -8000000
B11: Total Sales Revenue | D11: 0 | E11: 0 | F11: 0 | G11: 0 | H11: 0 | I11: 0 | J11: 0 | K11: 0 | L11: 0 | M11: 0 | N11: 0 | O11: 0 | P11: 0 | Q11: 0 | R11: 0 | S11: 0 | T11: 0 | U11: 0 | V11: 0 | W11: 0 | X11: 0 | Y11: 0 | Z11: 0 | AA11: 0 | AB11: 0 | AC11: 0 | AD11: 0 | AE11: 0 | AF11: 0 | AG11: 0 | AH11: 0 | AI11: 28750 | AJ11: 28750 | AK11: 28750 | AL11: 28750 | AM11: 28750 | AN11: 53750 | AO11: 36550 | AP11: 234050 | AQ11: 0 | AR11: 0 | AS11: 0 | AT11: 0 | AU11: 0 | AV11: 0 | AW11: 0 | AX11: 250000.06 | AY11: 0 | AZ11: 568138.14 | BA11: 1009202 | BB11: 1172659.8 | BC11: 3000000 | BD11: 409922.87 | BE11: 413262.45 | BF11: 416618.93 | BG11: 419992.39 | BH11: 423382.93 | BI11: 426790.63 | BJ11: 11482216 | BK11: 5238410.8 | BL11: 437117.53 | BM11: 20340595 | BN11: 444089.53 | BO11: 447602.01 | BP11: 40900000 | BQ11: 346663.32 | BR11: 394447.2 | BS11: 445306.24 | BT11: 499438.34 | BU11: 557054.16 | BV11: 33622378 | BW11: 40683648 | BX11: 753118.88 | BY11: 5827060.5 | BZ11: 20905761 | CA11: 989525.6 | CB11: 8825599.3 | CC11: 1.1385e+08 | CD11: 862167.44 | CE11: 918487.97 | CF11: 8976883.3 | CG11: 1037429.8 | CH11: 1100206.8 | CI11: 81545515 | CJ11: 1232783.9 | CK11: 1302757.6 | CL11: 1.3906731e+08 | CM11: 69058533 | CN11: 1528528.3 | CO11: 13669397 | CP11: 3.203e+08
B13: Cost of Sales
B14: Geo-fencing Cost & Gross Sales Costs | D14: 0 | E14: 0 | F14: 0 | G14: 0 | H14: 0 | I14: 0 | J14: 0 | K14: 0 | L14: 0 | M14: 0 | N14: 0 | O14: 0 | P14: 0 | Q14: 0 | R14: 0 | S14: 0 | T14: 0 | U14: 0 | V14: 0 | W14: 0 | X14: 0 | Y14: 0 | Z14: 0 | AA14: 0 | AB14: 0 | AC14: 0 | AD14: 0 | AE14: 0 | AF14: 0 | AG14: 0 | AH14: 0 | AI14: 600 | AJ14: 600 | AK14: 600 | AL14: 900 | AM14: 900 | AN14: 900 | AO14: 1200 | AP14: 5700 | AQ14: 300 | AR14: 332.4359 | AS14: 368.37875 | AT14: 408.20774 | AU14: 452.34302 | AV14: 501.25019 | AW14: 52396.996 | AX14: 58062.141 | AY14: 64339.8 | AZ14: 71296.197 | BA14: 79004.717 | BB14: 87546.68 | BC14: 415009.15 | BD14: 87989.716 | BE14: 88434.993 | BF14: 88882.524 | BG14: 89332.319 | BH14: 89784.391 | BI14: 90238.75 | BJ14: 90695.409 | BK14: 91154.378 | BL14: 91615.671 | BM14: 92079.297 | BN14: 92545.27 | BO14: 93013.601 | BP14: 1085766.3 | BQ14: 98999.554 | BR14: 105370.74 | BS14: 112151.94 | BT14: 119369.56 | BU14: 127051.67 | BV14: 135228.16 | BW14: 143930.86 | BX14: 153193.63 | BY14: 163052.51 | BZ14: 173545.86 | CA14: 184714.52 | CB14: 196601.95 | CC14: 1713211 | CD14: 203844.55 | CE14: 211353.95 | CF14: 219139.99 | CG14: 227212.87 | CH14: 235583.13 | CI14: 244261.75 | CJ14: 253260.08 | CK14: 262589.9 | CL14: 272263.42 | CM14: 282293.3 | CN14: 292692.66 | CO14: 303475.13 | CP14: 3007970.7 | CQ14: 0.037946455
B15: Project Management and Development | D15: 0 | E15: 0 | F15: 0 | G15: 0 | H15: 0 | I15: 0 | J15: 0 | K15: 0 | L15: 0 | M15: 0 | N15: 0 | O15: 0 | P15: 0 | Q15: 0 | R15: 0 | S15: 0 | T15: 0 | U15: 0 | V15: 0 | W15: 0 | X15: 0 | Y15: 0 | Z15: 0 | AA15: 0 | AB15: 0 | AC15: 0 | AD15: 0 | AE15: 0 | AF15: 0 | AG15: 0 | AH15: 0 | AI15: 2920 | AJ15: 2920 | AK15: 2920 | AL15: 3880 | AM15: 3880 | AN15: 3880 | AO15: 4840 | AP15: 25240 | AQ15: 960 | AR15: 1063.7949 | AS15: 1178.812 | AT15: 1306.2648 | AU15: 1447.4977 | AV15: 1604.0006 | AW15: 1777.4246 | AX15: 1969.5991 | AY15: 2182.5515 | AZ15: 2418.5282 | BA15: 2680.0187 | BB15: 2969.7814 | BC15: 21558.273 | BD15: 2984.8101 | BE15: 2999.915 | BF15: 3015.0962 | BG15: 303030.35 | BH15: 203045.69 | BI15: 203061.1 | BJ15: 203076.59 | BK15: 203092.16 | BL15: 4403107.8 | BM15: 4003123.5 | BN15: 3139.3449 | BO15: 3155.2317 | BP15: 9536831.6 | BQ15: 3358.2888 | BR15: 3574.4137 | BS15: 3804.4475 | BT15: 204049.29 | BU15: 204309.88 | BV15: 504587.25 | BW15: 10504882 | BX15: 505196.67 | BY15: 505531.11 | BZ15: 12505887 | CA15: 2306265.9 | CB15: 356669.18 | CC15: 27608116 | CD15: 506914.87 | CE15: 607169.6 | CF15: 1607433.7 | CG15: 17707708 | CH15: 707991.51 | CI15: 10708286 | CJ15: 10708591 | CK15: 708907.64 | CL15: 10709236 | CM15: 10709576 | CN15: 10709929 | CO15: 10294.563 | CP15: 75402037 | CQ15: 0.95121936
B16: Ongoing Campaign Maintenance | D16: 0 | E16: 0 | F16: 0 | G16: 0 | H16: 0 | I16: 0 | J16: 0 | K16: 0 | L16: 0 | M16: 0 | N16: 0 | O16: 0 | P16: 0 | Q16: 0 | R16: 0 | S16: 0 | T16: 0 | U16: 0 | V16: 0 | W16: 0 | X16: 0 | Y16: 0 | Z16: 0 | AA16: 0 | AB16: 0 | AC16: 0 | AD16: 0 | AE16: 0 | AF16: 0 | AG16: 0 | AH16: 0 | AI16: 5760 | AJ16: 5760 | AK16: 5760 | AL16: 8640 | AM16: 8640 | AN16: 8640 | AO16: 71520 | AP16: 114720 | AQ16: 8080 | AR16: 8953.6068 | AS16: 9921.6677 | AT16: 10994.395 | AU16: 12183.105 | AV16: 13500.338 | AW16: 14959.99 | AX16: 16577.459 | AY16: 18369.809 | AZ16: 20355.946 | BA16: 22556.824 | BB16: 24995.66 | BC16: 181448.8 | BD16: 25122.152 | BE16: 25249.284 | BF16: 25377.06 | BG16: 25505.482 | BH16: 25634.554 | BI16: 25764.279 | BJ16: 25894.661 | BK16: 26025.702 | BL16: 26157.407 | BM16: 26289.778 | BN16: 26422.819 | BO16: 26556.533 | BP16: 309999.71 | BQ16: 28265.597 | BR16: 30084.649 | BS16: 32020.767 | BT16: 34081.485 | BU16: 36274.822 | BV16: 38609.312 | BW16: 41094.041 | BX16: 43738.676 | BY16: 46553.508 | BZ16: 49549.49 | CA16: 52738.281 | CB16: 56132.289 | CC16: 489142.92 | CD16: 58200.139 | CE16: 60344.167 | CF16: 62567.179 | CG16: 64872.083 | CH16: 67261.898 | CI16: 69739.751 | CJ16: 72308.885 | CK16: 74972.664 | CL16: 77734.573 | CM16: 80598.227 | CN16: 83567.375 | CO16: 86645.904 | CP16: 858812.85 | CQ16: 0.010834182
B17: Other COGS | D17: 0 | E17: 0 | F17: 0 | G17: 0 | H17: 0 | I17: 0 | J17: 0 | K17: 0 | L17: 0 | M17: 0 | N17: 0 | O17: 0 | P17: 0 | Q17: 0 | R17: 0 | S17: 0 | T17: 0 | U17: 0 | V17: 0 | W17: 0 | X17: 0 | Y17: 0 | Z17: 0 | AA17: 0 | AB17: 0 | AC17: 0 | AD17: 0 | AE17: 0 | AF17: 0 | AG17: 0 | AH17: 0 | AI17: 0 | AJ17: 0 | AK17: 0 | AL17: 0 | AM17: 0 | AN17: 0 | AO17: 0 | AP17: 0 | AQ17: 0 | AR17: 0 | AS17: 0 | AT17: 0 | AU17: 0 | AV17: 0 | AW17: 0 | AX17: 0 | AY17: 0 | AZ17: 0 | BA17: 0 | BB17: 0 | BC17: 0 | BD17: 0 | BE17: 0 | BF17: 0 | BG17: 0 | BH17: 0 | BI17: 0 | BJ17: 0 | BK17: 0 | BL17: 0 | BM17: 0 | BN17: 0 | BO17: 0 | BP17: 0 | BQ17: 0 | BR17: 0 | BS17: 0 | BT17: 0 | BU17: 0 | BV17: 0 | BW17: 0 | BX17: 0 | BY17: 0 | BZ17: 0 | CA17: 0 | CB17: 0 | CC17: 0 | CD17: 0 | CE17: 0 | CF17: 0 | CG17: 0 | CH17: 0 | CI17: 0 | CJ17: 0 | CK17: 0 | CL17: 0 | CM17: 0 | CN17: 0 | CO17: 0 | CP17: 0
B18: Total | D18: 0 | E18: 0 | F18: 0 | G18: 0 | H18: 0 | I18: 0 | J18: 0 | K18: 0 | L18: 0 | M18: 0 | N18: 0 | O18: 0 | P18: 0 | Q18: 0 | R18: 0 | S18: 0 | T18: 0 | U18: 0 | V18: 0 | W18: 0 | X18: 0 | Y18: 0 | Z18: 0 | AA18: 0 | AB18: 0 | AC18: 0 | AD18: 0 | AE18: 0 | AF18: 0 | AG18: 0 | AH18: 0 | AI18: 9280 | AJ18: 9280 | AK18: 9280 | AL18: 13420 | AM18: 13420 | AN18: 13420 | AO18: 77560 | AP18: 145660 | AQ18: 9340 | AR18: 10349.838 | AS18: 11468.858 | AT18: 12708.868 | AU18: 14082.946 | AV18: 15605.589 | AW18: 69134.411 | AX18: 76609.2 | AY18: 84892.16 | AZ18: 94070.671 | BA18: 104241.56 | BB18: 115512.12 | BC18: 618016.22 | BD18: 116096.68 | BE18: 116684.19 | BF18: 117274.68 | BG18: 417868.16 | BH18: 318464.63 | BI18: 319064.13 | BJ18: 319666.66 | BK18: 320272.24 | BL18: 4520880.9 | BM18: 4121492.6 | BN18: 122107.43 | BO18: 122725.37 | BP18: 10932598 | BQ18: 130623.44 | BR18: 139029.8 | BS18: 147977.16 | BT18: 357500.33 | BU18: 367636.37 | BV18: 678424.72 | BW18: 10689907 | BX18: 702128.98 | BY18: 715137.13 | BZ18: 12728982 | CA18: 2543718.7 | CB18: 609403.42 | CC18: 29810470 | CD18: 768959.55 | CE18: 878867.72 | CF18: 1889140.9 | CG18: 17999793 | CH18: 1010836.5 | CI18: 11022287 | CJ18: 11034160 | CK18: 1046470.2 | CL18: 11059234 | CM18: 11072468 | CN18: 11086189 | CO18: 400415.6 | CP18: 79268821
B20: Gross Profit | D20: 0 | E20: 0 | F20: 0 | G20: 0 | H20: 0 | I20: 0 | J20: 0 | K20: 0 | L20: 0 | M20: 0 | N20: 0 | O20: 0 | P20: 0 | Q20: 0 | R20: 0 | S20: 0 | T20: 0 | U20: 0 | V20: 0 | W20: 0 | X20: 0 | Y20: 0 | Z20: 0 | AA20: 0 | AB20: 0 | AC20: 0 | AD20: 0 | AE20: 0 | AF20: 0 | AG20: 0 | AH20: 0 | AI20: 19470 | AJ20: 19470 | AK20: 19470 | AL20: 15330 | AM20: 15330 | AN20: 40330 | AO20: -41010 | AP20: 88390 | AQ20: -9340 | AR20: -10349.838 | AS20: -11468.858 | AT20: -12708.868 | AU20: -14082.946 | AV20: -15605.589 | AW20: -69134.411 | AX20: 173390.86 | AY20: -84892.16 | AZ20: 474067.47 | BA20: 904960.49 | BB20: 1057147.6 | BC20: 2381983.8 | BD20: 293826.19 | BE20: 296578.26 | BF20: 299344.25 | BG20: 2124.2375 | BH20: 104918.3 | BI20: 107726.49 | BJ20: 11162549 | BK20: 4918138.6 | BL20: -4083763.4 | BM20: 16219102 | BN20: 321982.09 | BO20: 324876.64 | BP20: 29967403 | BQ20: 216039.88 | BR20: 255417.4 | BS20: 297329.08 | BT20: 141938.02 | BU20: 189417.79 | BV20: 32943953 | BW20: 29993741 | BX20: 50989.903 | BY20: 5111923.4 | BZ20: 8176778.2 | CA20: -1554193.1 | CB20: 8216195.9 | CC20: 84039530 | CD20: 93207.884 | CE20: 39620.25 | CF20: 7087742.4 | CG20: -16962363 | CH20: 89370.291 | CI20: 70523228 | CJ20: -9801376.2 | CK20: 256287.37 | CL20: 1.2800808e+08 | CM20: 57986065 | CN20: -9557660.5 | CO20: 13268981 | CP20: 2.4103118e+08
B21: Gross Margin | D21: 0 | E21: 0 | F21: 0 | G21: 0 | H21: 0 | I21: 0 | J21: 0 | K21: 0 | L21: 0 | M21: 0 | N21: 0 | O21: 0 | P21: 0 | Q21: 0 | R21: 0 | S21: 0 | T21: 0 | U21: 0 | V21: 0 | W21: 0 | X21: 0 | Y21: 0 | Z21: 0 | AA21: 0 | AB21: 0 | AC21: 0 | AD21: 0 | AE21: 0 | AF21: 0 | AG21: 0 | AH21: 0 | AI21: 0.67721739 | AJ21: 0.67721739 | AK21: 0.67721739 | AL21: 0.53321739 | AM21: 0.53321739 | AN21: 0.75032558 | AO21: -1.1220246 | AP21: 0.37765435 | AQ21: 0 | AR21: 0 | AS21: 0 | AT21: 0 | AU21: 0 | AV21: 0 | AW21: 0 | AX21: 0.69356327 | AY21: 0 | AZ21: 0.83442289 | BA21: 0.89670893 | BB21: 0.90149562 | BC21: 0.79399459 | BD21: 0.71678409 | BE21: 0.71765111 | BF21: 0.71850852 | BG21: 0.0050578 | BH21: 0.24780946 | BI21: 0.25241064 | BJ21: 0.97215984 | BK21: 0.9388608 | BL21: -9.3424836 | BM21: 0.797376 | BN21: 0.7250387 | BO21: 0.72581587 | BP21: 0.73269933 | BQ21: 0.62319798 | BR21: 0.64753255 | BS21: 0.66769575 | BT21: 0.28419527 | BU21: 0.34003478 | BV21: 0.97982223 | BW21: 0.73724315 | BX21: 0.067704985 | BY21: 0.87727309 | BZ21: 0.3911256 | CA21: -1.5706447 | CB21: 0.93095048 | CC21: 0.73816012 | CD21: 0.1081088 | CE21: 0.043136384 | CF21: 0.78955492 | CG21: -16.350371 | CH21: 0.081230446 | CI21: 0.8648327 | CJ21: -7.9506034 | CK21: 0.19672683 | CL21: 0.92047568 | CM21: 0.83966547 | CN21: -6.2528515 | CO21: 0.97070715 | CP21: 0.75251695
B23: Operating Expense: Marketing
B24: Marketing | D24: 0 | E24: 0 | F24: 0 | G24: 0 | H24: 0 | I24: 0 | J24: 0 | K24: 0 | L24: 0 | M24: 0 | N24: 0 | O24: 2938.99 | P24: 2938.99 | Q24: 0 | R24: 0 | S24: 0 | T24: 0 | U24: 0 | V24: 0 | W24: 0 | X24: 0 | Y24: 0 | Z24: 0 | AA24: 0 | AB24: 326.57 | AC24: 326.57 | AD24: 0 | AE24: 0 | AF24: 0 | AG24: 0 | AH24: 0 | AI24: 0 | AJ24: 0 | AK24: 0 | AL24: 0 | AM24: 0 | AN24: 0 | AO24: 0 | AP24: 0 | AQ24: 0 | AR24: 0 | AS24: 0 | AT24: 0 | AU24: 0 | AV24: 0 | AW24: 0 | AX24: 0 | AY24: 0 | AZ24: 0 | BA24: 0 | BB24: 0 | BC24: 0 | BD24: 0 | BE24: 0 | BF24: 0 | BG24: 0 | BH24: 0 | BI24: 0 | BJ24: 0 | BK24: 0 | BL24: 0 | BM24: 0 | BN24: 0 | BO24: 0 | BP24: 0 | BQ24: 0 | BR24: 0 | BS24: 0 | BT24: 0 | BU24: 0 | BV24: 0 | BW24: 0 | BX24: 0 | BY24: 0 | BZ24: 0 | CA24: 0 | CB24: 0 | CC24: 0 | CD24: 0 | CE24: 0 | CF24: 0 | CG24: 0 | CH24: 0 | CI24: 0 | CJ24: 0 | CK24: 0 | CL24: 0 | CM24: 0 | CN24: 0 | CO24: 0 | CP24: 0
B25: Total | D25: 0 | E25: 0 | F25: 0 | G25: 0 | H25: 0 | I25: 0 | J25: 0 | K25: 0 | L25: 0 | M25: 0 | N25: 0 | O25: 2938.99 | P25: 2938.99 | Q25: 0 | R25: 0 | S25: 0 | T25: 0 | U25: 0 | V25: 0 | W25: 0 | X25: 0 | Y25: 0 | Z25: 0 | AA25: 0 | AB25: 326.57 | AC25: 326.57 | AD25: 0 | AE25: 0 | AF25: 0 | AG25: 0 | AH25: 0 | AI25: 0 | AJ25: 0 | AK25: 0 | AL25: 0 | AM25: 0 | AN25: 0 | AO25: 0 | AP25: 0 | AQ25: 0 | AR25: 0 | AS25: 0 | AT25: 0 | AU25: 0 | AV25: 0 | AW25: 0 | AX25: 0 | AY25: 0 | AZ25: 0 | BA25: 0 | BB25: 0 | BC25: 0 | BD25: 0 | BE25: 0 | BF25: 0 | BG25: 0 | BH25: 0 | BI25: 0 | BJ25: 0 | BK25: 0 | BL25: 0 | BM25: 0 | BN25: 0 | BO25: 0 | BP25: 0 | BQ25: 0 | BR25: 0 | BS25: 0 | BT25: 0 | BU25: 0 | BV25: 0 | BW25: 0 | BX25: 0 | BY25: 0 | BZ25: 0 | CA25: 0 | CB25: 0 | CC25: 0 | CD25: 0 | CE25: 0 | CF25: 0 | CG25: 0 | CH25: 0 | CI25: 0 | CJ25: 0 | CK25: 0 | CL25: 0 | CM25: 0 | CN25: 0 | CO25: 0 | CP25: 0
B27: Operating Expense: General and Administrative
B28: Salaries | D28: 0 | E28: 0 | F28: 0 | G28: 0 | H28: 0 | I28: 0 | J28: 0 | K28: 0 | L28: 0 | M28: 0 | N28: 0 | O28: 0 | P28: 0 | Q28: 0 | R28: 0 | S28: 0 | T28: 0 | U28: 0 | V28: 0 | W28: 0 | X28: 0 | Y28: 0 | Z28: 0 | AA28: 0 | AB28: 0 | AC28: 0 | AD28: 0 | AE28: 0 | AF28: 0 | AG28: 0 | AH28: 0 | AI28: 0 | AJ28: 0 | AK28: 0 | AL28: 0 | AM28: 0 | AN28: 0 | AO28: 0 | AP28: 0 | AQ28: 0 | AR28: 0 | AS28: 0 | AT28: 0 | AU28: 0 | AV28: 0 | AW28: 0 | AX28: 2500 | AY28: 17500 | AZ28: 174165 | BA28: 199998 | BB28: 224998 | BC28: 619161 | BD28: 236247.9 | BE28: 236247.9 | BF28: 236247.9 | BG28: 236247.9 | BH28: 265122.9 | BI28: 316855.88 | BJ28: 832605.88 | BK28: 832605.88 | BL28: 832605.88 | BM28: 876355.88 | BN28: 876355.88 | BO28: 876355.88 | BP28: 6653855.7 | BQ28: 1145173.7 | BR28: 1145173.7 | BS28: 1145173.7 | BT28: 1145173.7 | BU28: 1145173.7 | BV28: 1145173.7 | BW28: 1145173.7 | BX28: 1145173.7 | BY28: 1145173.7 | BZ28: 1145173.7 | CA28: 1145173.7 | CB28: 1145173.7 | CC28: 13742084 | CD28: 2664932.4 | CE28: 2664932.4 | CF28: 2664932.4 | CG28: 2664932.4 | CH28: 2664932.4 | CI28: 2664932.4 | CJ28: 2664932.4 | CK28: 2664932.4 | CL28: 2664932.4 | CM28: 2664932.4 | CN28: 2664932.4 | CO28: 2664932.4 | CP28: 31979188
B29: Sales Comissions (% of sales) | D29: 0 | E29: 0 | F29: 0 | G29: 0 | H29: 0 | I29: 0 | J29: 0 | K29: 0 | L29: 0 | M29: 0 | N29: 0 | O29: 0 | P29: 0 | Q29: 0 | R29: 0 | S29: 0 | T29: 0 | U29: 0 | V29: 0 | W29: 0 | X29: 0 | Y29: 0 | Z29: 0 | AA29: 0 | AB29: 0 | AC29: 0 | AD29: 0 | AE29: 0 | AF29: 0 | AG29: 1437.5 | AH29: 1437.5 | AI29: 1437.5 | AJ29: 4312.5 | AK29: 4312.5 | AL29: 4312.5 | AM29: 5952.5 | AN29: 5952.5 | AO29: 5952.5 | AP29: 35107.5 | AQ29: 0 | AR29: 0 | AS29: 0 | AT29: 0 | AU29: 0 | AV29: 0 | AW29: 12500.003 | AX29: 12500.003 | AY29: 12500.003 | AZ29: 137500 | BA29: 137500 | BB29: 137500 | BC29: 450000 | BD29: 0 | BE29: 0 | BF29: 185970.64 | BG29: 0 | BH29: 0 | BI29: 190524.89 | BJ29: 0 | BK29: 0 | BL29: 2573661.6 | BM29: 0 | BN29: 0 | BO29: 3184842.9 | BP29: 6135000.1 | BQ29: 59320.838 | BR29: 59320.838 | BS29: 59320.838 | BT29: 1733943.5 | BU29: 1733943.5 | BV29: 1733943.5 | BW29: 2363191.4 | BX29: 2363191.4 | BY29: 2363191.4 | BZ29: 1536044.3 | CA29: 1536044.3 | CB29: 1536044.3 | CC29: 17077500 | CD29: 537876.94 | CE29: 537876.94 | CF29: 537876.94 | CG29: 4184157.6 | CH29: 4184157.6 | CI29: 4184157.6 | CJ29: 7080142.5 | CK29: 7080142.5 | CL29: 7080142.5 | CM29: 4212822.9 | CN29: 4212822.9 | CO29: 4212822.9 | CP29: 48045000
B30: Benefits | D30: 0 | E30: 0 | F30: 0 | G30: 0 | H30: 0 | I30: 0 | J30: 0 | K30: 0 | L30: 0 | M30: 0 | N30: 0 | O30: 0 | P30: 0 | Q30: 0 | R30: 0 | S30: 0 | T30: 0 | U30: 0 | V30: 0 | W30: 0 | X30: 0 | Y30: 0 | Z30: 0 | AA30: 0 | AB30: 0 | AC30: 0 | AD30: 0 | AE30: 0 | AF30: 0 | AG30: 0 | AH30: 0 | AI30: 0 | AJ30: 0 | AK30: 0 | AL30: 0 | AM30: 0 | AN30: 0 | AO30: 0 | AP30: 0 | AQ30: 0 | AR30: 0 | AS30: 0 | AT30: 0 | AU30: 0 | AV30: 0 | AW30: 0 | AX30: 2090 | AY30: 4180 | AZ30: 41800 | BA30: 48070 | BB30: 52250 | BC30: 148390 | BD30: 52250 | BE30: 52250 | BF30: 52250 | BG30: 52250 | BH30: 56430 | BI30: 62700 | BJ30: 64790 | BK30: 64790 | BL30: 64790 | BM30: 66880 | BN30: 66880 | BO30: 66880 | BP30: 723140 | BQ30: 66880 | BR30: 66880 | BS30: 66880 | BT30: 66880 | BU30: 66880 | BV30: 66880 | BW30: 66880 | BX30: 66880 | BY30: 66880 | BZ30: 66880 | CA30: 66880 | CB30: 66880 | CC30: 802560 | CD30: 66880 | CE30: 66880 | CF30: 66880 | CG30: 66880 | CH30: 66880 | CI30: 66880 | CJ30: 66880 | CK30: 66880 | CL30: 66880 | CM30: 66880 | CN30: 66880 | CO30: 66880 | CP30: 802560
B31: Payroll Taxes | D31: 0 | E31: 0 | F31: 0 | G31: 0 | H31: 0 | I31: 0 | J31: 0 | K31: 0 | L31: 0 | M31: 0 | N31: 0 | O31: 0 | P31: 0 | Q31: 0 | R31: 0 | S31: 0 | T31: 0 | U31: 0 | V31: 0 | W31: 0 | X31: 0 | Y31: 0 | Z31: 0 | AA31: 0 | AB31: 0 | AC31: 0 | AD31: 0 | AE31: 0 | AF31: 0 | AG31: 0 | AH31: 0 | AI31: 0 | AJ31: 0 | AK31: 0 | AL31: 0 | AM31: 0 | AN31: 0 | AO31: 0 | AP31: 0 | AQ31: 0 | AR31: 0 | AS31: 0 | AT31: 0 | AU31: 0 | AV31: 0 | AW31: 0 | AX31: 857.75 | AY31: 3834.25 | AZ31: 38200.967 | BA31: 43881.661 | BB31: 48987.161 | BC31: 135761.79 | BD31: 50894.019 | BE31: 50894.019 | BF31: 50894.019 | BG31: 50894.019 | BH31: 56656.332 | BI31: 66727.072 | BJ31: 154580.7 | BK31: 154580.7 | BL31: 154580.7 | BM31: 162430.32 | BN31: 162430.32 | BO31: 162430.32 | BP31: 1277992.5 | BQ31: 207994.94 | BR31: 207994.94 | BS31: 207994.94 | BT31: 207994.94 | BU31: 207994.94 | BV31: 207994.94 | BW31: 207994.94 | BX31: 207994.94 | BY31: 207994.94 | BZ31: 207994.94 | CA31: 207994.94 | CB31: 207994.94 | CC31: 2495939.3 | CD31: 465594.04 | CE31: 465594.04 | CF31: 465594.04 | CG31: 465594.04 | CH31: 465594.04 | CI31: 465594.04 | CJ31: 465594.04 | CK31: 465594.04 | CL31: 465594.04 | CM31: 465594.04 | CN31: 465594.04 | CO31: 465594.04 | CP31: 5587128.4
B32: Office Infrastructure | D32: 0 | E32: 0 | F32: 0 | G32: 0 | H32: 0 | I32: 0 | J32: 0 | K32: 0 | L32: 0 | M32: 0 | N32: 0 | O32: 17911.46 | P32: 17911.46 | Q32: 0 | R32: 0 | S32: 0 | T32: 0 | U32: 0 | V32: 0 | W32: 0 | X32: 0 | Y32: 0 | Z32: 0 | AA32: 0 | AB32: 13747.21 | AC32: 13747.21 | AD32: 0 | AE32: 0 | AF32: 0 | AG32: 0 | AH32: 0 | AI32: 0 | AJ32: 0 | AK32: 0 | AL32: 0 | AM32: 0 | AN32: 0 | AO32: 52440 | AP32: 52440 | AQ32: 0 | AR32: 0 | AS32: 0 | AT32: 0 | AU32: 0 | AV32: 0 | AW32: 0 | AX32: 1500 | AY32: 1500 | AZ32: 27000 | BA32: 4500 | BB32: 3000 | BC32: 37500 | BD32: 0 | BE32: 0 | BF32: 0 | BG32: 0 | BH32: 3000 | BI32: 4500 | BJ32: 1500 | BK32: 0 | BL32: 0 | BM32: 1500 | BN32: 0 | BO32: 0 | BP32: 10500 | BQ32: 0 | BR32: 0 | BS32: 0 | BT32: 0 | BU32: 0 | BV32: 0 | BW32: 0 | BX32: 0 | BY32: 0 | BZ32: 0 | CA32: 0 | CB32: -0.5 | CC32: -0.5 | CD32: -0.515 | CE32: -0.515 | CF32: -0.515 | CG32: -0.515 | CH32: -0.515 | CI32: -0.515 | CJ32: -0.515 | CK32: -0.515 | CL32: -0.515 | CM32: -0.515 | CN32: -0.515 | CO32: 5.485 | CP32: -0.18
B33: Professional Services | D33: 0 | E33: 0 | F33: 0 | G33: 0 | H33: 0 | I33: 0 | J33: 0 | K33: 0 | L33: 0 | M33: 0 | N33: 0 | O33: 112717.15 | P33: 112717.15 | Q33: 0 | R33: 0 | S33: 0 | T33: 0 | U33: 0 | V33: 0 | W33: 0 | X33: 0 | Y33: 0 | Z33: 0 | AA33: 0 | AB33: 38305.98 | AC33: 38305.98 | AD33: 0 | AE33: 0 | AF33: 0 | AG33: 0 | AH33: 0 | AI33: 0 | AJ33: 0 | AK33: 0 | AL33: 0 | AM33: 20000 | AN33: 74510.28 | AO33: 26391 | AP33: 120901.28 | AQ33: 8431.65 | AR33: 23431.65 | AS33: 23431.65 | AT33: 23431.65 | AU33: 23431.65 | AV33: 23431.65 | AW33: 23431.65 | AX33: 23431.65 | AY33: 23431.65 | AZ33: 23431.65 | BA33: 23431.65 | BB33: 23426.65 | BC33: 266174.8 | BD33: 63654.647 | BE33: 63654.647 | BF33: 63654.647 | BG33: 63654.647 | BH33: 63654.647 | BI33: 63654.647 | BJ33: 63654.647 | BK33: 63654.647 | BL33: 63654.647 | BM33: 63654.647 | BN33: 63654.647 | BO33: 63655.647 | BP33: 763856.77 | BQ33: 73203.995 | BR33: 73203.995 | BS33: 73203.995 | BT33: 73203.995 | BU33: 73203.995 | BV33: 73203.995 | BW33: 73203.995 | BX33: 73203.995 | BY33: 73203.995 | BZ33: 73203.995 | CA33: 73203.995 | CB33: 73188.995 | CC33: 878432.94 | CD33: 84167.344 | CE33: 84167.344 | CF33: 84167.344 | CG33: 84167.344 | CH33: 84167.344 | CI33: 84167.344 | CJ33: 84167.344 | CK33: 84167.344 | CL33: 84167.344 | CM33: 84167.344 | CN33: 84167.344 | CO33: 84353.344 | CP33: 1010194.1
B34: Travel | D34: 0 | E34: 0 | F34: 0 | G34: 0 | H34: 0 | I34: 0 | J34: 0 | K34: 0 | L34: 0 | M34: 0 | N34: 0 | O34: 24748.05 | P34: 24748.05 | Q34: 0 | R34: 0 | S34: 0 | T34: 0 | U34: 0 | V34: 0 | W34: 0 | X34: 0 | Y34: 0 | Z34: 0 | AA34: 0 | AB34: 37161.53 | AC34: 37161.53 | AD34: 37161.53 | AE34: 0 | AF34: 0 | AG34: 0 | AH34: 0 | AI34: 0 | AJ34: 0 | AK34: 0 | AL34: 0 | AM34: 0 | AN34: 0 | AO34: 0 | AP34: 37161.53 | AQ34: 0 | AR34: 0 | AS34: 0 | AT34: 0 | AU34: 0 | AV34: 0 | AW34: 0 | AX34: 0 | AY34: 0 | AZ34: 7650 | BA34: 8925 | BB34: 8925 | BC34: 25500 | BD34: 8925 | BE34: 8925 | BF34: 8925 | BG34: 8925 | BH34: 8925 | BI34: 8925 | BJ34: 8925 | BK34: 8925 | BL34: 8925 | BM34: 10200 | BN34: 10200 | BO34: 10200 | BP34: 110925 | BQ34: 20400 | BR34: 20400 | BS34: 20400 | BT34: 20400 | BU34: 20400 | BV34: 20400 | BW34: 20400 | BX34: 20400 | BY34: 20400 | BZ34: 20400 | CA34: 20400 | CB34: 20400 | CC34: 244800 | CD34: 40800 | CE34: 40800 | CF34: 40800 | CG34: 40800 | CH34: 40800 | CI34: 40800 | CJ34: 40800 | CK34: 40800 | CL34: 40800 | CM34: 40800 | CN34: 40800 | CO34: 40800 | CP34: 489600
B35: Telecommunications | D35: 0 | E35: 0 | F35: 0 | G35: 0 | H35: 0 | I35: 0 | J35: 0 | K35: 0 | L35: 0 | M35: 0 | N35: 0 | O35: 0 | P35: 0 | Q35: 0 | R35: 0 | S35: 0 | T35: 0 | U35: 0 | V35: 0 | W35: 0 | X35: 0 | Y35: 0 | Z35: 0 | AA35: 0 | AB35: 0 | AC35: 0 | AD35: 0 | AE35: 0 | AF35: 0 | AG35: 0 | AH35: 0 | AI35: 0 | AJ35: 0 | AK35: 0 | AL35: 0 | AM35: 0 | AN35: 0 | AO35: 0 | AP35: 0 | AQ35: 0 | AR35: 0 | AS35: 0 | AT35: 0 | AU35: 0 | AV35: 0 | AW35: 0 | AX35: 0 | AY35: 0 | AZ35: 49320 | BA35: 145800 | BB35: 291600 | BC35: 486720 | BD35: 4500 | BE35: 4500 | BF35: 4500 | BG35: 12500 | BH35: 12980 | BI35: 12500 | BJ35: 16500 | BK35: 16500 | BL35: 16500 | BM35: 16500 | BN35: 16500 | BO35: 16500 | BP35: 150480 | BQ35: 16500 | BR35: 78000 | BS35: 16500 | BT35: 16500 | BU35: 16500 | BV35: 16500 | BW35: 16500 | BX35: 16500 | BY35: 16500 | BZ35: 16500 | CA35: 16500 | CB35: 16500 | CC35: 259500 | CD35: 33000 | CE35: 127500 | CF35: 33000 | CG35: 127500 | CH35: 33000 | CI35: 33000 | CJ35: 33000 | CK35: 33000 | CL35: 33000 | CM35: 33000 | CN35: 33000 | CO35: 33000 | CP35: 585000
B37: Product Development Activities | D37: 0 | E37: 0 | F37: 0 | G37: 0 | H37: 0 | I37: 0 | J37: 0 | K37: 0 | L37: 0 | M37: 0 | N37: 0 | O37: 0 | P37: 0 | Q37: 0 | R37: 0 | S37: 0 | T37: 0 | U37: 0 | V37: 0 | W37: 0 | X37: 0 | Y37: 0 | Z37: 0 | AA37: 0 | AB37: 0 | AC37: 0 | AD37: 0 | AE37: 0 | AF37: 0 | AG37: 0 | AH37: 0 | AI37: 0 | AJ37: 0 | AK37: 0 | AL37: 0 | AM37: 0 | AN37: 0 | AO37: 0 | AP37: 0 | AQ37: 10000 | AR37: 10000 | AS37: 10000 | AT37: 10000 | AU37: 10000 | AV37: 10000 | AW37: 10000 | AX37: 10000 | AY37: 10000 | AZ37: 10000 | BA37: 10000 | BB37: 10000 | BC37: 120000 | BD37: 12500 | BE37: 12500 | BF37: 12500 | BG37: 12500 | BH37: 12500 | BI37: 12500 | BJ37: 12500 | BK37: 12500 | BL37: 12500 | BM37: 12500 | BN37: 12500 | BO37: 12500 | BP37: 150000 | BQ37: 85000 | BR37: 85000 | BS37: 85000 | BT37: 85000 | BU37: 85000 | BV37: 85000 | BW37: 85000 | BX37: 85000 | BY37: 85000 | BZ37: 85000 | CA37: 85000 | CB37: 85000 | CC37: 1020000 | CD37: 105000 | CE37: 105000 | CF37: 105000 | CG37: 105000 | CH37: 105000 | CI37: 105000 | CJ37: 105000 | CK37: 105000 | CL37: 105000 | CM37: 105000 | CN37: 105000 | CO37: 1605000 | CP37: 2760000
B38: Other expenses (specify) | P38: 0 | AC38: 0 | AP38: 0 | BC38: 0 | BP38: 0 | CC38: 0 | CP38: 0
B39: Total | D39: 0 | E39: 0 | F39: 0 | G39: 0 | H39: 0 | I39: 0 | J39: 0 | K39: 0 | L39: 0 | M39: 0 | N39: 0 | O39: 155376.66 | P39: 155376.66 | Q39: 0 | R39: 0 | S39: 0 | T39: 0 | U39: 0 | V39: 0 | W39: 0 | X39: 0 | Y39: 0 | Z39: 0 | AA39: 0 | AB39: 89214.72 | AC39: 89214.72 | AD39: 37161.53 | AE39: 0 | AF39: 0 | AG39: 1437.5 | AH39: 1437.5 | AI39: 1437.5 | AJ39: 4312.5 | AK39: 4312.5 | AL39: 4312.5 | AM39: 25952.5 | AN39: 80462.78 | AO39: 84783.5 | AP39: 245610.31 | AQ39: 18431.65 | AR39: 33431.65 | AS39: 33431.65 | AT39: 33431.65 | AU39: 33431.65 | AV39: 33431.65 | AW39: 45931.653 | AX39: 52879.403 | AY39: 72945.903 | AZ39: 509067.62 | BA39: 622106.31 | BB39: 800686.81 | BC39: 2289207.6 | BD39: 428971.57 | BE39: 428971.57 | BF39: 614942.2 | BG39: 436971.57 | BH39: 479268.88 | BI39: 738887.5 | BJ39: 1155056.2 | BK39: 1153556.2 | BL39: 3727217.8 | BM39: 1210020.9 | BN39: 1208520.9 | BO39: 4393364.8 | BP39: 15975750 | BQ39: 1674473.4 | BR39: 1735973.4 | BS39: 1674473.4 | BT39: 3349096.1 | BU39: 3349096.1 | BV39: 3349096.1 | BW39: 3978344 | BX39: 3978344 | BY39: 3978344 | BZ39: 3151196.9 | CA39: 3151196.9 | CB39: 3151181.4 | CC39: 36520816 | CD39: 3998250.2 | CE39: 4092750.2 | CF39: 3998250.2 | CG39: 7739030.8 | CH39: 7644530.8 | CI39: 7644530.8 | CJ39: 10540516 | CK39: 10540516 | CL39: 10540516 | CM39: 7673196.1 | CN39: 7673196.1 | CO39: 9173388.1 | CP39: 91258671
B41: Operating Expense: Other
B42: Dedicated Sales Support | O42: 0 | P42: 0 | Q42: 0 | AC42: 0 | AD42: 0 | AE42: 0 | AF42: 0 | AG42: 0 | AH42: 0 | AI42: 0 | AJ42: 0 | AK42: 0 | AL42: 0 | AM42: 0 | AN42: 0 | AO42: 0 | AP42: 0 | AQ42: 0 | AR42: 0 | AS42: 0 | AT42: 0 | AU42: 0 | AV42: 0 | AW42: 0 | AX42: 0 | AY42: 0 | AZ42: 0 | BA42: 0 | BB42: 0 | BC42: 0 | BD42: 0 | BE42: 0 | BF42: 0 | BG42: 0 | BH42: 0 | BI42: 0 | BJ42: 0 | BK42: 0 | BL42: 0 | BM42: 0 | BN42: 0 | BO42: 0 | BP42: 0 | BQ42: 0 | BR42: 0 | BS42: 0 | BT42: 0 | BU42: 0 | BV42: 0 | BW42: 0 | BX42: 0 | BY42: 0 | BZ42: 0 | CA42: 0 | CB42: 0 | CC42: 0 | CD42: 0 | CE42: 0 | CF42: 0 | CG42: 0 | CH42: 0 | CI42: 0 | CJ42: 0 | CK42: 0 | CL42: 0 | CM42: 0 | CN42: 0 | CO42: 0 | CP42: 0
B43: Total | D43: 0 | E43: 0 | F43: 0 | G43: 0 | H43: 0 | I43: 0 | J43: 0 | K43: 0 | L43: 0 | M43: 0 | N43: 0 | O43: 0 | P43: 0 | Q43: 0 | R43: 0 | S43: 0 | T43: 0 | U43: 0 | V43: 0 | W43: 0 | X43: 0 | Y43: 0 | Z43: 0 | AA43: 0 | AB43: 0 | AC43: 0 | AD43: 0 | AE43: 0 | AF43: 0 | AG43: 0 | AH43: 0 | AI43: 0 | AJ43: 0 | AK43: 0 | AL43: 0 | AM43: 0 | AN43: 0 | AO43: 0 | AP43: 0 | AQ43: 0 | AR43: 0 | AS43: 0 | AT43: 0 | AU43: 0 | AV43: 0 | AW43: 0 | AX43: 0 | AY43: 0 | AZ43: 0 | BA43: 0 | BB43: 0 | BC43: 0 | BD43: 0 | BE43: 0 | BF43: 0 | BG43: 0 | BH43: 0 | BI43: 0 | BJ43: 0 | BK43: 0 | BL43: 0 | BM43: 0 | BN43: 0 | BO43: 0 | BP43: 0 | BQ43: 0 | BR43: 0 | BS43: 0 | BT43: 0 | BU43: 0 | BV43: 0 | BW43: 0 | BX43: 0 | BY43: 0 | BZ43: 0 | CA43: 0 | CB43: 0 | CC43: 0 | CD43: 0 | CE43: 0 | CF43: 0 | CG43: 0 | CH43: 0 | CI43: 0 | CJ43: 0 | CK43: 0 | CL43: 0 | CM43: 0 | CN43: 0 | CO43: 0 | CP43: 0
B45: Total Operating Expenses | D45: 0 | E45: 0 | F45: 0 | G45: 0 | H45: 0 | I45: 0 | J45: 0 | K45: 0 | L45: 0 | M45: 0 | N45: 0 | O45: 158315.65 | P45: 158315.65 | Q45: 0 | R45: 0 | S45: 0 | T45: 0 | U45: 0 | V45: 0 | W45: 0 | X45: 0 | Y45: 0 | Z45: 0 | AA45: 0 | AB45: 89541.29 | AC45: 89541.29 | AD45: 37161.53 | AE45: 0 | AF45: 0 | AG45: 1437.5 | AH45: 1437.5 | AI45: 1437.5 | AJ45: 4312.5 | AK45: 4312.5 | AL45: 4312.5 | AM45: 25952.5 | AN45: 80462.78 | AO45: 84783.5 | AP45: 245610.31 | AQ45: 18431.65 | AR45: 33431.65 | AS45: 33431.65 | AT45: 33431.65 | AU45: 33431.65 | AV45: 33431.65 | AW45: 45931.653 | AX45: 52879.403 | AY45: 72945.903 | AZ45: 509067.62 | BA45: 622106.31 | BB45: 800686.81 | BC45: 2289207.6 | BD45: 428971.57 | BE45: 428971.57 | BF45: 614942.2 | BG45: 436971.57 | BH45: 479268.88 | BI45: 738887.5 | BJ45: 1155056.2 | BK45: 1153556.2 | BL45: 3727217.8 | BM45: 1210020.9 | BN45: 1208520.9 | BO45: 4393364.8 | BP45: 15975750 | BQ45: 1674473.4 | BR45: 1735973.4 | BS45: 1674473.4 | BT45: 3349096.1 | BU45: 3349096.1 | BV45: 3349096.1 | BW45: 3978344 | BX45: 3978344 | BY45: 3978344 | BZ45: 3151196.9 | CA45: 3151196.9 | CB45: 3151181.4 | CC45: 36520816 | CD45: 3998250.2 | CE45: 4092750.2 | CF45: 3998250.2 | CG45: 7739030.8 | CH45: 7644530.8 | CI45: 7644530.8 | CJ45: 10540516 | CK45: 10540516 | CL45: 10540516 | CM45: 7673196.1 | CN45: 7673196.1 | CO45: 9173388.1 | CP45: 91258671
B46: Income from Operations | D46: 0 | E46: 0 | F46: 0 | G46: 0 | H46: 0 | I46: 0 | J46: 0 | K46: 0 | L46: 0 | M46: 0 | N46: 0 | O46: -158315.65 | P46: -158315.65 | Q46: 0 | R46: 0 | S46: 0 | T46: 0 | U46: 0 | V46: 0 | W46: 0 | X46: 0 | Y46: 0 | Z46: 0 | AA46: 0 | AB46: -89541.29 | AC46: -89541.29 | AD46: -37161.53 | AE46: 0 | AF46: 0 | AG46: -1437.5 | AH46: -1437.5 | AI46: 18032.5 | AJ46: 15157.5 | AK46: 15157.5 | AL46: 11017.5 | AM46: -10622.5 | AN46: -40132.78 | AO46: -125793.5 | AP46: -157220.31 | AQ46: -27771.65 | AR46: -43781.488 | AS46: -44900.508 | AT46: -46140.518 | AU46: -47514.596 | AV46: -49037.239 | AW46: -115066.06 | AX46: 120511.46 | AY46: -157838.06 | AZ46: -35000.142 | BA46: 282854.18 | BB46: 256460.84 | BC46: 92776.205 | BD46: -135145.38 | BE46: -132393.31 | BF46: -315597.96 | BG46: -434847.33 | BH46: -374350.58 | BI46: -631161 | BJ46: 10007493 | BK46: 3764582.4 | BL46: -7810981.2 | BM46: 15009081 | BN46: -886538.76 | BO46: -4068488.2 | BP46: 13991653 | BQ46: -1458433.6 | BR46: -1480556 | BS46: -1377144.4 | BT46: -3207158.1 | BU46: -3159678.3 | BV46: 29594857 | BW46: 26015397 | BX46: -3927354.1 | BY46: 1133579.4 | BZ46: 5025581.3 | CA46: -4705390 | CB46: 5065014.5 | CC46: 47518714 | CD46: -3905042.3 | CE46: -4053129.9 | CF46: 3089492.2 | CG46: -24701394 | CH46: -7555160.5 | CI46: 62878697 | CJ46: -20341892 | CK46: -10284228 | CL46: 1.1746756e+08 | CM46: 50312869 | CN46: -17230857 | CO46: 4095593.1 | CP46: 1.4977251e+08
B48: Taxes
B49: Tax Loss Carry Forward | D49: 0 | E49: 0 | F49: 0 | G49: 0 | H49: 0 | I49: 0 | J49: 0 | K49: 0 | L49: 0 | M49: 0 | N49: 0 | O49: 158315.65 | P49: 158315.65 | Q49: 158315.65 | R49: 158315.65 | S49: 158315.65 | T49: 158315.65 | U49: 158315.65 | V49: 158315.65 | W49: 158315.65 | X49: 158315.65 | Y49: 158315.65 | Z49: 158315.65 | AA49: 158315.65 | AB49: 247856.94 | AC49: 247856.94 | AD49: 285018.47 | AE49: 285018.47 | AF49: 285018.47 | AG49: 286455.97 | AH49: 287893.47 | AI49: 269860.97 | AJ49: 254703.47 | AK49: 239545.97 | AL49: 228528.47 | AM49: 239150.97 | AN49: 279283.75 | AO49: 650291.25 | AP49: 405077.25 | AQ49: 432848.9 | AR49: 476630.39 | AS49: 521530.9 | AT49: 567671.41 | AU49: 615186.01 | AV49: 664223.25 | AW49: 779289.31 | AX49: 658777.86 | AY49: 816615.92 | AZ49: 851616.06 | BA49: 568761.88 | BB49: 557515.05 | BC49: 312301.05 | BD49: 447446.42 | BE49: 579839.73 | BF49: 895437.69 | BG49: 1330285 | BH49: 1704635.6 | BI49: 2335796.6 | BJ49: 0 | BK49: 0 | BL49: 7810981.2 | BM49: 0 | BN49: 886538.76 | BO49: 4955026.9 | BP49: -4642725.9 | BQ49: -3184292.3 | BR49: -1703736.3 | BS49: -326591.88 | BT49: 2880566.2 | BU49: 6040244.6 | BV49: 0 | BW49: 0 | BX49: 3927354.1 | BY49: 2793774.7 | BZ49: 0 | CA49: 4705390 | CB49: 0 | CC49: -52161440 | CD49: -48256398 | CE49: -44203268 | CF49: -44203268 | CG49: -19501875 | CH49: -11946714 | CI49: -11946714 | CJ49: 8395177.9 | CK49: 18679406 | CL49: 0 | CM49: 0 | CN49: 17230857 | CO49: 13135264 | CP49: 13135264
B50: Add to Tax Loss Carry Forward | D50: 0 | E50: 0 | F50: 0 | G50: 0 | H50: 0 | I50: 0 | J50: 0 | K50: 0 | L50: 0 | M50: 0 | N50: 0 | O50: 158315.65 | P50: 158315.65 | Q50: 0 | R50: 0 | S50: 0 | T50: 0 | U50: 0 | V50: 0 | W50: 0 | X50: 0 | Y50: 0 | Z50: 0 | AA50: 0 | AB50: 89541.29 | AC50: 89541.29 | AD50: 37161.53 | AE50: 0 | AF50: 0 | AG50: 1437.5 | AH50: 1437.5 | AI50: -18032.5 | AJ50: -15157.5 | AK50: -15157.5 | AL50: -11017.5 | AM50: 10622.5 | AN50: 40132.78 | AO50: 125793.5 | AP50: 157220.31 | AQ50: 27771.65 | AR50: 43781.488 | AS50: 44900.508 | AT50: 46140.518 | AU50: 47514.596 | AV50: 49037.239 | AW50: 115066.06 | AX50: -120511.46 | AY50: 157838.06 | AZ50: 35000.142 | BA50: -282854.18 | BB50: -256460.84 | BC50: -92776.205 | BD50: 135145.38 | BE50: 132393.31 | BF50: 315597.96 | BG50: 434847.33 | BH50: 374350.58 | BI50: 631161 | BJ50: -2335796.6 | BK50: 0 | BL50: 7810981.2 | BM50: -7810981.2 | BN50: 886538.76 | BO50: 4068488.2 | BP50: -4955026.9 | BQ50: 1458433.6 | BR50: 1480556 | BS50: 1377144.4 | BT50: 3207158.1 | BU50: 3159678.3 | BV50: -6040244.6 | BW50: 0 | BX50: 3927354.1 | BY50: -1133579.4 | BZ50: -2793774.7 | CA50: 4705390 | CB50: -4705390 | CC50: 4642725.9 | CD50: 3905042.3 | CE50: 4053129.9 | CF50: 0 | CG50: 24701394 | CH50: 7555160.5 | CI50: 0 | CJ50: 20341892 | CK50: 10284228 | CL50: -18679406 | CM50: 0 | CN50: 17230857 | CO50: -4095593.1 | CP50: 65296704
B51: Taxable Income | D51: 0 | E51: 0 | F51: 0 | G51: 0 | H51: 0 | I51: 0 | J51: 0 | K51: 0 | L51: 0 | M51: 0 | N51: 0 | O51: 0 | P51: 0 | Q51: 0 | R51: 0 | S51: 0 | T51: 0 | U51: 0 | V51: 0 | W51: 0 | X51: 0 | Y51: 0 | Z51: 0 | AA51: 0 | AB51: 0 | AC51: 0 | AD51: 0 | AE51: 0 | AF51: 0 | AG51: 0 | AH51: 0 | AI51: 0 | AJ51: 0 | AK51: 0 | AL51: 0 | AM51: 0 | AN51: 0 | AO51: 0 | AP51: 0 | AQ51: 0 | AR51: 0 | AS51: 0 | AT51: 0 | AU51: 0 | AV51: 0 | AW51: 0 | AX51: 0 | AY51: 0 | AZ51: 0 | BA51: 0 | BB51: 0 | BC51: 0 | BD51: 0 | BE51: 0 | BF51: 0 | BG51: 0 | BH51: 0 | BI51: 0 | BJ51: 7671696.1 | BK51: 3764582.4 | BL51: 0 | BM51: 7198100.1 | BN51: 0 | BO51: 0 | BP51: 9036625.7 | BQ51: 0 | BR51: 0 | BS51: 0 | BT51: 0 | BU51: 0 | BV51: 23554612 | BW51: 26015397 | BX51: 0 | BY51: 0 | BZ51: 2231806.6 | CA51: 0 | CB51: 359624.46 | CC51: 52161440 | CD51: 0 | CE51: 0 | CF51: 3089492.2 | CG51: 0 | CH51: 0 | CI51: 62878697 | CJ51: 0 | CK51: 0 | CL51: 98788153 | CM51: 50312869 | CN51: 0 | CO51: 0 | CP51: 2.1506921e+08
B52: Federal Income Taxes (21%) | D52: 0 | E52: 0 | F52: 0 | G52: 0 | H52: 0 | I52: 0 | J52: 0 | K52: 0 | L52: 0 | M52: 0 | N52: 0 | O52: 0 | P52: 0 | Q52: 0 | R52: 0 | S52: 0 | T52: 0 | U52: 0 | V52: 0 | W52: 0 | X52: 0 | Y52: 0 | Z52: 0 | AA52: 0 | AB52: 0 | AC52: 0 | AD52: 0 | AE52: 0 | AF52: 0 | AG52: 0 | AH52: 0 | AI52: 0 | AJ52: 0 | AK52: 0 | AL52: 0 | AM52: 0 | AN52: 0 | AO52: 0 | AP52: 0 | AQ52: 0 | AR52: 0 | AS52: 0 | AT52: 0 | AU52: 0 | AV52: 0 | AW52: 0 | AX52: 0 | AY52: 0 | AZ52: 0 | BA52: 0 | BB52: 0 | BC52: 0 | BD52: 0 | BE52: 0 | BF52: 0 | BG52: 0 | BH52: 0 | BI52: 0 | BJ52: 1611056.2 | BK52: 790562.3 | BL52: 0 | BM52: 1511601 | BN52: 0 | BO52: 0 | BP52: 1897691.4 | BQ52: 0 | BR52: 0 | BS52: 0 | BT52: 0 | BU52: 0 | BV52: 4946468.6 | BW52: 5463233.3 | BX52: 0 | BY52: 0 | BZ52: 468679.39 | CA52: 0 | CB52: 75521.137 | CC52: 10953902 | CD52: 0 | CE52: 0 | CF52: 648793.37 | CG52: 0 | CH52: 0 | CI52: 13204526 | CJ52: 0 | CK52: 0 | CL52: 20745512 | CM52: 10565703 | CN52: 0 | CO52: 0 | CP52: 45164535
B53: State Income Taxes (7%) | D53: 0 | E53: 0 | F53: 0 | G53: 0 | H53: 0 | I53: 0 | J53: 0 | K53: 0 | L53: 0 | M53: 0 | N53: 0 | O53: 0 | P53: 0 | Q53: 0 | R53: 0 | S53: 0 | T53: 0 | U53: 0 | V53: 0 | W53: 0 | X53: 0 | Y53: 0 | Z53: 0 | AA53: 0 | AB53: 0 | AC53: 0 | AD53: 0 | AE53: 0 | AF53: 0 | AG53: 0 | AH53: 0 | AI53: 0 | AJ53: 0 | AK53: 0 | AL53: 0 | AM53: 0 | AN53: 0 | AO53: 0 | AP53: 0 | AQ53: 0 | AR53: 0 | AS53: 0 | AT53: 0 | AU53: 0 | AV53: 0 | AW53: 0 | AX53: 0 | AY53: 0 | AZ53: 0 | BA53: 0 | BB53: 0 | BC53: 0 | BD53: 0 | BE53: 0 | BF53: 0 | BG53: 0 | BH53: 0 | BI53: 0 | BJ53: 537018.73 | BK53: 263520.77 | BL53: 0 | BM53: 503867.01 | BN53: 0 | BO53: 0 | BP53: 632563.8 | BQ53: 0 | BR53: 0 | BS53: 0 | BT53: 0 | BU53: 0 | BV53: 1648822.9 | BW53: 1821077.8 | BX53: 0 | BY53: 0 | BZ53: 156226.46 | CA53: 0 | CB53: 25173.712 | CC53: 3651300.8 | CD53: 0 | CE53: 0 | CF53: 216264.46 | CG53: 0 | CH53: 0 | CI53: 4401508.8 | CJ53: 0 | CK53: 0 | CL53: 6915170.7 | CM53: 3521900.9 | CN53: 0 | CO53: 0 | CP53: 15054845
B54: Total | D54: 0 | E54: 0 | F54: 0 | G54: 0 | H54: 0 | I54: 0 | J54: 0 | K54: 0 | L54: 0 | M54: 0 | N54: 0 | O54: 0 | P54: 0 | Q54: 0 | R54: 0 | S54: 0 | T54: 0 | U54: 0 | V54: 0 | W54: 0 | X54: 0 | Y54: 0 | Z54: 0 | AA54: 0 | AB54: 0 | AC54: 0 | AD54: 0 | AE54: 0 | AF54: 0 | AG54: 0 | AH54: 0 | AI54: 0 | AJ54: 0 | AK54: 0 | AL54: 0 | AM54: 0 | AN54: 0 | AO54: 0 | AP54: 0 | AQ54: 0 | AR54: 0 | AS54: 0 | AT54: 0 | AU54: 0 | AV54: 0 | AW54: 0 | AX54: 0 | AY54: 0 | AZ54: 0 | BA54: 0 | BB54: 0 | BC54: 0 | BD54: 0 | BE54: 0 | BF54: 0 | BG54: 0 | BH54: 0 | BI54: 0 | BJ54: 2148074.9 | BK54: 1054083.1 | BL54: 0 | BM54: 2015468 | BN54: 0 | BO54: 0 | BP54: 2530255.2 | BQ54: 0 | BR54: 0 | BS54: 0 | BT54: 0 | BU54: 0 | BV54: 6595291.5 | BW54: 7284311.1 | BX54: 0 | BY54: 0 | BZ54: 624905.85 | CA54: 0 | CB54: 100694.85 | CC54: 14605203 | CD54: 0 | CE54: 0 | CF54: 865057.83 | CG54: 0 | CH54: 0 | CI54: 17606035 | CJ54: 0 | CK54: 0 | CL54: 27660683 | CM54: 14087603 | CN54: 0 | CO54: 0 | CP54: 60219379
B57: EBITDA | D57: 0 | E57: 0 | F57: 0 | G57: 0 | H57: 0 | I57: 0 | J57: 0 | K57: 0 | L57: 0 | M57: 0 | N57: 0 | O57: -158315.65 | P57: -158315.65 | Q57: 0 | R57: 0 | S57: 0 | T57: 0 | U57: 0 | V57: 0 | W57: 0 | X57: 0 | Y57: 0 | Z57: 0 | AA57: 0 | AB57: -86961.05 | AC57: -86961.05 | AD57: -20885.53 | AE57: 0 | AF57: 0 | AG57: -1437.5 | AH57: -1437.5 | AI57: 18032.5 | AJ57: 15157.5 | AK57: 15157.5 | AL57: 11017.5 | AM57: -10622.5 | AN57: -40132.78 | AO57: -125793.5 | AP57: -140944.31 | AQ57: -25559.233 | AR57: -41569.071 | AS57: -42688.092 | AT57: -43928.101 | AU57: -45302.179 | AV57: -46824.823 | AW57: -112853.65 | AX57: 122723.87 | AY57: -155625.65 | AZ57: -32787.726 | BA57: 285066.59 | BB57: 258673.26 | BC57: 119325.2 | BD57: -132263.63 | BE57: -129511.56 | BF57: -312716.21 | BG57: -431965.58 | BH57: -371468.83 | BI57: -628279.25 | BJ57: 10010374 | BK57: 3767464.1 | BL57: -7808099.4 | BM57: 15011963 | BN57: -883657.01 | BO57: -4065606.4 | BP57: 14026234 | BQ57: -1292444.8 | BR57: -1480556 | BS57: -1377144.4 | BT57: -3207158.1 | BU57: -3159678.3 | BV57: 29594857 | BW57: 26015397 | BX57: -3927354.1 | BY57: 1133579.4 | BZ57: 5025581.3 | CA57: -4705390 | CB57: 5065014.5 | CC57: 47684703 | CD57: -3705855.7 | CE57: -4053129.9 | CF57: 3089492.2 | CG57: -24701394 | CH57: -7555160.5 | CI57: 62878697 | CJ57: -20341892 | CK57: -10284228 | CL57: 1.1746756e+08 | CM57: 50312869 | CN57: -17230857 | CO57: 4095593.1 | CP57: 1.4997169e+08
B58: Depreciation | D58: 0 | E58: 0 | F58: 0 | G58: 0 | H58: 0 | I58: 0 | J58: 0 | K58: 0 | L58: 0 | M58: 0 | N58: 0 | P58: 0 | Q58: 0 | AB58: 2580.24 | AC58: 2580.24 | AD58: 16276 | AE58: 0 | AF58: 0 | AG58: 0 | AH58: 0 | AI58: 0 | AJ58: 0 | AK58: 0 | AL58: 0 | AM58: 0 | AN58: 0 | AO58: 0 | AP58: 16276 | AQ58: 2212.4167 | AR58: 2212.4167 | AS58: 2212.4167 | AT58: 2212.4167 | AU58: 2212.4167 | AV58: 2212.4167 | AW58: 2212.4167 | AX58: 2212.4167 | AY58: 2212.4167 | AZ58: 2212.4167 | BA58: 2212.4167 | BB58: 2212.4167 | BC58: 26549 | BD58: 2881.75 | BE58: 2881.75 | BF58: 2881.75 | BG58: 2881.75 | BH58: 2881.75 | BI58: 2881.75 | BJ58: 2881.75 | BK58: 2881.75 | BL58: 2881.75 | BM58: 2881.75 | BN58: 2881.75 | BO58: 2881.75 | BP58: 34581 | BQ58: 165988.8 | CC58: 165988.8 | CD58: 199186.56 | CP58: 199186.56
B59: Amortization | D59: 0 | E59: 0 | F59: 0 | G59: 0 | H59: 0 | I59: 0 | J59: 0 | K59: 0 | L59: 0 | M59: 0 | N59: 0 | O59: 0 | P59: 0 | Q59: 0 | R59: 0 | S59: 0 | T59: 0 | U59: 0 | V59: 0 | W59: 0 | X59: 0 | Y59: 0 | Z59: 0 | AA59: 0 | AB59: 0 | AC59: 0 | AD59: 0 | AE59: 0 | AF59: 0 | AG59: 0 | AH59: 0 | AI59: 0 | AJ59: 0 | AK59: 0 | AL59: 0 | AM59: 0 | AN59: 0 | AO59: 0 | AP59: 0 | AQ59: 0 | AR59: 0 | AS59: 0 | AT59: 0 | AU59: 0 | AV59: 0 | AW59: 0 | AX59: 0 | AY59: 0 | AZ59: 0 | BA59: 0 | BB59: 0 | BC59: 0 | BD59: 0 | BE59: 0 | BF59: 0 | BG59: 0 | BH59: 0 | BI59: 0 | BJ59: 0 | BK59: 0 | BL59: 0 | BM59: 0 | BN59: 0 | BO59: 0 | BP59: 0 | BQ59: 0 | BR59: 0 | BS59: 0 | BT59: 0 | BU59: 0 | BV59: 0 | BW59: 0 | BX59: 0 | BY59: 0 | BZ59: 0 | CA59: 0 | CB59: 0 | CC59: 0 | CD59: 0 | CE59: 0 | CF59: 0 | CG59: 0 | CH59: 0 | CI59: 0 | CJ59: 0 | CK59: 0 | CL59: 0 | CM59: 0 | CN59: 0 | CO59: 0 | CP59: 0
B60: Net Profit | C60: 0 | D60: 0 | E60: 0 | F60: 0 | G60: 0 | H60: 0 | I60: 0 | J60: 0 | K60: 0 | L60: 0 | M60: 0 | N60: 0 | O60: -158315.65 | P60: -158315.65 | Q60: 0 | R60: 0 | S60: 0 | T60: 0 | U60: 0 | V60: 0 | W60: 0 | X60: 0 | Y60: 0 | Z60: 0 | AA60: 0 | AB60: -92121.53 | AC60: -92121.53 | AD60: -53437.53 | AE60: 0 | AF60: 0 | AG60: -1437.5 | AH60: -1437.5 | AI60: 18032.5 | AJ60: 15157.5 | AK60: 15157.5 | AL60: 11017.5 | AM60: -10622.5 | AN60: -40132.78 | AO60: -125793.5 | AP60: -173496.31 | AQ60: -29984.067 | AR60: -45993.904 | AS60: -47112.925 | AT60: -48352.934 | AU60: -49727.013 | AV60: -51249.656 | AW60: -117278.48 | AX60: 118299.04 | AY60: -160050.48 | AZ60: -37212.559 | BA60: 280641.76 | BB60: 254248.42 | BC60: 66227.205 | BD60: -138027.13 | BE60: -135275.06 | BF60: -318479.71 | BG60: -437729.08 | BH60: -377232.33 | BI60: -634042.75 | BJ60: 7856536 | BK60: 2707617.6 | BL60: -7813862.9 | BM60: 12990731 | BN60: -889420.51 | BO60: -4071369.9 | BP60: 11426816 | BQ60: -1624422.4 | BR60: -1480556 | BS60: -1377144.4 | BT60: -3207158.1 | BU60: -3159678.3 | BV60: 22999566 | BW60: 18731086 | BX60: -3927354.1 | BY60: 1133579.4 | BZ60: 4400675.5 | CA60: -4705390 | CB60: 4964319.6 | CC60: 32747522 | CD60: -4104228.8 | CE60: -4053129.9 | CF60: 2224434.4 | CG60: -24701394 | CH60: -7555160.5 | CI60: 45272662 | CJ60: -20341892 | CK60: -10284228 | CL60: 89806877 | CM60: 36225266 | CN60: -17230857 | CO60: 4095593.1 | CP60: 89353942
B61: Return on Sales | D61: 0 | E61: 0 | F61: 0 | G61: 0 | H61: 0 | I61: 0 | J61: 0 | K61: 0 | L61: 0 | M61: 0 | N61: 0 | O61: 0 | P61: 0 | Q61: 0 | R61: 0 | S61: 0 | T61: 0 | U61: 0 | V61: 0 | W61: 0 | X61: 0 | Y61: 0 | Z61: 0 | AA61: 0 | AB61: 0 | AC61: 0 | AD61: 0 | AE61: 0 | AF61: 0 | AG61: 0 | AH61: 0 | AI61: 0.62721739 | AJ61: 0.52721739 | AK61: 0.52721739 | AL61: 0.38321739 | AM61: -0.36947826 | AN61: -0.74665637 | AO61: -3.4416826 | AP61: -0.74127883 | AQ61: 0 | AR61: 0 | AS61: 0 | AT61: 0 | AU61: 0 | AV61: 0 | AW61: 0 | AX61: 0.47319605 | AY61: 0 | AZ61: -0.065499138 | BA61: 0.27808283 | BB61: 0.21681346 | BC61: 0.022075735 | BD61: -0.33671488 | BE61: -0.32733451 | BF61: -0.76443888 | BG61: -1.042231 | BH61: -0.89099561 | BI61: -1.4856061 | BJ61: 0.6842352 | BK61: 0.51687766 | BL61: -17.875886 | BM61: 0.63866036 | BN61: -2.0027955 | BO61: -9.0959599 | BP61: 0.27938426 | BQ61: -4.6858789 | BR61: -3.7534962 | BS61: -3.0925782 | BT61: -6.4215296 | BU61: -5.6721206 | BV61: 0.68405529 | BW61: 0.46040821 | BX61: -5.2147864 | BY61: 0.19453709 | BZ61: 0.21050062 | CA61: -4.7551979 | CB61: 0.56249094 | CC61: 0.28763744 | CD61: -4.7603617 | CE61: -4.4128285 | CF61: 0.24779585 | CG61: -23.810182 | CH61: -6.8670365 | CI61: 0.55518273 | CJ61: -16.500776 | CK61: -7.8941996 | CL61: 0.64577993 | CM61: 0.52455887 | CN61: -11.272841 | CO61: 0.29961769 | CP61: 0.27896954
B63: Licensing
B64: EBITDA plus licensing

Sheet Income Statement Act
B2: Income Statement Actuals
D3: Month 1 | E3: Month 2 | F3: Month 3 | G3: Month 4 | H3: Month 5 | I3: Month 6 | J3: Month 7 | K3: Month 8 | L3: Month 9 | M3: Month 10 | N3: Month 11 | O3: Month 12 | P3: 2016 | Q3: Month 1 | R3: Month 2 | S3: Month 3 | T3: Month 4 | U3: Month 5 | V3: Month 6 | W3: Month 7 | X3: Month 8 | Y3: Month 9 | Z3: Month 10 | AA3: Month 11 | AB3: Month 12 | AC3: 2017 | AD3: Month 1 | AE3: Month 2 | AF3: Month 3 | AG3: Month 4 | AH3: Month 5 | AI3: Month 6 | AJ3: Month 7 | AK3: Month 8 | AL3: Month 9 | AM3: Month 10 | AN3: Month 11 | AO3: Month 12 | AP3: 2018 | AQ3: Month 1 | AR3: Month 2 | AS3: Month 3 | AT3: Month 4 | AU3: Month 5 | AV3: Month 6 | AW3: Month 7 | AX3: Month 8 | AY3: Month 9 | AZ3: Month 10 | BA3: Month 11 | BB3: Month 12 | BC3: 2019 | BD3: Month 1 | BE3: Month 2 | BF3: Month 3 | BG3: Month 4 | BH3: Month 5 | BI3: Month 6 | BJ3: Month 7 | BK3: Month 8 | BL3: Month 9 | BM3: Month 10 | BN3: Month 11 | BO3: Month 12 | BP3: 2020 | BQ3: Month 1 | BR3: Month 2 | BS3: Month 3 | BT3: Month 4 | BU3: Month 5 | BV3: Month 6 | BW3: Month 7 | BX3: Month 8 | BY3: Month 9 | BZ3: Month 10 | CA3: Month 11 | CB3: Month 12 | CC3: 2021 | CD3: Month 1 | CE3: Month 2 | CF3: Month 3 | CG3: Month 4 | CH3: Month 5 | CI3: Month 6 | CJ3: Month 7 | CK3: Month 8 | CL3: Month 9 | CM3: Month 10 | CN3: Month 11 | CO3: Month 12 | CP3: 2022
B5: Sales Revenue
B6: Unlimited & Limited Licenses | D6: 0 | E6: 0 | F6: 0 | G6: 0 | H6: 0 | I6: 0 | J6: 0 | K6: 0 | L6: 0 | M6: 0 | N6: 0 | O6: 0 | P6: 0 | Q6: 0 | R6: 0 | S6: 0 | T6: 0 | U6: 0 | V6: 0 | W6: 0 | X6: 0 | Y6: 0 | Z6: 0 | AA6: 0 | AB6: 0 | AC6: 0 | AD6: 0 | AE6: 0 | AF6: 0 | AG6: 0 | AH6: 0 | AI6: 0 | AJ6: 0 | AK6: 0 | AL6: 0 | AM6: 0 | AN6: 0 | AO6: 0 | AP6: 0 | AQ6: 0 | AR6: 0 | AS6: 0 | AT6: 0 | AU6: 0 | AV6: 0 | AW6: 0 | AX6: -23866.477 | AY6: 0 | AZ6: 519838.04 | BA6: 946669.78 | BB6: 1761023.6 | BC6: 3203664.9 | BD6: 497468.36 | BE6: 499985.83 | BF6: 502516.03 | BG6: 505059.05 | BH6: 507614.93 | BI6: 510183.75 | BJ6: 11564766 | BK6: 5320113.4 | BL6: 517968.46 | BM6: 20420590 | BN6: 523224.14 | BO6: 525871.95 | BP6: 41895361 | BQ6: 559714.79 | BR6: 595735.62 | BS6: 634074.59 | BT6: 674880.89 | BU6: 718313.3 | BV6: 33768541 | BW6: 40813743 | BX6: 866112.39 | BY6: 5921851.6 | BZ6: 20981178 | CA6: 1044322.4 | CB6: 18858448 | CC6: 1.2543692e+08 | CD6: 1152478 | CE6: 1194934 | CF6: 9238954 | CG6: 1284595.7 | CH6: 1331918.8 | CI6: 81761204 | CJ6: 1431859.1 | CK6: 1484607.2 | CL6: 1.392313e+08 | CM6: 69204004 | CN6: 1654799.5 | CO6: 13775760 | CP6: 3.2274641e+08
B7: PPE (Price per Engagement) | D7: 0 | E7: 0 | F7: 0 | G7: 0 | H7: 0 | I7: 0 | J7: 0 | K7: 0 | L7: 0 | M7: 0 | N7: 0 | O7: 0 | P7: 0 | Q7: 0 | R7: 0 | S7: 0 | T7: 0 | U7: 0 | V7: 0 | W7: 0 | X7: 0 | Y7: 0 | Z7: 0 | AA7: 0 | AB7: 0 | AC7: 0 | AD7: 0 | AE7: 0 | AF7: 0 | AG7: 0 | AH7: 0 | AI7: 0 | AJ7: 0 | AK7: 0 | AL7: 0 | AM7: 0 | AN7: 0 | AO7: 0 | AP7: 0 | AQ7: 0 | AR7: 0 | AS7: 0 | AT7: 0 | AU7: 0 | AV7: 0 | AW7: 0 | AX7: 60011.224 | AY7: 0 | AZ7: 73689.532 | BA7: 81656.819 | BB7: 90485.526 | BC7: 305843.1 | BD7: 90943.434 | BE7: 91403.659 | BF7: 91866.213 | BG7: 92331.107 | BH7: 92798.354 | BI7: 93267.966 | BJ7: 93739.954 | BK7: 94214.331 | BL7: 94691.108 | BM7: 95170.298 | BN7: 95651.914 | BO7: 96135.966 | BP7: 1122214.3 | BQ7: 102322.86 | BR7: 108907.92 | BS7: 115916.76 | BT7: 123376.66 | BU7: 131316.65 | BV7: 139767.62 | BW7: 148762.46 | BX7: 158336.17 | BY7: 168526 | BZ7: 179371.61 | CA7: 190915.19 | CB7: 203201.66 | CC7: 1770721.6 | CD7: 210687.39 | CE7: 218448.87 | CF7: 226496.28 | CG7: 234840.15 | CH7: 243491.4 | CI7: 252461.35 | CJ7: 261761.74 | CK7: 271404.75 | CL7: 281403 | CM7: 291769.57 | CN7: 302518.04 | CO7: 313662.46 | CP7: 3108945
B8: Professional Services | D8: 0 | E8: 0 | F8: 0 | G8: 0 | H8: 0 | I8: 0 | J8: 0 | K8: 0 | L8: 0 | M8: 0 | N8: 0 | O8: 0 | P8: 0 | Q8: 0 | R8: 0 | S8: 0 | T8: 0 | U8: 0 | V8: 0 | W8: 0 | X8: 0 | Y8: 0 | Z8: 0 | AA8: 0 | AB8: 0 | AC8: 0 | AD8: 0 | AE8: 0 | AF8: 0 | AG8: 0 | AH8: 0 | AI8: 28750 | AJ8: 28750 | AK8: 28750 | AL8: 28750 | AM8: 28750 | AN8: 53750 | AO8: 36550 | AP8: 234050 | AQ8: 0 | AR8: 0 | AS8: 0 | AT8: 0 | AU8: 0 | AV8: 0 | AW8: 0 | AX8: 276671.65 | AY8: 0 | AZ8: 32750.903 | BA8: 36291.92 | BB8: 40215.79 | BC8: 385930.27 | BD8: 40419.304 | BE8: 40623.848 | BF8: 40829.428 | BG8: 41036.048 | BH8: 41243.713 | BI8: 41452.429 | BJ8: 41662.202 | BK8: 41873.036 | BL8: 42084.937 | BM8: 42297.91 | BN8: 42511.962 | BO8: 42727.096 | BP8: 498761.91 | BQ8: 45476.827 | BR8: 48403.519 | BS8: 51518.56 | BT8: 54834.072 | BU8: 58362.956 | BV8: 62118.943 | BW8: 66116.65 | BX8: 70371.632 | BY8: 74900.445 | BZ8: 79720.714 | CA8: 84851.195 | CB8: 90311.851 | CC8: 786987.36 | CD8: 93638.838 | CE8: 97088.388 | CF8: 100665.02 | CG8: 104373.4 | CH8: 108218.4 | CI8: 112205.05 | CJ8: 116338.55 | CK8: 120624.34 | CL8: 125068 | CM8: 129675.37 | CN8: 134452.46 | CO8: 139405.54 | CP8: 1381753.3
B9: Merchandising Affiliate | D9: 0 | E9: 0 | F9: 0 | G9: 0 | H9: 0 | I9: 0 | J9: 0 | K9: 0 | L9: 0 | M9: 0 | N9: 0 | O9: 0 | P9: 0 | Q9: 0 | R9: 0 | S9: 0 | T9: 0 | U9: 0 | V9: 0 | W9: 0 | X9: 0 | Y9: 0 | Z9: 0 | AA9: 0 | AB9: 0 | AC9: 0 | AD9: 0 | AE9: 0 | AF9: 0 | AG9: 0 | AH9: 0 | AI9: 0 | AJ9: 0 | AK9: 0 | AL9: 0 | AM9: 0 | AN9: 0 | AO9: 0 | AP9: 0 | AQ9: 0 | AR9: 0 | AS9: 0 | AT9: 0 | AU9: 0 | AV9: 0 | AW9: 0 | AX9: 20516.658 | AY9: 0 | AZ9: 25193.002 | BA9: 27916.861 | BB9: 30935.223 | BC9: 104561.74 | BD9: 31091.772 | BE9: 31249.114 | BF9: 31407.252 | BG9: 31566.19 | BH9: 31725.933 | BI9: 31886.484 | BJ9: 32047.848 | BK9: 32210.028 | BL9: 32373.028 | BM9: 32536.854 | BN9: 32701.509 | BO9: 32866.997 | BP9: 383663.01 | BQ9: 34982.175 | BR9: 37233.476 | BS9: 39629.662 | BT9: 42180.055 | BU9: 44894.581 | BV9: 47783.802 | BW9: 50858.961 | BX9: 54132.024 | BY9: 57615.727 | BZ9: 61323.626 | CA9: 65270.15 | CB9: 69470.654 | CC9: 605374.9 | CD9: 72029.875 | CE9: 74683.375 | CF9: 77434.627 | CG9: 80287.232 | CH9: 83244.924 | CI9: 86311.573 | CJ9: 89491.195 | CK9: 92787.95 | CL9: 96206.154 | CM9: 99750.281 | CN9: 103424.97 | CO9: 107235.03 | CP9: 1062887.2
B10: Other Revenue | D10: 0 | E10: 0 | F10: 0 | G10: 0 | H10: 0 | I10: 0 | J10: 0 | K10: 0 | L10: 0 | M10: 0 | N10: 0 | O10: 0 | P10: 0 | Q10: 0 | R10: 0 | S10: 0 | T10: 0 | U10: 0 | V10: 0 | W10: 0 | X10: 0 | Y10: 0 | Z10: 0 | AA10: 0 | AB10: 0 | AC10: 0 | AD10: 0 | AE10: 0 | AF10: 0 | AG10: 0 | AH10: 0 | AI10: 0 | AJ10: 0 | AK10: 0 | AL10: 0 | AM10: 0 | AN10: 0 | AO10: 0 | AP10: 0 | AQ10: 0 | AR10: 0 | AS10: 0 | AT10: 0 | AU10: 0 | AV10: 0 | AW10: 0 | AX10: -83333 | AY10: 0 | AZ10: -83333.333 | BA10: -83333.333 | BB10: -2750000.3 | BC10: -3000000 | BD10: 4750000 | BE10: -250000 | BF10: -250000 | BG10: -250000 | BH10: -250000 | BI10: -250000 | BJ10: -250000 | BK10: -250000 | BL10: -250000 | BM10: -250000 | BN10: -250000 | BO10: 4750000 | BP10: 7000000 | BQ10: -395833.33 | BR10: -395833.33 | BS10: -395833.33 | BT10: -395833.33 | BU10: -395833.33 | BV10: -395833.33 | BW10: -395833.33 | BX10: -395833.33 | BY10: -395833.33 | BZ10: -395833.33 | CA10: -395833.33 | CB10: -395833.33 | CC10: -4750000 | CD10: -666666.67 | CE10: -666666.67 | CF10: -666666.67 | CG10: -666666.67 | CH10: -666666.67 | CI10: -666666.67 | CJ10: -666666.67 | CK10: -666666.67 | CL10: -666666.67 | CM10: -666666.67 | CN10: -666666.67 | CO10: -666666.67 | CP10: -8000000
B11: Total Sales Revenue | D11: 0 | E11: 0 | F11: 0 | G11: 0 | H11: 0 | I11: 0 | J11: 0 | K11: 0 | L11: 0 | M11: 0 | N11: 0 | O11: 0 | P11: 0 | Q11: 0 | R11: 0 | S11: 0 | T11: 0 | U11: 0 | V11: 0 | W11: 0 | X11: 0 | Y11: 0 | Z11: 0 | AA11: 0 | AB11: 0 | AC11: 0 | AD11: 0 | AE11: 0 | AF11: 0 | AG11: 0 | AH11: 0 | AI11: 28750 | AJ11: 28750 | AK11: 28750 | AL11: 28750 | AM11: 28750 | AN11: 53750 | AO11: 36550 | AP11: 234050 | AQ11: 0 | AR11: 0 | AS11: 0 | AT11: 0 | AU11: 0 | AV11: 0 | AW11: 0 | AX11: 250000.06 | AY11: 0 | AZ11: 568138.14 | BA11: 1009202 | BB11: -827340.23 | BC11: 1000000 | BD11: 5409922.9 | BE11: 413262.45 | BF11: 416618.93 | BG11: 419992.39 | BH11: 423382.93 | BI11: 426790.63 | BJ11: 11482216 | BK11: 5238410.8 | BL11: 437117.53 | BM11: 20340595 | BN11: 444089.53 | BO11: 5447602 | BP11: 50900000 | BQ11: 346663.32 | BR11: 394447.2 | BS11: 445306.24 | BT11: 499438.34 | BU11: 557054.16 | BV11: 33622378 | BW11: 40683648 | BX11: 753118.88 | BY11: 5827060.5 | BZ11: 20905761 | CA11: 989525.6 | CB11: 18825599 | CC11: 1.2385e+08 | CD11: 862167.44 | CE11: 918487.97 | CF11: 8976883.3 | CG11: 1037429.8 | CH11: 1100206.8 | CI11: 81545515 | CJ11: 1232783.9 | CK11: 1302757.6 | CL11: 1.3906731e+08 | CM11: 69058533 | CN11: 1528528.3 | CO11: 13669397 | CP11: 3.203e+08
B13: Cost of Sales
B14: Geo-fencing Cost & Gross Sales Costs | D14: 0 | E14: 0 | F14: 0 | G14: 0 | H14: 0 | I14: 0 | J14: 0 | K14: 0 | L14: 0 | M14: 0 | N14: 0 | O14: 0 | P14: 0 | Q14: 0 | R14: 0 | S14: 0 | T14: 0 | U14: 0 | V14: 0 | W14: 0 | X14: 0 | Y14: 0 | Z14: 0 | AA14: 0 | AB14: 0 | AC14: 0 | AD14: 0 | AE14: 0 | AF14: 0 | AG14: 0 | AH14: 0 | AI14: 600 | AJ14: 600 | AK14: 600 | AL14: 900 | AM14: 900 | AN14: 900 | AO14: 1200 | AP14: 5700 | AQ14: 300 | AR14: 332.4359 | AS14: 368.37875 | AT14: 408.20774 | AU14: 452.34302 | AV14: 501.25019 | AW14: 52396.996 | AX14: 58062.141 | AY14: 64339.8 | AZ14: 71296.197 | BA14: 79004.717 | BB14: 87546.68 | BC14: 415009.15 | BD14: 87989.716 | BE14: 88434.993 | BF14: 88882.524 | BG14: 89332.319 | BH14: 89784.391 | BI14: 90238.75 | BJ14: 90695.409 | BK14: 91154.378 | BL14: 91615.671 | BM14: 92079.297 | BN14: 92545.27 | BO14: 93013.601 | BP14: 1085766.3 | BQ14: 98999.554 | BR14: 105370.74 | BS14: 112151.94 | BT14: 119369.56 | BU14: 127051.67 | BV14: 135228.16 | BW14: 143930.86 | BX14: 153193.63 | BY14: 163052.51 | BZ14: 173545.86 | CA14: 184714.52 | CB14: 1196602 | CC14: 2713211 | CD14: 203844.55 | CE14: 211353.95 | CF14: 219139.99 | CG14: 227212.87 | CH14: 235583.13 | CI14: 244261.75 | CJ14: 253260.08 | CK14: 262589.9 | CL14: 272263.42 | CM14: 282293.3 | CN14: 292692.66 | CO14: 303475.13 | CP14: 3007970.7 | CQ14: 0.08806133 | CR14: 0.037946455
B15: Project Management and Development | D15: 0 | E15: 0 | F15: 0 | G15: 0 | H15: 0 | I15: 0 | J15: 0 | K15: 0 | L15: 0 | M15: 0 | N15: 0 | O15: 0 | P15: 0 | Q15: 0 | R15: 0 | S15: 0 | T15: 0 | U15: 0 | V15: 0 | W15: 0 | X15: 0 | Y15: 0 | Z15: 0 | AA15: 0 | AB15: 0 | AC15: 0 | AD15: 0 | AE15: 0 | AF15: 0 | AG15: 0 | AH15: 0 | AI15: 2920 | AJ15: 2920 | AK15: 2920 | AL15: 3880 | AM15: 3880 | AN15: 3880 | AO15: 4840 | AP15: 25240 | AQ15: 960 | AR15: 1063.7949 | AS15: 1178.812 | AT15: 1306.2648 | AU15: 1447.4977 | AV15: 1604.0006 | AW15: 1777.4246 | AX15: 1969.5991 | AY15: 2182.5515 | AZ15: 2418.5282 | BA15: 2680.0187 | BB15: 2969.7814 | BC15: 21558.273 | BD15: 2984.8101 | BE15: 2999.915 | BF15: 3015.0962 | BG15: 303030.35 | BH15: 203045.69 | BI15: 203061.1 | BJ15: 203076.59 | BK15: 203092.16 | BL15: 4403107.8 | BM15: 4003123.5 | BN15: 3139.3449 | BO15: 3155.2317 | BP15: 9536831.6 | BQ15: 3358.2888 | BR15: 3574.4137 | BS15: 3804.4475 | BT15: 204049.29 | BU15: 204309.88 | BV15: 504587.25 | BW15: 10504882 | BX15: 505196.67 | BY15: 505531.11 | BZ15: 12505887 | CA15: 2306265.9 | CB15: 356669.18 | CC15: 27608116 | CD15: 506914.87 | CE15: 607169.6 | CF15: 1607433.7 | CG15: 17707708 | CH15: 707991.51 | CI15: 10708286 | CJ15: 10708591 | CK15: 708907.64 | CL15: 10709236 | CM15: 10709576 | CN15: 10709929 | CO15: 10294.563 | CP15: 75402037 | CQ15: 0.8960628 | CR15: 0.95121936
B16: Ongoing Campaign Maintenance | D16: 0 | E16: 0 | F16: 0 | G16: 0 | H16: 0 | I16: 0 | J16: 0 | K16: 0 | L16: 0 | M16: 0 | N16: 0 | O16: 0 | P16: 0 | Q16: 0 | R16: 0 | S16: 0 | T16: 0 | U16: 0 | V16: 0 | W16: 0 | X16: 0 | Y16: 0 | Z16: 0 | AA16: 0 | AB16: 0 | AC16: 0 | AD16: 0 | AE16: 0 | AF16: 0 | AG16: 0 | AH16: 0 | AI16: 5760 | AJ16: 5760 | AK16: 5760 | AL16: 8640 | AM16: 8640 | AN16: 8640 | AO16: 71520 | AP16: 114720 | AQ16: 8080 | AR16: 8953.6068 | AS16: 9921.6677 | AT16: 10994.395 | AU16: 12183.105 | AV16: 13500.338 | AW16: 14959.99 | AX16: 16577.459 | AY16: 18369.809 | AZ16: 20355.946 | BA16: 22556.824 | BB16: -575004.34 | BC16: -418551.2 | BD16: 1025122.2 | BE16: 25249.284 | BF16: 25377.06 | BG16: 25505.482 | BH16: 25634.554 | BI16: 25764.279 | BJ16: 25894.661 | BK16: 26025.702 | BL16: 26157.407 | BM16: 26289.778 | BN16: 26422.819 | BO16: 1026556.5 | BP16: 2309999.7 | BQ16: 28265.597 | BR16: 30084.649 | BS16: 32020.767 | BT16: 34081.485 | BU16: 36274.822 | BV16: 38609.312 | BW16: 41094.041 | BX16: 43738.676 | BY16: 46553.508 | BZ16: 49549.49 | CA16: 52738.281 | CB16: 56132.289 | CC16: 489142.92 | CD16: 58200.139 | CE16: 60344.167 | CF16: 62567.179 | CG16: 64872.083 | CH16: 67261.898 | CI16: 69739.751 | CJ16: 72308.885 | CK16: 74972.664 | CL16: 77734.573 | CM16: 80598.227 | CN16: 83567.375 | CO16: 86645.904 | CP16: 858812.85 | CQ16: 0.015875867 | CR16: 0.010834182
B17: Other COGS | D17: 0 | E17: 0 | F17: 0 | G17: 0 | H17: 0 | I17: 0 | J17: 0 | K17: 0 | L17: 0 | M17: 0 | N17: 0 | O17: 0 | P17: 0 | Q17: 0 | R17: 0 | S17: 0 | T17: 0 | U17: 0 | V17: 0 | W17: 0 | X17: 0 | Y17: 0 | Z17: 0 | AA17: 0 | AB17: 0 | AC17: 0 | AD17: 0 | AE17: 0 | AF17: 0 | AG17: 0 | AH17: 0 | AI17: 0 | AJ17: 0 | AK17: 0 | AL17: 0 | AM17: 0 | AN17: 0 | AO17: 0 | AP17: 0 | AQ17: 0 | AR17: 0 | AS17: 0 | AT17: 0 | AU17: 0 | AV17: 0 | AW17: 0 | AX17: 0 | AY17: 0 | AZ17: 0 | BA17: 0 | BB17: 0 | BC17: 0 | BD17: 0 | BE17: 0 | BF17: 0 | BG17: 0 | BH17: 0 | BI17: 0 | BJ17: 0 | BK17: 0 | BL17: 0 | BM17: 0 | BN17: 0 | BO17: 0 | BP17: 0 | BQ17: 0 | BR17: 0 | BS17: 0 | BT17: 0 | BU17: 0 | BV17: 0 | BW17: 0 | BX17: 0 | BY17: 0 | BZ17: 0 | CA17: 0 | CB17: 0 | CC17: 0 | CD17: 0 | CE17: 0 | CF17: 0 | CG17: 0 | CH17: 0 | CI17: 0 | CJ17: 0 | CK17: 0 | CL17: 0 | CM17: 0 | CN17: 0 | CO17: 0 | CP17: 0
B18: Total | D18: 0 | E18: 0 | F18: 0 | G18: 0 | H18: 0 | I18: 0 | J18: 0 | K18: 0 | L18: 0 | M18: 0 | N18: 0 | O18: 0 | P18: 0 | Q18: 0 | R18: 0 | S18: 0 | T18: 0 | U18: 0 | V18: 0 | W18: 0 | X18: 0 | Y18: 0 | Z18: 0 | AA18: 0 | AB18: 0 | AC18: 0 | AD18: 0 | AE18: 0 | AF18: 0 | AG18: 0 | AH18: 0 | AI18: 9280 | AJ18: 9280 | AK18: 9280 | AL18: 13420 | AM18: 13420 | AN18: 13420 | AO18: 77560 | AP18: 145660 | AQ18: 9340 | AR18: 10349.838 | AS18: 11468.858 | AT18: 12708.868 | AU18: 14082.946 | AV18: 15605.589 | AW18: 69134.411 | AX18: 76609.2 | AY18: 84892.16 | AZ18: 94070.671 | BA18: 104241.56 | BB18: -484487.88 | BC18: 18016.222 | BD18: 1116096.7 | BE18: 116684.19 | BF18: 117274.68 | BG18: 417868.16 | BH18: 318464.63 | BI18: 319064.13 | BJ18: 319666.66 | BK18: 320272.24 | BL18: 4520880.9 | BM18: 4121492.6 | BN18: 122107.43 | BO18: 1122725.4 | BP18: 12932598 | BQ18: 130623.44 | BR18: 139029.8 | BS18: 147977.16 | BT18: 357500.33 | BU18: 367636.37 | BV18: 678424.72 | BW18: 10689907 | BX18: 702128.98 | BY18: 715137.13 | BZ18: 12728982 | CA18: 2543718.7 | CB18: 1609403.4 | CC18: 30810470 | CD18: 768959.55 | CE18: 878867.72 | CF18: 1889140.9 | CG18: 17999793 | CH18: 1010836.5 | CI18: 11022287 | CJ18: 11034160 | CK18: 1046470.2 | CL18: 11059234 | CM18: 11072468 | CN18: 11086189 | CO18: 400415.6 | CP18: 79268821
B20: Gross Profit | D20: 0 | E20: 0 | F20: 0 | G20: 0 | H20: 0 | I20: 0 | J20: 0 | K20: 0 | L20: 0 | M20: 0 | N20: 0 | O20: 0 | P20: 0 | Q20: 0 | R20: 0 | S20: 0 | T20: 0 | U20: 0 | V20: 0 | W20: 0 | X20: 0 | Y20: 0 | Z20: 0 | AA20: 0 | AB20: 0 | AC20: 0 | AD20: 0 | AE20: 0 | AF20: 0 | AG20: 0 | AH20: 0 | AI20: 19470 | AJ20: 19470 | AK20: 19470 | AL20: 15330 | AM20: 15330 | AN20: 40330 | AO20: -41010 | AP20: 88390 | AQ20: -9340 | AR20: -10349.838 | AS20: -11468.858 | AT20: -12708.868 | AU20: -14082.946 | AV20: -15605.589 | AW20: -69134.411 | AX20: 173390.86 | AY20: -84892.16 | AZ20: 474067.47 | BA20: 904960.49 | BB20: -342852.35 | BC20: 981983.8 | BD20: 4293826.2 | BE20: 296578.26 | BF20: 299344.25 | BG20: 2124.2375 | BH20: 104918.3 | BI20: 107726.49 | BJ20: 11162549 | BK20: 4918138.6 | BL20: -4083763.4 | BM20: 16219102 | BN20: 321982.09 | BO20: 4324876.6 | BP20: 37967403 | BQ20: 216039.88 | BR20: 255417.4 | BS20: 297329.08 | BT20: 141938.02 | BU20: 189417.79 | BV20: 32943953 | BW20: 29993741 | BX20: 50989.903 | BY20: 5111923.4 | BZ20: 8176778.2 | CA20: -1554193.1 | CB20: 17216196 | CC20: 93039530 | CD20: 93207.884 | CE20: 39620.25 | CF20: 7087742.4 | CG20: -16962363 | CH20: 89370.291 | CI20: 70523228 | CJ20: -9801376.2 | CK20: 256287.37 | CL20: 1.2800808e+08 | CM20: 57986065 | CN20: -9557660.5 | CO20: 13268981 | CP20: 2.4103118e+08
B21: Gross Margin | D21: 0 | E21: 0 | F21: 0 | G21: 0 | H21: 0 | I21: 0 | J21: 0 | K21: 0 | L21: 0 | M21: 0 | N21: 0 | O21: 0 | P21: 0 | Q21: 0 | R21: 0 | S21: 0 | T21: 0 | U21: 0 | V21: 0 | W21: 0 | X21: 0 | Y21: 0 | Z21: 0 | AA21: 0 | AB21: 0 | AC21: 0 | AD21: 0 | AE21: 0 | AF21: 0 | AG21: 0 | AH21: 0 | AI21: 0.67721739 | AJ21: 0.67721739 | AK21: 0.67721739 | AL21: 0.53321739 | AM21: 0.53321739 | AN21: 0.75032558 | AO21: -1.1220246 | AP21: 0.37765435 | AQ21: 0 | AR21: 0 | AS21: 0 | AT21: 0 | AU21: 0 | AV21: 0 | AW21: 0 | AX21: 0.69356327 | AY21: 0 | AZ21: 0.83442289 | BA21: 0.89670893 | BB21: 0.4144031 | BC21: 0.98198378 | BD21: 0.79369453 | BE21: 0.71765111 | BF21: 0.71850852 | BG21: 0.0050578 | BH21: 0.24780946 | BI21: 0.25241064 | BJ21: 0.97215984 | BK21: 0.9388608 | BL21: -9.3424836 | BM21: 0.797376 | BN21: 0.7250387 | BO21: 0.79390466 | BP21: 0.74592146 | BQ21: 0.62319798 | BR21: 0.64753255 | BS21: 0.66769575 | BT21: 0.28419527 | BU21: 0.34003478 | BV21: 0.97982223 | BW21: 0.73724315 | BX21: 0.067704985 | BY21: 0.87727309 | BZ21: 0.3911256 | CA21: -1.5706447 | CB21: 0.91450984 | CC21: 0.75122753 | CD21: 0.1081088 | CE21: 0.043136384 | CF21: 0.78955492 | CG21: -16.350371 | CH21: 0.081230446 | CI21: 0.8648327 | CJ21: -7.9506034 | CK21: 0.19672683 | CL21: 0.92047568 | CM21: 0.83966547 | CN21: -6.2528515 | CO21: 0.97070715 | CP21: 0.75251695
B23: Operating Expense: Marketing
B24: Marketing | D24: 0 | E24: 0 | F24: 0 | G24: 0 | H24: 0 | I24: 0 | J24: 0 | K24: 0 | L24: 0 | M24: 0 | N24: 0 | O24: 2938.99 | P24: 2938.99 | Q24: 0 | R24: 0 | S24: 0 | T24: 0 | U24: 0 | V24: 0 | W24: 0 | X24: 0 | Y24: 0 | Z24: 0 | AA24: 0 | AB24: 326.57 | AC24: 326.57 | AD24: 0 | AE24: 0 | AF24: 0 | AG24: 0 | AH24: 0 | AI24: 0 | AJ24: 0 | AK24: 0 | AL24: 0 | AM24: 0 | AN24: 0 | AO24: 0 | AP24: 0 | AQ24: 0 | AR24: 0 | AS24: 0 | AT24: 0 | AU24: 0 | AV24: 0 | AW24: 0 | AX24: 0 | AY24: 0 | AZ24: 0 | BA24: 0 | BB24: 0 | BC24: 0 | BD24: 0 | BE24: 0 | BF24: 0 | BG24: 0 | BH24: 0 | BI24: 0 | BJ24: 0 | BK24: 0 | BL24: 0 | BM24: 0 | BN24: 0 | BO24: 0 | BP24: 0 | BQ24: 0 | BR24: 0 | BS24: 0 | BT24: 0 | BU24: 0 | BV24: 0 | BW24: 0 | BX24: 0 | BY24: 0 | BZ24: 0 | CA24: 0 | CB24: 0 | CC24: 0 | CD24: 0 | CE24: 0 | CF24: 0 | CG24: 0 | CH24: 0 | CI24: 0 | CJ24: 0 | CK24: 0 | CL24: 0 | CM24: 0 | CN24: 0 | CO24: 0 | CP24: 0
B25: Total | D25: 0 | E25: 0 | F25: 0 | G25: 0 | H25: 0 | I25: 0 | J25: 0 | K25: 0 | L25: 0 | M25: 0 | N25: 0 | O25: 2938.99 | P25: 2938.99 | Q25: 0 | R25: 0 | S25: 0 | T25: 0 | U25: 0 | V25: 0 | W25: 0 | X25: 0 | Y25: 0 | Z25: 0 | AA25: 0 | AB25: 326.57 | AC25: 326.57 | AD25: 0 | AE25: 0 | AF25: 0 | AG25: 0 | AH25: 0 | AI25: 0 | AJ25: 0 | AK25: 0 | AL25: 0 | AM25: 0 | AN25: 0 | AO25: 0 | AP25: 0 | AQ25: 0 | AR25: 0 | AS25: 0 | AT25: 0 | AU25: 0 | AV25: 0 | AW25: 0 | AX25: 0 | AY25: 0 | AZ25: 0 | BA25: 0 | BB25: 0 | BC25: 0 | BD25: 0 | BE25: 0 | BF25: 0 | BG25: 0 | BH25: 0 | BI25: 0 | BJ25: 0 | BK25: 0 | BL25: 0 | BM25: 0 | BN25: 0 | BO25: 0 | BP25: 0 | BQ25: 0 | BR25: 0 | BS25: 0 | BT25: 0 | BU25: 0 | BV25: 0 | BW25: 0 | BX25: 0 | BY25: 0 | BZ25: 0 | CA25: 0 | CB25: 0 | CC25: 0 | CD25: 0 | CE25: 0 | CF25: 0 | CG25: 0 | CH25: 0 | CI25: 0 | CJ25: 0 | CK25: 0 | CL25: 0 | CM25: 0 | CN25: 0 | CO25: 0 | CP25: 0
B27: Operating Expense: General and Administrative
B28: Salaries | D28: 0 | E28: 0 | F28: 0 | G28: 0 | H28: 0 | I28: 0 | J28: 0 | K28: 0 | L28: 0 | M28: 0 | N28: 0 | O28: 0 | P28: 0 | Q28: 0 | R28: 0 | S28: 0 | T28: 0 | U28: 0 | V28: 0 | W28: 0 | X28: 0 | Y28: 0 | Z28: 0 | AA28: 0 | AB28: 0 | AC28: 0 | AD28: 0 | AE28: 0 | AF28: 0 | AG28: 0 | AH28: 0 | AI28: 0 | AJ28: 0 | AK28: 0 | AL28: 0 | AM28: 0 | AN28: 0 | AO28: 0 | AP28: 0 | AQ28: 0 | AR28: 0 | AS28: 0 | AT28: 0 | AU28: 0 | AV28: 0 | AW28: 0 | AX28: 2500 | AY28: 17500 | AZ28: 174165 | BA28: 199998 | BB28: 224998 | BC28: 619161 | BD28: 236247.9 | BE28: 236247.9 | BF28: 236247.9 | BG28: 236247.9 | BH28: 265122.9 | BI28: 316855.88 | BJ28: 832605.88 | BK28: 832605.88 | BL28: 832605.88 | BM28: 876355.88 | BN28: 876355.88 | BO28: 876355.88 | BP28: 6653855.7 | BQ28: 1145173.7 | BR28: 1145173.7 | BS28: 1145173.7 | BT28: 1145173.7 | BU28: 1145173.7 | BV28: 1145173.7 | BW28: 1145173.7 | BX28: 1145173.7 | BY28: 1145173.7 | BZ28: 1145173.7 | CA28: 1145173.7 | CB28: 1145173.7 | CC28: 13742084 | CD28: 2664932.4 | CE28: 2664932.4 | CF28: 2664932.4 | CG28: 2664932.4 | CH28: 2664932.4 | CI28: 2664932.4 | CJ28: 2664932.4 | CK28: 2664932.4 | CL28: 2664932.4 | CM28: 2664932.4 | CN28: 2664932.4 | CO28: 2664932.4 | CP28: 31979188
B29: Sales Comissions (% of sales) | D29: 0 | E29: 0 | F29: 0 | G29: 0 | H29: 0 | I29: 0 | J29: 0 | K29: 0 | L29: 0 | M29: 0 | N29: 0 | O29: 0 | P29: 0 | Q29: 0 | R29: 0 | S29: 0 | T29: 0 | U29: 0 | V29: 0 | W29: 0 | X29: 0 | Y29: 0 | Z29: 0 | AA29: 0 | AB29: 0 | AC29: 0 | AD29: 0 | AE29: 0 | AF29: 0 | AG29: 1437.5 | AH29: 1437.5 | AI29: 1437.5 | AJ29: 4312.5 | AK29: 4312.5 | AL29: 4312.5 | AM29: 5952.5 | AN29: 5952.5 | AO29: 5952.5 | AP29: 35107.5 | AQ29: 0 | AR29: 0 | AS29: 0 | AT29: 0 | AU29: 0 | AV29: 0 | AW29: 12500.003 | AX29: 12500.003 | AY29: 12500.003 | AZ29: 137500 | BA29: 137500 | BB29: 137500 | BC29: 450000 | BD29: 0 | BE29: 0 | BF29: 185970.64 | BG29: 0 | BH29: 0 | BI29: 190524.89 | BJ29: 0 | BK29: 0 | BL29: 2573661.6 | BM29: 0 | BN29: 0 | BO29: 3184842.9 | BP29: 6135000.1 | BQ29: 59320.838 | BR29: 59320.838 | BS29: 59320.838 | BT29: 1733943.5 | BU29: 1333943.5 | BV29: 1733943.5 | BW29: 2363191.4 | BX29: 1963191.4 | BY29: 2363191.4 | BZ29: 1536044.3 | CA29: 1536044.3 | CB29: 1536044.3 | CC29: 16277500 | CD29: 537876.94 | CE29: 537876.94 | CF29: 537876.94 | CG29: 4184157.6 | CH29: 4184157.6 | CI29: 4184157.6 | CJ29: 7080142.5 | CK29: 7080142.5 | CL29: 7080142.5 | CM29: 4212822.9 | CN29: 4212822.9 | CO29: 4212822.9 | CP29: 48045000
B30: Benefits | D30: 0 | E30: 0 | F30: 0 | G30: 0 | H30: 0 | I30: 0 | J30: 0 | K30: 0 | L30: 0 | M30: 0 | N30: 0 | O30: 0 | P30: 0 | Q30: 0 | R30: 0 | S30: 0 | T30: 0 | U30: 0 | V30: 0 | W30: 0 | X30: 0 | Y30: 0 | Z30: 0 | AA30: 0 | AB30: 0 | AC30: 0 | AD30: 0 | AE30: 0 | AF30: 0 | AG30: 0 | AH30: 0 | AI30: 0 | AJ30: 0 | AK30: 0 | AL30: 0 | AM30: 0 | AN30: 0 | AO30: 0 | AP30: 0 | AQ30: 0 | AR30: 0 | AS30: 0 | AT30: 0 | AU30: 0 | AV30: 0 | AW30: 0 | AX30: 2090 | AY30: 4180 | AZ30: 41800 | BA30: 48070 | BB30: 52250 | BC30: 148390 | BD30: 52250 | BE30: 52250 | BF30: 52250 | BG30: 52250 | BH30: 56430 | BI30: 62700 | BJ30: 64790 | BK30: 64790 | BL30: 64790 | BM30: 66880 | BN30: 66880 | BO30: 66880 | BP30: 723140 | BQ30: 66880 | BR30: 66880 | BS30: 66880 | BT30: 66880 | BU30: 66880 | BV30: 66880 | BW30: 66880 | BX30: 66880 | BY30: 66880 | BZ30: 66880 | CA30: 66880 | CB30: 66880 | CC30: 802560 | CD30: 66880 | CE30: 66880 | CF30: 66880 | CG30: 66880 | CH30: 66880 | CI30: 66880 | CJ30: 66880 | CK30: 66880 | CL30: 66880 | CM30: 66880 | CN30: 66880 | CO30: 66880 | CP30: 802560
B31: Payroll Taxes | D31: 0 | E31: 0 | F31: 0 | G31: 0 | H31: 0 | I31: 0 | J31: 0 | K31: 0 | L31: 0 | M31: 0 | N31: 0 | O31: 0 | P31: 0 | Q31: 0 | R31: 0 | S31: 0 | T31: 0 | U31: 0 | V31: 0 | W31: 0 | X31: 0 | Y31: 0 | Z31: 0 | AA31: 0 | AB31: 0 | AC31: 0 | AD31: 0 | AE31: 0 | AF31: 0 | AG31: 0 | AH31: 0 | AI31: 0 | AJ31: 0 | AK31: 0 | AL31: 0 | AM31: 0 | AN31: 0 | AO31: 0 | AP31: 0 | AQ31: 0 | AR31: 0 | AS31: 0 | AT31: 0 | AU31: 0 | AV31: 0 | AW31: 0 | AX31: 857.75 | AY31: 3834.25 | AZ31: 38200.967 | BA31: 43881.661 | BB31: 48987.161 | BC31: 135761.79 | BD31: 50894.019 | BE31: 50894.019 | BF31: 50894.019 | BG31: 50894.019 | BH31: 56656.332 | BI31: 66727.072 | BJ31: 154580.7 | BK31: 154580.7 | BL31: 154580.7 | BM31: 162430.32 | BN31: 162430.32 | BO31: 162430.32 | BP31: 1277992.5 | BQ31: 207994.94 | BR31: 207994.94 | BS31: 207994.94 | BT31: 207994.94 | BU31: 207994.94 | BV31: 207994.94 | BW31: 207994.94 | BX31: 207994.94 | BY31: 207994.94 | BZ31: 207994.94 | CA31: 207994.94 | CB31: 207994.94 | CC31: 2495939.3 | CD31: 465594.04 | CE31: 465594.04 | CF31: 465594.04 | CG31: 465594.04 | CH31: 465594.04 | CI31: 465594.04 | CJ31: 465594.04 | CK31: 465594.04 | CL31: 465594.04 | CM31: 465594.04 | CN31: 465594.04 | CO31: 465594.04 | CP31: 5587128.4
B32: Office Infrastructure | D32: 0 | E32: 0 | F32: 0 | G32: 0 | H32: 0 | I32: 0 | J32: 0 | K32: 0 | L32: 0 | M32: 0 | N32: 0 | O32: 17911.46 | P32: 17911.46 | Q32: 0 | R32: 0 | S32: 0 | T32: 0 | U32: 0 | V32: 0 | W32: 0 | X32: 0 | Y32: 0 | Z32: 0 | AA32: 0 | AB32: 13747.21 | AC32: 13747.21 | AD32: 0 | AE32: 0 | AF32: 0 | AG32: 0 | AH32: 0 | AI32: 0 | AJ32: 0 | AK32: 0 | AL32: 0 | AM32: 0 | AN32: 0 | AO32: 52440 | AP32: 52440 | AQ32: 0 | AR32: 0 | AS32: 0 | AT32: 0 | AU32: 0 | AV32: 0 | AW32: 0 | AX32: 1500 | AY32: 1500 | AZ32: 27000 | BA32: 4500 | BB32: 3000 | BC32: 37500 | BD32: 0 | BE32: 0 | BF32: 0 | BG32: 0 | BH32: 3000 | BI32: 4500 | BJ32: 1500 | BK32: 0 | BL32: 0 | BM32: 1500 | BN32: 0 | BO32: 0 | BP32: 10500 | BQ32: 0 | BR32: 0 | BS32: 0 | BT32: 0 | BU32: 0 | BV32: 0 | BW32: 0 | BX32: 0 | BY32: 0 | BZ32: 0 | CA32: 0 | CB32: -0.5 | CC32: -0.5 | CD32: -0.515 | CE32: -0.515 | CF32: -0.515 | CG32: -0.515 | CH32: -0.515 | CI32: -0.515 | CJ32: -0.515 | CK32: -0.515 | CL32: -0.515 | CM32: -0.515 | CN32: -0.515 | CO32: 5.485 | CP32: -0.18
B33: Professional Services | D33: 0 | E33: 0 | F33: 0 | G33: 0 | H33: 0 | I33: 0 | J33: 0 | K33: 0 | L33: 0 | M33: 0 | N33: 0 | O33: 112717.15 | P33: 115656.14 | Q33: 0 | R33: 0 | S33: 0 | T33: 0 | U33: 0 | V33: 0 | W33: 0 | X33: 0 | Y33: 0 | Z33: 0 | AA33: 0 | AB33: 38305.98 | AC33: 38305.98 | AD33: 0 | AE33: 0 | AF33: 0 | AG33: 0 | AH33: 0 | AI33: 0 | AJ33: 0 | AK33: 0 | AL33: 0 | AM33: 20000 | AN33: 74510.28 | AO33: 26391 | AP33: 120901.28 | AQ33: 8431.65 | AR33: 23431.65 | AS33: 23431.65 | AT33: 23431.65 | AU33: 23431.65 | AV33: 23431.65 | AW33: 23431.65 | AX33: 23431.65 | AY33: 23431.65 | AZ33: 23431.65 | BA33: 23431.65 | BB33: 23426.65 | BC33: 266174.8 | BD33: 63654.647 | BE33: 63654.647 | BF33: 63654.647 | BG33: 63654.647 | BH33: 63654.647 | BI33: 63654.647 | BJ33: 13654.647 | BK33: 13654.647 | BL33: 63654.647 | BM33: 63654.647 | BN33: 63654.647 | BO33: 63655.647 | BP33: 663856.77 | BQ33: 73203.995 | BR33: 73203.995 | BS33: 73203.995 | BT33: 73203.995 | BU33: 73203.995 | BV33: 73203.995 | BW33: 73203.995 | BX33: 73203.995 | BY33: 73203.995 | BZ33: 73203.995 | CA33: 73203.995 | CB33: 73188.995 | CC33: 878432.94 | CD33: 84167.344 | CE33: 84167.344 | CF33: 84167.344 | CG33: 84167.344 | CH33: 84167.344 | CI33: 84167.344 | CJ33: 84167.344 | CK33: 84167.344 | CL33: 84167.344 | CM33: 84167.344 | CN33: 84167.344 | CO33: 84353.344 | CP33: 1010194.1
B34: Travel | D34: 0 | E34: 0 | F34: 0 | G34: 0 | H34: 0 | I34: 0 | J34: 0 | K34: 0 | L34: 0 | M34: 0 | N34: 0 | O34: 24748.05 | P34: 24748.05 | Q34: 0 | R34: 0 | S34: 0 | T34: 0 | U34: 0 | V34: 0 | W34: 0 | X34: 0 | Y34: 0 | Z34: 0 | AA34: 0 | AB34: 37161.53 | AC34: 37161.53 | AD34: 37161.53 | AE34: 0 | AF34: 0 | AG34: 0 | AH34: 0 | AI34: 0 | AJ34: 0 | AK34: 0 | AL34: 0 | AM34: 0 | AN34: 0 | AO34: 0 | AP34: 37161.53 | AQ34: 0 | AR34: 0 | AS34: 0 | AT34: 0 | AU34: 0 | AV34: 0 | AW34: 0 | AX34: 0 | AY34: 0 | AZ34: 7650 | BA34: 8925 | BB34: 8925 | BC34: 25500 | BD34: 8925 | BE34: 8925 | BF34: 8925 | BG34: 8925 | BH34: 8925 | BI34: 8925 | BJ34: 8925 | BK34: 8925 | BL34: 8925 | BM34: 10200 | BN34: 10200 | BO34: 10200 | BP34: 110925 | BQ34: 20400 | BR34: 20400 | BS34: 20400 | BT34: 20400 | BU34: 20400 | BV34: 20400 | BW34: 20400 | BX34: 20400 | BY34: 20400 | BZ34: 20400 | CA34: 20400 | CB34: 20400 | CC34: 244800 | CD34: 40800 | CE34: 40800 | CF34: 40800 | CG34: 40800 | CH34: 40800 | CI34: 40800 | CJ34: 40800 | CK34: 40800 | CL34: 40800 | CM34: 40800 | CN34: 40800 | CO34: 40800 | CP34: 489600
B35: Telecommunications | D35: 0 | E35: 0 | F35: 0 | G35: 0 | H35: 0 | I35: 0 | J35: 0 | K35: 0 | L35: 0 | M35: 0 | N35: 0 | O35: 0 | P35: 0 | Q35: 0 | R35: 0 | S35: 0 | T35: 0 | U35: 0 | V35: 0 | W35: 0 | X35: 0 | Y35: 0 | Z35: 0 | AA35: 0 | AB35: 0 | AC35: 0 | AD35: 0 | AE35: 0 | AF35: 0 | AG35: 0 | AH35: 0 | AI35: 0 | AJ35: 0 | AK35: 0 | AL35: 0 | AM35: 0 | AN35: 0 | AO35: 0 | AP35: 0 | AQ35: 0 | AR35: 0 | AS35: 0 | AT35: 0 | AU35: 0 | AV35: 0 | AW35: 0 | AX35: 0 | AY35: 0 | AZ35: 49320 | BA35: 145800 | BB35: 291600 | BC35: 486720 | BD35: 4500 | BE35: 4500 | BF35: 4500 | BG35: 12500 | BH35: 12980 | BI35: 12500 | BJ35: 16500 | BK35: 16500 | BL35: 16500 | BM35: 16500 | BN35: 16500 | BO35: 16500 | BP35: 150480 | BQ35: 16500 | BR35: 78000 | BS35: 16500 | BT35: 16500 | BU35: 16500 | BV35: 16500 | BW35: 16500 | BX35: 16500 | BY35: 16500 | BZ35: 16500 | CA35: 16500 | CB35: 16500 | CC35: 259500 | CD35: 33000 | CE35: 127500 | CF35: 33000 | CG35: 127500 | CH35: 33000 | CI35: 33000 | CJ35: 33000 | CK35: 33000 | CL35: 33000 | CM35: 33000 | CN35: 33000 | CO35: 33000 | CP35: 585000
B37: Product Development Activities | D37: 0 | E37: 0 | F37: 0 | G37: 0 | H37: 0 | I37: 0 | J37: 0 | K37: 0 | L37: 0 | M37: 0 | N37: 0 | O37: 0 | P37: 0 | Q37: 0 | R37: 0 | S37: 0 | T37: 0 | U37: 0 | V37: 0 | W37: 0 | X37: 0 | Y37: 0 | Z37: 0 | AA37: 0 | AB37: 0 | AC37: 0 | AD37: 0 | AE37: 0 | AF37: 0 | AG37: 0 | AH37: 0 | AI37: 0 | AJ37: 0 | AK37: 0 | AL37: 0 | AM37: 0 | AN37: 0 | AO37: 0 | AP37: 0 | AQ37: 10000 | AR37: 10000 | AS37: 10000 | AT37: 10000 | AU37: 10000 | AV37: 10000 | AW37: 10000 | AX37: 10000 | AY37: 10000 | AZ37: 10000 | BA37: 10000 | BB37: 10000 | BC37: 120000 | BD37: 12500 | BE37: 12500 | BF37: 12500 | BG37: 12500 | BH37: 12500 | BI37: 12500 | BJ37: 12500 | BK37: 12500 | BL37: 12500 | BM37: 12500 | BN37: 12500 | BO37: 12500 | BP37: 150000 | BQ37: 85000 | BR37: 85000 | BS37: 85000 | BT37: 85000 | BU37: 85000 | BV37: 85000 | BW37: 85000 | BX37: 85000 | BY37: 85000 | BZ37: 85000 | CA37: 85000 | CB37: 85000 | CC37: 1020000 | CD37: 105000 | CE37: 105000 | CF37: 105000 | CG37: 105000 | CH37: 105000 | CI37: 105000 | CJ37: 105000 | CK37: 105000 | CL37: 105000 | CM37: 105000 | CN37: 105000 | CO37: 1605000 | CP37: 2760000
B38: Other expenses (specify) | P38: 0 | AC38: 0 | AP38: 0 | BC38: 0 | BP38: 0 | CC38: 0 | CP38: 0
B39: Total | D39: 0 | E39: 0 | F39: 0 | G39: 0 | H39: 0 | I39: 0 | J39: 0 | K39: 0 | L39: 0 | M39: 0 | N39: 0 | O39: 155376.66 | P39: 155376.66 | Q39: 0 | R39: 0 | S39: 0 | T39: 0 | U39: 0 | V39: 0 | W39: 0 | X39: 0 | Y39: 0 | Z39: 0 | AA39: 0 | AB39: 89214.72 | AC39: 89214.72 | AD39: 37161.53 | AE39: 0 | AF39: 0 | AG39: 1437.5 | AH39: 1437.5 | AI39: 1437.5 | AJ39: 4312.5 | AK39: 4312.5 | AL39: 4312.5 | AM39: 25952.5 | AN39: 80462.78 | AO39: 84783.5 | AP39: 245610.31 | AQ39: 18431.65 | AR39: 33431.65 | AS39: 33431.65 | AT39: 33431.65 | AU39: 33431.65 | AV39: 33431.65 | AW39: 45931.653 | AX39: 52879.403 | AY39: 72945.903 | AZ39: 509067.62 | BA39: 622106.31 | BB39: 800686.81 | BC39: 2289207.6 | BD39: 428971.57 | BE39: 428971.57 | BF39: 614942.2 | BG39: 436971.57 | BH39: 479268.88 | BI39: 738887.5 | BJ39: 1105056.2 | BK39: 1103556.2 | BL39: 3727217.8 | BM39: 1210020.9 | BN39: 1208520.9 | BO39: 4393364.8 | BP39: 15875750 | BQ39: 1674473.4 | BR39: 1735973.4 | BS39: 1674473.4 | BT39: 3349096.1 | BU39: 2949096.1 | BV39: 3349096.1 | BW39: 3978344 | BX39: 3578344 | BY39: 3978344 | BZ39: 3151196.9 | CA39: 3151196.9 | CB39: 3151181.4 | CC39: 35720816 | CD39: 3998250.2 | CE39: 4092750.2 | CF39: 3998250.2 | CG39: 7739030.8 | CH39: 7644530.8 | CI39: 7644530.8 | CJ39: 10540516 | CK39: 10540516 | CL39: 10540516 | CM39: 7673196.1 | CN39: 7673196.1 | CO39: 9173388.1 | CP39: 91258671
B41: Operating Expense: Other
B42: Dedicated Sales Support | O42: 0 | P42: 0 | Q42: 0 | AC42: 0 | AD42: 0 | AE42: 0 | AF42: 0 | AG42: 0 | AH42: 0 | AI42: 0 | AJ42: 0 | AK42: 0 | AL42: 0 | AM42: 0 | AN42: 0 | AO42: 0 | AP42: 0 | AQ42: 0 | AR42: 0 | AS42: 0 | AT42: 0 | AU42: 0 | AV42: 0 | AW42: 0 | AX42: 0 | AY42: 0 | AZ42: 0 | BA42: 0 | BB42: 0 | BC42: 0 | BD42: 0 | BE42: 0 | BF42: 0 | BG42: 0 | BH42: 0 | BI42: 0 | BJ42: 0 | BK42: 0 | BL42: 0 | BM42: 0 | BN42: 0 | BO42: 0 | BP42: 0 | BQ42: 0 | BR42: 0 | BS42: 0 | BT42: 0 | BU42: 0 | BV42: 0 | BW42: 0 | BX42: 0 | BY42: 0 | BZ42: 0 | CA42: 0 | CB42: 0 | CC42: 0 | CD42: 0 | CE42: 0 | CF42: 0 | CG42: 0 | CH42: 0 | CI42: 0 | CJ42: 0 | CK42: 0 | CL42: 0 | CM42: 0 | CN42: 0 | CO42: 0 | CP42: 0
B43: Total | D43: 0 | E43: 0 | F43: 0 | G43: 0 | H43: 0 | I43: 0 | J43: 0 | K43: 0 | L43: 0 | M43: 0 | N43: 0 | O43: 0 | P43: 0 | Q43: 0 | R43: 0 | S43: 0 | T43: 0 | U43: 0 | V43: 0 | W43: 0 | X43: 0 | Y43: 0 | Z43: 0 | AA43: 0 | AB43: 0 | AC43: 0 | AD43: 0 | AE43: 0 | AF43: 0 | AG43: 0 | AH43: 0 | AI43: 0 | AJ43: 0 | AK43: 0 | AL43: 0 | AM43: 0 | AN43: 0 | AO43: 0 | AP43: 0 | AQ43: 0 | AR43: 0 | AS43: 0 | AT43: 0 | AU43: 0 | AV43: 0 | AW43: 0 | AX43: 0 | AY43: 0 | AZ43: 0 | BA43: 0 | BB43: 0 | BC43: 0 | BD43: 0 | BE43: 0 | BF43: 0 | BG43: 0 | BH43: 0 | BI43: 0 | BJ43: 0 | BK43: 0 | BL43: 0 | BM43: 0 | BN43: 0 | BO43: 0 | BP43: 0 | BQ43: 0 | BR43: 0 | BS43: 0 | BT43: 0 | BU43: 0 | BV43: 0 | BW43: 0 | BX43: 0 | BY43: 0 | BZ43: 0 | CA43: 0 | CB43: 0 | CC43: 0 | CD43: 0 | CE43: 0 | CF43: 0 | CG43: 0 | CH43: 0 | CI43: 0 | CJ43: 0 | CK43: 0 | CL43: 0 | CM43: 0 | CN43: 0 | CO43: 0 | CP43: 0
B45: Total Operating Expenses | D45: 0 | E45: 0 | F45: 0 | G45: 0 | H45: 0 | I45: 0 | J45: 0 | K45: 0 | L45: 0 | M45: 0 | N45: 0 | O45: 158315.65 | P45: 158315.65 | Q45: 0 | R45: 0 | S45: 0 | T45: 0 | U45: 0 | V45: 0 | W45: 0 | X45: 0 | Y45: 0 | Z45: 0 | AA45: 0 | AB45: 89541.29 | AC45: 89541.29 | AD45: 37161.53 | AE45: 0 | AF45: 0 | AG45: 1437.5 | AH45: 1437.5 | AI45: 1437.5 | AJ45: 4312.5 | AK45: 4312.5 | AL45: 4312.5 | AM45: 25952.5 | AN45: 80462.78 | AO45: 84783.5 | AP45: 245610.31 | AQ45: 18431.65 | AR45: 33431.65 | AS45: 33431.65 | AT45: 33431.65 | AU45: 33431.65 | AV45: 33431.65 | AW45: 45931.653 | AX45: 52879.403 | AY45: 72945.903 | AZ45: 509067.62 | BA45: 622106.31 | BB45: 800686.81 | BC45: 2289207.6 | BD45: 428971.57 | BE45: 428971.57 | BF45: 614942.2 | BG45: 436971.57 | BH45: 479268.88 | BI45: 738887.5 | BJ45: 1105056.2 | BK45: 1103556.2 | BL45: 3727217.8 | BM45: 1210020.9 | BN45: 1208520.9 | BO45: 4393364.8 | BP45: 15875750 | BQ45: 1674473.4 | BR45: 1735973.4 | BS45: 1674473.4 | BT45: 3349096.1 | BU45: 2949096.1 | BV45: 3349096.1 | BW45: 3978344 | BX45: 3578344 | BY45: 3978344 | BZ45: 3151196.9 | CA45: 3151196.9 | CB45: 3151181.4 | CC45: 35720816 | CD45: 3998250.2 | CE45: 4092750.2 | CF45: 3998250.2 | CG45: 7739030.8 | CH45: 7644530.8 | CI45: 7644530.8 | CJ45: 10540516 | CK45: 10540516 | CL45: 10540516 | CM45: 7673196.1 | CN45: 7673196.1 | CO45: 9173388.1 | CP45: 91258671
B46: Income from Operations | D46: 0 | E46: 0 | F46: 0 | G46: 0 | H46: 0 | I46: 0 | J46: 0 | K46: 0 | L46: 0 | M46: 0 | N46: 0 | O46: -158315.65 | P46: -158315.65 | Q46: 0 | R46: 0 | S46: 0 | T46: 0 | U46: 0 | V46: 0 | W46: 0 | X46: 0 | Y46: 0 | Z46: 0 | AA46: 0 | AB46: -89541.29 | AC46: -89541.29 | AD46: -37161.53 | AE46: 0 | AF46: 0 | AG46: -1437.5 | AH46: -1437.5 | AI46: 18032.5 | AJ46: 15157.5 | AK46: 15157.5 | AL46: 11017.5 | AM46: -10622.5 | AN46: -40132.78 | AO46: -125793.5 | AP46: -157220.31 | AQ46: -27771.65 | AR46: -43781.488 | AS46: -44900.508 | AT46: -46140.518 | AU46: -47514.596 | AV46: -49037.239 | AW46: -115066.06 | AX46: 120511.46 | AY46: -157838.06 | AZ46: -35000.142 | BA46: 282854.18 | BB46: -1143539.2 | BC46: -1307223.8 | BD46: 3864854.6 | BE46: -132393.31 | BF46: -315597.96 | BG46: -434847.33 | BH46: -374350.58 | BI46: -631161 | BJ46: 10057493 | BK46: 3814582.4 | BL46: -7810981.2 | BM46: 15009081 | BN46: -886538.76 | BO46: -68488.15 | BP46: 22091653 | BQ46: -1458433.6 | BR46: -1480556 | BS46: -1377144.4 | BT46: -3207158.1 | BU46: -2759678.3 | BV46: 29594857 | BW46: 26015397 | BX46: -3527354.1 | BY46: 1133579.4 | BZ46: 5025581.3 | CA46: -4705390 | CB46: 14065014 | CC46: 57318714 | CD46: -3905042.3 | CE46: -4053129.9 | CF46: 3089492.2 | CG46: -24701394 | CH46: -7555160.5 | CI46: 62878697 | CJ46: -20341892 | CK46: -10284228 | CL46: 1.1746756e+08 | CM46: 50312869 | CN46: -17230857 | CO46: 4095593.1 | CP46: 1.4977251e+08
B48: Taxes
B49: Tax Loss Carry Forward | D49: 0 | E49: 0 | F49: 0 | G49: 0 | H49: 0 | I49: 0 | J49: 0 | K49: 0 | L49: 0 | M49: 0 | N49: 0 | O49: 158315.65 | P49: 158315.65 | Q49: 158315.65 | R49: 158315.65 | S49: 158315.65 | T49: 158315.65 | U49: 158315.65 | V49: 158315.65 | W49: 158315.65 | X49: 158315.65 | Y49: 158315.65 | Z49: 158315.65 | AA49: 158315.65 | AB49: 247856.94 | AC49: 247856.94 | AD49: 285018.47 | AE49: 285018.47 | AF49: 285018.47 | AG49: 286455.97 | AH49: 287893.47 | AI49: 269860.97 | AJ49: 254703.47 | AK49: 239545.97 | AL49: 228528.47 | AM49: 239150.97 | AN49: 279283.75 | AO49: 650291.25 | AP49: 405077.25 | AQ49: 432848.9 | AR49: 476630.39 | AS49: 521530.9 | AT49: 567671.41 | AU49: 615186.01 | AV49: 664223.25 | AW49: 779289.31 | AX49: 658777.86 | AY49: 816615.92 | AZ49: 851616.06 | BA49: 568761.88 | BB49: 1957515 | BC49: 1712301 | BD49: 0 | BE49: 132393.31 | BF49: 447991.27 | BG49: 882838.6 | BH49: 1257189.2 | BI49: 1888350.2 | BJ49: 0 | BK49: 0 | BL49: 7810981.2 | BM49: 0 | BN49: 886538.76 | BO49: 955026.91 | BP49: 757274.13 | BQ49: 2215707.7 | BR49: 3696263.7 | BS49: 5073408.1 | BT49: 8280566.2 | BU49: 11040245 | BV49: 0 | BW49: 0 | BX49: 3527354.1 | BY49: 2393774.7 | BZ49: 0 | CA49: 4705390 | CB49: 0 | CC49: -56561440 | CD49: -52656398 | CE49: -48603268 | CF49: -48603268 | CG49: -23901875 | CH49: -16346714 | CI49: -16346714 | CJ49: 3995177.9 | CK49: 14279406 | CL49: 0 | CM49: 0 | CN49: 17230857 | CO49: 13135264 | CP49: 13135264
B50: Add to Tax Loss Carry Forward | D50: 0 | E50: 0 | F50: 0 | G50: 0 | H50: 0 | I50: 0 | J50: 0 | K50: 0 | L50: 0 | M50: 0 | N50: 0 | O50: 158315.65 | P50: 158315.65 | Q50: 0 | R50: 0 | S50: 0 | T50: 0 | U50: 0 | V50: 0 | W50: 0 | X50: 0 | Y50: 0 | Z50: 0 | AA50: 0 | AB50: 89541.29 | AC50: 89541.29 | AD50: 37161.53 | AE50: 0 | AF50: 0 | AG50: 1437.5 | AH50: 1437.5 | AI50: -18032.5 | AJ50: -15157.5 | AK50: -15157.5 | AL50: -11017.5 | AM50: 10622.5 | AN50: 40132.78 | AO50: 125793.5 | AP50: 157220.31 | AQ50: 27771.65 | AR50: 43781.488 | AS50: 44900.508 | AT50: 46140.518 | AU50: 47514.596 | AV50: 49037.239 | AW50: 115066.06 | AX50: -120511.46 | AY50: 157838.06 | AZ50: 35000.142 | BA50: -282854.18 | BB50: 1143539.2 | BC50: 1307223.8 | BD50: -1712301 | BE50: 132393.31 | BF50: 315597.96 | BG50: 434847.33 | BH50: 374350.58 | BI50: 631161 | BJ50: -1888350.2 | BK50: 0 | BL50: 7810981.2 | BM50: -7810981.2 | BN50: 886538.76 | BO50: 68488.15 | BP50: -955026.91 | BQ50: 1458433.6 | BR50: 1480556 | BS50: 1377144.4 | BT50: 3207158.1 | BU50: 2759678.3 | BV50: -11040245 | BW50: 0 | BX50: 3527354.1 | BY50: -1133579.4 | BZ50: -2393774.7 | CA50: 4705390 | CB50: -4705390 | CC50: -757274.13 | CD50: 3905042.3 | CE50: 4053129.9 | CF50: 0 | CG50: 24701394 | CH50: 7555160.5 | CI50: 0 | CJ50: 20341892 | CK50: 10284228 | CL50: -14279406 | CM50: 0 | CN50: 17230857 | CO50: -4095593.1 | CP50: 69696704
B51: Taxable Income | D51: 0 | E51: 0 | F51: 0 | G51: 0 | H51: 0 | I51: 0 | J51: 0 | K51: 0 | L51: 0 | M51: 0 | N51: 0 | O51: 0 | P51: 0 | Q51: 0 | R51: 0 | S51: 0 | T51: 0 | U51: 0 | V51: 0 | W51: 0 | X51: 0 | Y51: 0 | Z51: 0 | AA51: 0 | AB51: 0 | AC51: 0 | AD51: 0 | AE51: 0 | AF51: 0 | AG51: 0 | AH51: 0 | AI51: 0 | AJ51: 0 | AK51: 0 | AL51: 0 | AM51: 0 | AN51: 0 | AO51: 0 | AP51: 0 | AQ51: 0 | AR51: 0 | AS51: 0 | AT51: 0 | AU51: 0 | AV51: 0 | AW51: 0 | AX51: 0 | AY51: 0 | AZ51: 0 | BA51: 0 | BB51: 0 | BC51: 0 | BD51: 2152553.6 | BE51: 0 | BF51: 0 | BG51: 0 | BH51: 0 | BI51: 0 | BJ51: 8169142.5 | BK51: 3814582.4 | BL51: 0 | BM51: 7198100.1 | BN51: 0 | BO51: 0 | BP51: 21136626 | BQ51: 0 | BR51: 0 | BS51: 0 | BT51: 0 | BU51: 0 | BV51: 18554612 | BW51: 26015397 | BX51: 0 | BY51: 0 | BZ51: 2631806.6 | CA51: 0 | CB51: 9359624.5 | CC51: 56561440 | CD51: 0 | CE51: 0 | CF51: 3089492.2 | CG51: 0 | CH51: 0 | CI51: 62878697 | CJ51: 0 | CK51: 0 | CL51: 1.0318815e+08 | CM51: 50312869 | CN51: 0 | CO51: 0 | CP51: 2.1946921e+08
B52: Federal Income Taxes (21%) | D52: 0 | E52: 0 | F52: 0 | G52: 0 | H52: 0 | I52: 0 | J52: 0 | K52: 0 | L52: 0 | M52: 0 | N52: 0 | O52: 0 | P52: 0 | Q52: 0 | R52: 0 | S52: 0 | T52: 0 | U52: 0 | V52: 0 | W52: 0 | X52: 0 | Y52: 0 | Z52: 0 | AA52: 0 | AB52: 0 | AC52: 0 | AD52: 0 | AE52: 0 | AF52: 0 | AG52: 0 | AH52: 0 | AI52: 0 | AJ52: 0 | AK52: 0 | AL52: 0 | AM52: 0 | AN52: 0 | AO52: 0 | AP52: 0 | AQ52: 0 | AR52: 0 | AS52: 0 | AT52: 0 | AU52: 0 | AV52: 0 | AW52: 0 | AX52: 0 | AY52: 0 | AZ52: 0 | BA52: 0 | BB52: 0 | BC52: 0 | BD52: 452036.25 | BE52: 0 | BF52: 0 | BG52: 0 | BH52: 0 | BI52: 0 | BJ52: 1715519.9 | BK52: 801062.3 | BL52: 0 | BM52: 1511601 | BN52: 0 | BO52: 0 | BP52: 4438691.4 | BQ52: 0 | BR52: 0 | BS52: 0 | BT52: 0 | BU52: 0 | BV52: 3896468.6 | BW52: 5463233.3 | BX52: 0 | BY52: 0 | BZ52: 552679.39 | CA52: 0 | CB52: 1965521.1 | CC52: 11877902 | CD52: 0 | CE52: 0 | CF52: 648793.37 | CG52: 0 | CH52: 0 | CI52: 13204526 | CJ52: 0 | CK52: 0 | CL52: 21669512 | CM52: 10565703 | CN52: 0 | CO52: 0 | CP52: 46088535
B53: State Income Taxes (7%) | D53: 0 | E53: 0 | F53: 0 | G53: 0 | H53: 0 | I53: 0 | J53: 0 | K53: 0 | L53: 0 | M53: 0 | N53: 0 | O53: 0 | P53: 0 | Q53: 0 | R53: 0 | S53: 0 | T53: 0 | U53: 0 | V53: 0 | W53: 0 | X53: 0 | Y53: 0 | Z53: 0 | AA53: 0 | AB53: 0 | AC53: 0 | AD53: 0 | AE53: 0 | AF53: 0 | AG53: 0 | AH53: 0 | AI53: 0 | AJ53: 0 | AK53: 0 | AL53: 0 | AM53: 0 | AN53: 0 | AO53: 0 | AP53: 0 | AQ53: 0 | AR53: 0 | AS53: 0 | AT53: 0 | AU53: 0 | AV53: 0 | AW53: 0 | AX53: 0 | AY53: 0 | AZ53: 0 | BA53: 0 | BB53: 0 | BC53: 0 | BD53: 150678.75 | BE53: 0 | BF53: 0 | BG53: 0 | BH53: 0 | BI53: 0 | BJ53: 571839.97 | BK53: 267020.77 | BL53: 0 | BM53: 503867.01 | BN53: 0 | BO53: 0 | BP53: 1479563.8 | BQ53: 0 | BR53: 0 | BS53: 0 | BT53: 0 | BU53: 0 | BV53: 1298822.9 | BW53: 1821077.8 | BX53: 0 | BY53: 0 | BZ53: 184226.46 | CA53: 0 | CB53: 655173.71 | CC53: 3959300.8 | CD53: 0 | CE53: 0 | CF53: 216264.46 | CG53: 0 | CH53: 0 | CI53: 4401508.8 | CJ53: 0 | CK53: 0 | CL53: 7223170.7 | CM53: 3521900.9 | CN53: 0 | CO53: 0 | CP53: 15362845
B54: Total | D54: 0 | E54: 0 | F54: 0 | G54: 0 | H54: 0 | I54: 0 | J54: 0 | K54: 0 | L54: 0 | M54: 0 | N54: 0 | O54: 0 | P54: 0 | Q54: 0 | R54: 0 | S54: 0 | T54: 0 | U54: 0 | V54: 0 | W54: 0 | X54: 0 | Y54: 0 | Z54: 0 | AA54: 0 | AB54: 0 | AC54: 0 | AD54: 0 | AE54: 0 | AF54: 0 | AG54: 0 | AH54: 0 | AI54: 0 | AJ54: 0 | AK54: 0 | AL54: 0 | AM54: 0 | AN54: 0 | AO54: 0 | AP54: 0 | AQ54: 0 | AR54: 0 | AS54: 0 | AT54: 0 | AU54: 0 | AV54: 0 | AW54: 0 | AX54: 0 | AY54: 0 | AZ54: 0 | BA54: 0 | BB54: 0 | BC54: 0 | BD54: 602715 | BE54: 0 | BF54: 0 | BG54: 0 | BH54: 0 | BI54: 0 | BJ54: 2287359.9 | BK54: 1068083.1 | BL54: 0 | BM54: 2015468 | BN54: 0 | BO54: 0 | BP54: 5918255.2 | BQ54: 0 | BR54: 0 | BS54: 0 | BT54: 0 | BU54: 0 | BV54: 5195291.5 | BW54: 7284311.1 | BX54: 0 | BY54: 0 | BZ54: 736905.85 | CA54: 0 | CB54: 2620694.8 | CC54: 15837203 | CD54: 0 | CE54: 0 | CF54: 865057.83 | CG54: 0 | CH54: 0 | CI54: 17606035 | CJ54: 0 | CK54: 0 | CL54: 28892683 | CM54: 14087603 | CN54: 0 | CO54: 0 | CP54: 61451379
B57: EBITDA | D57: 0 | E57: 0 | F57: 0 | G57: 0 | H57: 0 | I57: 0 | J57: 0 | K57: 0 | L57: 0 | M57: 0 | N57: 0 | O57: -158315.65 | P57: -158315.65 | Q57: 0 | R57: 0 | S57: 0 | T57: 0 | U57: 0 | V57: 0 | W57: 0 | X57: 0 | Y57: 0 | Z57: 0 | AA57: 0 | AB57: -86961.05 | AC57: -86961.05 | AD57: -20885.53 | AE57: 0 | AF57: 0 | AG57: -1437.5 | AH57: -1437.5 | AI57: 18032.5 | AJ57: 15157.5 | AK57: 15157.5 | AL57: 11017.5 | AM57: -10622.5 | AN57: -40132.78 | AO57: -125793.5 | AP57: -140944.31 | AQ57: -25559.233 | AR57: -41569.071 | AS57: -42688.092 | AT57: -43928.101 | AU57: -45302.179 | AV57: -46824.823 | AW57: -112853.65 | AX57: 122723.87 | AY57: -155625.65 | AZ57: -32787.726 | BA57: 285066.59 | BB57: -1141326.7 | BC57: -1280674.8 | BD57: 3867736.4 | BE57: -129511.56 | BF57: -312716.21 | BG57: -431965.58 | BH57: -371468.83 | BI57: -628279.25 | BJ57: 10060374 | BK57: 3817464.1 | BL57: -7808099.4 | BM57: 15011963 | BN57: -883657.01 | BO57: -65606.4 | BP57: 22126234 | BQ57: -1292444.8 | BR57: -1480556 | BS57: -1377144.4 | BT57: -3207158.1 | BU57: -2759678.3 | BV57: 29594857 | BW57: 26015397 | BX57: -3527354.1 | BY57: 1133579.4 | BZ57: 5025581.3 | CA57: -4705390 | CB57: 14065014 | CC57: 57484703 | CD57: -3705855.7 | CE57: -4053129.9 | CF57: 3089492.2 | CG57: -24701394 | CH57: -7555160.5 | CI57: 62878697 | CJ57: -20341892 | CK57: -10284228 | CL57: 1.1746756e+08 | CM57: 50312869 | CN57: -17230857 | CO57: 4095593.1 | CP57: 1.4997169e+08
B58: Depreciation | D58: 0 | E58: 0 | F58: 0 | G58: 0 | H58: 0 | I58: 0 | J58: 0 | K58: 0 | L58: 0 | M58: 0 | N58: 0 | P58: 0 | Q58: 0 | AB58: 2580.24 | AC58: 2580.24 | AD58: 16276 | AE58: 0 | AF58: 0 | AG58: 0 | AH58: 0 | AI58: 0 | AJ58: 0 | AK58: 0 | AL58: 0 | AM58: 0 | AN58: 0 | AO58: 0 | AP58: 16276 | AQ58: 2212.4167 | AR58: 2212.4167 | AS58: 2212.4167 | AT58: 2212.4167 | AU58: 2212.4167 | AV58: 2212.4167 | AW58: 2212.4167 | AX58: 2212.4167 | AY58: 2212.4167 | AZ58: 2212.4167 | BA58: 2212.4167 | BB58: 2212.4167 | BC58: 26549 | BD58: 2881.75 | BE58: 2881.75 | BF58: 2881.75 | BG58: 2881.75 | BH58: 2881.75 | BI58: 2881.75 | BJ58: 2881.75 | BK58: 2881.75 | BL58: 2881.75 | BM58: 2881.75 | BN58: 2881.75 | BO58: 2881.75 | BP58: 34581 | BQ58: 165988.8 | CC58: 165988.8 | CD58: 199186.56 | CP58: 199186.56
B59: Amortization | D59: 0 | E59: 0 | F59: 0 | G59: 0 | H59: 0 | I59: 0 | J59: 0 | K59: 0 | L59: 0 | M59: 0 | N59: 0 | O59: 0 | P59: 0 | Q59: 0 | R59: 0 | S59: 0 | T59: 0 | U59: 0 | V59: 0 | W59: 0 | X59: 0 | Y59: 0 | Z59: 0 | AA59: 0 | AB59: 0 | AC59: 0 | AD59: 0 | AE59: 0 | AF59: 0 | AG59: 0 | AH59: 0 | AI59: 0 | AJ59: 0 | AK59: 0 | AL59: 0 | AM59: 0 | AN59: 0 | AO59: 0 | AP59: 0 | AQ59: 0 | AR59: 0 | AS59: 0 | AT59: 0 | AU59: 0 | AV59: 0 | AW59: 0 | AX59: 0 | AY59: 0 | AZ59: 0 | BA59: 0 | BB59: 0 | BC59: 0 | BD59: 0 | BE59: 0 | BF59: 0 | BG59: 0 | BH59: 0 | BI59: 0 | BJ59: 0 | BK59: 0 | BL59: 0 | BM59: 0 | BN59: 0 | BO59: 0 | BP59: 0 | BQ59: 0 | BR59: 0 | BS59: 0 | BT59: 0 | BU59: 0 | BV59: 0 | BW59: 0 | BX59: 0 | BY59: 0 | BZ59: 0 | CA59: 0 | CB59: 0 | CC59: 0 | CD59: 0 | CE59: 0 | CF59: 0 | CG59: 0 | CH59: 0 | CI59: 0 | CJ59: 0 | CK59: 0 | CL59: 0 | CM59: 0 | CN59: 0 | CO59: 0 | CP59: 0
B60: Net Profit | C60: 0 | D60: 0 | E60: 0 | F60: 0 | G60: 0 | H60: 0 | I60: 0 | J60: 0 | K60: 0 | L60: 0 | M60: 0 | N60: 0 | O60: -158315.65 | P60: -158315.65 | Q60: 0 | R60: 0 | S60: 0 | T60: 0 | U60: 0 | V60: 0 | W60: 0 | X60: 0 | Y60: 0 | Z60: 0 | AA60: 0 | AB60: -92121.53 | AC60: -92121.53 | AD60: -53437.53 | AE60: 0 | AF60: 0 | AG60: -1437.5 | AH60: -1437.5 | AI60: 18032.5 | AJ60: 15157.5 | AK60: 15157.5 | AL60: 11017.5 | AM60: -10622.5 | AN60: -40132.78 | AO60: -125793.5 | AP60: -173496.31 | AQ60: -29984.067 | AR60: -45993.904 | AS60: -47112.925 | AT60: -48352.934 | AU60: -49727.013 | AV60: -51249.656 | AW60: -117278.48 | AX60: 118299.04 | AY60: -160050.48 | AZ60: -37212.559 | BA60: 280641.76 | BB60: -1145751.6 | BC60: -1333772.8 | BD60: 3259257.9 | BE60: -135275.06 | BF60: -318479.71 | BG60: -437729.08 | BH60: -377232.33 | BI60: -634042.75 | BJ60: 7767251 | BK60: 2743617.6 | BL60: -7813862.9 | BM60: 12990731 | BN60: -889420.51 | BO60: -71369.9 | BP60: 16138816 | BQ60: -1624422.4 | BR60: -1480556 | BS60: -1377144.4 | BT60: -3207158.1 | BU60: -2759678.3 | BV60: 24399566 | BW60: 18731086 | BX60: -3527354.1 | BY60: 1133579.4 | BZ60: 4288675.5 | CA60: -4705390 | CB60: 11444320 | CC60: 41315522 | CD60: -4104228.8 | CE60: -4053129.9 | CF60: 2224434.4 | CG60: -24701394 | CH60: -7555160.5 | CI60: 45272662 | CJ60: -20341892 | CK60: -10284228 | CL60: 88574877 | CM60: 36225266 | CN60: -17230857 | CO60: 4095593.1 | CP60: 88121942
B61: Return on Sales | D61: 0 | E61: 0 | F61: 0 | G61: 0 | H61: 0 | I61: 0 | J61: 0 | K61: 0 | L61: 0 | M61: 0 | N61: 0 | O61: 0 | P61: 0 | Q61: 0 | R61: 0 | S61: 0 | T61: 0 | U61: 0 | V61: 0 | W61: 0 | X61: 0 | Y61: 0 | Z61: 0 | AA61: 0 | AB61: 0 | AC61: 0 | AD61: 0 | AE61: 0 | AF61: 0 | AG61: 0 | AH61: 0 | AI61: 0.62721739 | AJ61: 0.52721739 | AK61: 0.52721739 | AL61: 0.38321739 | AM61: -0.36947826 | AN61: -0.74665637 | AO61: -3.4416826 | AP61: -0.74127883 | AQ61: 0 | AR61: 0 | AS61: 0 | AT61: 0 | AU61: 0 | AV61: 0 | AW61: 0 | AX61: 0.47319605 | AY61: 0 | AZ61: -0.065499138 | BA61: 0.27808283 | BB61: 1.3848614 | BC61: -1.3337728 | BD61: 0.60245921 | BE61: -0.32733451 | BF61: -0.76443888 | BG61: -1.042231 | BH61: -0.89099561 | BI61: -1.4856061 | BJ61: 0.67645926 | BK61: 0.52374998 | BL61: -17.875886 | BM61: 0.63866036 | BN61: -2.0027955 | BO61: -0.013101159 | BP61: 0.31706908 | BQ61: -4.6858789 | BR61: -3.7534962 | BS61: -3.0925782 | BT61: -6.4215296 | BU61: -4.9540575 | BV61: 0.72569423 | BW61: 0.46040821 | BX61: -4.6836617 | BY61: 0.19453709 | BZ61: 0.20514324 | CA61: -4.7551979 | CB61: 0.60791263 | CC61: 0.33359324 | CD61: -4.7603617 | CE61: -4.4128285 | CF61: 0.24779585 | CG61: -23.810182 | CH61: -6.8670365 | CI61: 0.55518273 | CJ61: -16.500776 | CK61: -7.8941996 | CL61: 0.63692091 | CM61: 0.52455887 | CN61: -11.272841 | CO61: 0.29961769 | CP61: 0.27512314
B63: Licensing
B64: EBITDA plus licensing

Sheet Variances
B2: 2016 | C2: =B2+1 -> 2017 | D2: =C2+1 -> 2018 | E2: =D2+1 -> 2019 | F2: =E2+1 -> 2020 | G2: =F2+1 -> 2021 | H2: =G2+1 -> 2022
A3: Sales Revenue
A4: Unlimited & Limited Licenses | B4: ='Income Statement Act'!P6-'Income Statement Bud'!P6 -> 0 | C4: ='Income Statement Act'!AC6-'Income Statement Bud'!AC6 -> 0 | D4: ='Income Statement Act'!AP6-'Income Statement Bud'!AP6 -> 0 | E4: ='Income Statement Act'!BC6-'Income Statement Bud'!BC6 -> 0 | F4: ='Income Statement Act'!BP6-'Income Statement Bud'!BP6 -> 0 | G4: ='Income Statement Act'!CC6-'Income Statement Bud'!CC6 -> 10000000 | H4: ='Income Statement Act'!CP6-'Income Statement Bud'!CP6 -> 0
A5: PPE (Price per Engagement) | B5: ='Income Statement Act'!P7-'Income Statement Bud'!P7 -> 0 | C5: ='Income Statement Act'!AC7-'Income Statement Bud'!AC7 -> 0 | D5: ='Income Statement Act'!AP7-'Income Statement Bud'!AP7 -> 0 | E5: ='Income Statement Act'!BC7-'Income Statement Bud'!BC7 -> 0 | F5: ='Income Statement Act'!BP7-'Income Statement Bud'!BP7 -> 0 | G5: ='Income Statement Act'!CC7-'Income Statement Bud'!CC7 -> 0 | H5: ='Income Statement Act'!CP7-'Income Statement Bud'!CP7 -> 0
A6: Professional Services | B6: ='Income Statement Act'!P8-'Income Statement Bud'!P8 -> 0 | C6: ='Income Statement Act'!AC8-'Income Statement Bud'!AC8 -> 0 | D6: ='Income Statement Act'!AP8-'Income Statement Bud'!AP8 -> 0 | E6: ='Income Statement Act'!BC8-'Income Statement Bud'!BC8 -> 0 | F6: ='Income Statement Act'!BP8-'Income Statement Bud'!BP8 -> 0 | G6: ='Income Statement Act'!CC8-'Income Statement Bud'!CC8 -> 0 | H6: ='Income Statement Act'!CP8-'Income Statement Bud'!CP8 -> 0
A7: Merchandising Affiliate | B7: ='Income Statement Act'!P9-'Income Statement Bud'!P9 -> 0 | C7: ='Income Statement Act'!AC9-'Income Statement Bud'!AC9 -> 0 | D7: ='Income Statement Act'!AP9-'Income Statement Bud'!AP9 -> 0 | E7: ='Income Statement Act'!BC9-'Income Statement Bud'!BC9 -> 0 | F7: ='Income Statement Act'!BP9-'Income Statement Bud'!BP9 -> 0 | G7: ='Income Statement Act'!CC9-'Income Statement Bud'!CC9 -> 0 | H7: ='Income Statement Act'!CP9-'Income Statement Bud'!CP9 -> 0
A8: Other Revenue | B8: ='Income Statement Act'!P10-'Income Statement Bud'!P10 -> 0 | C8: ='Income Statement Act'!AC10-'Income Statement Bud'!AC10 -> 0 | D8: ='Income Statement Act'!AP10-'Income Statement Bud'!AP10 -> 0 | E8: ='Income Statement Act'!BC10-'Income Statement Bud'!BC10 -> -2000000 | F8: ='Income Statement Act'!BP10-'Income Statement Bud'!BP10 -> 10000000 | G8: ='Income Statement Act'!CC10-'Income Statement Bud'!CC10 -> 0 | H8: ='Income Statement Act'!CP10-'Income Statement Bud'!CP10 -> 0
A9: Total Sales Revenue | B9: ='Income Statement Act'!P11-'Income Statement Bud'!P11 -> 0 | C9: ='Income Statement Act'!AC11-'Income Statement Bud'!AC11 -> 0 | D9: ='Income Statement Act'!AP11-'Income Statement Bud'!AP11 -> 0 | E9: ='Income Statement Act'!BC11-'Income Statement Bud'!BC11 -> -2000000 | F9: ='Income Statement Act'!BP11-'Income Statement Bud'!BP11 -> 10000000 | G9: ='Income Statement Act'!CC11-'Income Statement Bud'!CC11 -> 10000000 | H9: ='Income Statement Act'!CP11-'Income Statement Bud'!CP11 -> 0
A11: Cost of Sales
A12: Geo-fencing Cost & Gross Sales Costs | B12: ='Income Statement Act'!P14-'Income Statement Bud'!P14 -> 0 | C12: ='Income Statement Act'!AC14-'Income Statement Bud'!AC14 -> 0 | D12: ='Income Statement Act'!AP14-'Income Statement Bud'!AP14 -> 0 | E12: ='Income Statement Act'!BC14-'Income Statement Bud'!BC14 -> 0 | F12: ='Income Statement Act'!BP14-'Income Statement Bud'!BP14 -> 0 | G12: ='Income Statement Act'!CC14-'Income Statement Bud'!CC14 -> 1000000 | H12: ='Income Statement Act'!CP14-'Income Statement Bud'!CP14 -> 0
A13: Project Management and Development | B13: ='Income Statement Act'!P15-'Income Statement Bud'!P15 -> 0 | C13: ='Income Statement Act'!AC15-'Income Statement Bud'!AC15 -> 0 | D13: ='Income Statement Act'!AP15-'Income Statement Bud'!AP15 -> 0 | E13: ='Income Statement Act'!BC15-'Income Statement Bud'!BC15 -> 0 | F13: ='Income Statement Act'!BP15-'Income Statement Bud'!BP15 -> 0 | G13: ='Income Statement Act'!CC15-'Income Statement Bud'!CC15 -> 0 | H13: ='Income Statement Act'!CP15-'Income Statement Bud'!CP15 -> 0
A14: Ongoing Campaign Maintenance | B14: ='Income Statement Act'!P16-'Income Statement Bud'!P16 -> 0 | C14: ='Income Statement Act'!AC16-'Income Statement Bud'!AC16 -> 0 | D14: ='Income Statement Act'!AP16-'Income Statement Bud'!AP16 -> 0 | E14: ='Income Statement Act'!BC16-'Income Statement Bud'!BC16 -> -600000 | F14: ='Income Statement Act'!BP16-'Income Statement Bud'!BP16 -> 2000000 | G14: ='Income Statement Act'!CC16-'Income Statement Bud'!CC16 -> 0 | H14: ='Income Statement Act'!CP16-'Income Statement Bud'!CP16 -> 0
A15: Other COGS | B15: ='Income Statement Act'!P17-'Income Statement Bud'!P17 -> 0 | C15: ='Income Statement Act'!AC17-'Income Statement Bud'!AC17 -> 0 | D15: ='Income Statement Act'!AP17-'Income Statement Bud'!AP17 -> 0 | E15: ='Income Statement Act'!BC17-'Income Statement Bud'!BC17 -> 0 | F15: ='Income Statement Act'!BP17-'Income Statement Bud'!BP17 -> 0 | G15: ='Income Statement Act'!CC17-'Income Statement Bud'!CC17 -> 0 | H15: ='Income Statement Act'!CP17-'Income Statement Bud'!CP17 -> 0
A16: Total | B16: ='Income Statement Act'!P18-'Income Statement Bud'!P18 -> 0 | C16: ='Income Statement Act'!AC18-'Income Statement Bud'!AC18 -> 0 | D16: ='Income Statement Act'!AP18-'Income Statement Bud'!AP18 -> 0 | E16: ='Income Statement Act'!BC18-'Income Statement Bud'!BC18 -> -600000 | F16: ='Income Statement Act'!BP18-'Income Statement Bud'!BP18 -> 2000000 | G16: ='Income Statement Act'!CC18-'Income Statement Bud'!CC18 -> 1000000 | H16: ='Income Statement Act'!CP18-'Income Statement Bud'!CP18 -> 0
A18: Gross Profit | B18: ='Income Statement Act'!P20-'Income Statement Bud'!P20 -> 0 | C18: ='Income Statement Act'!AC20-'Income Statement Bud'!AC20 -> 0 | D18: ='Income Statement Act'!AP20-'Income Statement Bud'!AP20 -> 0 | E18: ='Income Statement Act'!BC20-'Income Statement Bud'!BC20 -> -1400000 | F18: ='Income Statement Act'!BP20-'Income Statement Bud'!BP20 -> 8000000 | G18: ='Income Statement Act'!CC20-'Income Statement Bud'!CC20 -> 9000000 | H18: ='Income Statement Act'!CP20-'Income Statement Bud'!CP20 -> 0
A19: Gross Margin | B19: ='Income Statement Act'!P21-'Income Statement Bud'!P21 -> 0 | C19: ='Income Statement Act'!AC21-'Income Statement Bud'!AC21 -> 0 | D19: ='Income Statement Act'!AP21-'Income Statement Bud'!AP21 -> 0 | E19: ='Income Statement Act'!BC21-'Income Statement Bud'!BC21 -> 0.18798918 | F19: ='Income Statement Act'!BP21-'Income Statement Bud'!BP21 -> 0.013222136 | G19: ='Income Statement Act'!CC21-'Income Statement Bud'!CC21 -> 0.01306741 | H19: ='Income Statement Act'!CP21-'Income Statement Bud'!CP21 -> 0
A21: Operating Expense: Marketing
A22: Marketing | B22: ='Income Statement Act'!P24-'Income Statement Bud'!P24 -> 0 | C22: ='Income Statement Act'!AC24-'Income Statement Bud'!AC24 -> 0 | D22: ='Income Statement Act'!AP24-'Income Statement Bud'!AP24 -> 0 | E22: ='Income Statement Act'!BC24-'Income Statement Bud'!BC24 -> 0 | F22: ='Income Statement Act'!BP24-'Income Statement Bud'!BP24 -> 0 | G22: ='Income Statement Act'!CC24-'Income Statement Bud'!CC24 -> 0 | H22: ='Income Statement Act'!CP24-'Income Statement Bud'!CP24 -> 0
A23: Total | B23: ='Income Statement Act'!P25-'Income Statement Bud'!P25 -> 0 | C23: ='Income Statement Act'!AC25-'Income Statement Bud'!AC25 -> 0 | D23: ='Income Statement Act'!AP25-'Income Statement Bud'!AP25 -> 0 | E23: ='Income Statement Act'!BC25-'Income Statement Bud'!BC25 -> 0 | F23: ='Income Statement Act'!BP25-'Income Statement Bud'!BP25 -> 0 | G23: ='Income Statement Act'!CC25-'Income Statement Bud'!CC25 -> 0 | H23: ='Income Statement Act'!CP25-'Income Statement Bud'!CP25 -> 0
A25: Operating Expense: General and Administrative
A26: Salaries | B26: ='Income Statement Act'!P28-'Income Statement Bud'!P28 -> 0 | C26: ='Income Statement Act'!AC28-'Income Statement Bud'!AC28 -> 0 | D26: ='Income Statement Act'!AP28-'Income Statement Bud'!AP28 -> 0 | E26: ='Income Statement Act'!BC28-'Income Statement Bud'!BC28 -> 0 | F26: ='Income Statement Act'!BP28-'Income Statement Bud'!BP28 -> 0 | G26: ='Income Statement Act'!CC28-'Income Statement Bud'!CC28 -> 0 | H26: ='Income Statement Act'!CP28-'Income Statement Bud'!CP28 -> 0
A27: Sales Comissions (% of sales) | B27: ='Income Statement Act'!P29-'Income Statement Bud'!P29 -> 0 | C27: ='Income Statement Act'!AC29-'Income Statement Bud'!AC29 -> 0 | D27: ='Income Statement Act'!AP29-'Income Statement Bud'!AP29 -> 0 | E27: ='Income Statement Act'!BC29-'Income Statement Bud'!BC29 -> 0 | F27: ='Income Statement Act'!BP29-'Income Statement Bud'!BP29 -> 0 | G27: ='Income Statement Act'!CC29-'Income Statement Bud'!CC29 -> -800000 | H27: ='Income Statement Act'!CP29-'Income Statement Bud'!CP29 -> 0
A28: Benefits | B28: ='Income Statement Act'!P30-'Income Statement Bud'!P30 -> 0 | C28: ='Income Statement Act'!AC30-'Income Statement Bud'!AC30 -> 0 | D28: ='Income Statement Act'!AP30-'Income Statement Bud'!AP30 -> 0 | E28: ='Income Statement Act'!BC30-'Income Statement Bud'!BC30 -> 0 | F28: ='Income Statement Act'!BP30-'Income Statement Bud'!BP30 -> 0 | G28: ='Income Statement Act'!CC30-'Income Statement Bud'!CC30 -> 0 | H28: ='Income Statement Act'!CP30-'Income Statement Bud'!CP30 -> 0
A29: Payroll Taxes | B29: ='Income Statement Act'!P31-'Income Statement Bud'!P31 -> 0 | C29: ='Income Statement Act'!AC31-'Income Statement Bud'!AC31 -> 0 | D29: ='Income Statement Act'!AP31-'Income Statement Bud'!AP31 -> 0 | E29: ='Income Statement Act'!BC31-'Income Statement Bud'!BC31 -> 0 | F29: ='Income Statement Act'!BP31-'Income Statement Bud'!BP31 -> 0 | G29: ='Income Statement Act'!CC31-'Income Statement Bud'!CC31 -> 0 | H29: ='Income Statement Act'!CP31-'Income Statement Bud'!CP31 -> 0
A30: Office Infrastructure | B30: ='Income Statement Act'!P32-'Income Statement Bud'!P32 -> 0 | C30: ='Income Statement Act'!AC32-'Income Statement Bud'!AC32 -> 0 | D30: ='Income Statement Act'!AP32-'Income Statement Bud'!AP32 -> 0 | E30: ='Income Statement Act'!BC32-'Income Statement Bud'!BC32 -> 0 | F30: ='Income Statement Act'!BP32-'Income Statement Bud'!BP32 -> 0 | G30: ='Income Statement Act'!CC32-'Income Statement Bud'!CC32 -> 0 | H30: ='Income Statement Act'!CP32-'Income Statement Bud'!CP32 -> 0
A31: Professional Services | B31: ='Income Statement Act'!P33-'Income Statement Bud'!P33 -> 2938.99 | C31: ='Income Statement Act'!AC33-'Income Statement Bud'!AC33 -> 0 | D31: ='Income Statement Act'!AP33-'Income Statement Bud'!AP33 -> 0 | E31: ='Income Statement Act'!BC33-'Income Statement Bud'!BC33 -> 0 | F31: ='Income Statement Act'!BP33-'Income Statement Bud'!BP33 -> -100000 | G31: ='Income Statement Act'!CC33-'Income Statement Bud'!CC33 -> 0 | H31: ='Income Statement Act'!CP33-'Income Statement Bud'!CP33 -> 0
A32: Travel | B32: ='Income Statement Act'!P34-'Income Statement Bud'!P34 -> 0 | C32: ='Income Statement Act'!AC34-'Income Statement Bud'!AC34 -> 0 | D32: ='Income Statement Act'!AP34-'Income Statement Bud'!AP34 -> 0 | E32: ='Income Statement Act'!BC34-'Income Statement Bud'!BC34 -> 0 | F32: ='Income Statement Act'!BP34-'Income Statement Bud'!BP34 -> 0 | G32: ='Income Statement Act'!CC34-'Income Statement Bud'!CC34 -> 0 | H32: ='Income Statement Act'!CP34-'Income Statement Bud'!CP34 -> 0
A33: Telecommunications | B33: ='Income Statement Act'!P35-'Income Statement Bud'!P35 -> 0 | C33: ='Income Statement Act'!AC35-'Income Statement Bud'!AC35 -> 0 | D33: ='Income Statement Act'!AP35-'Income Statement Bud'!AP35 -> 0 | E33: ='Income Statement Act'!BC35-'Income Statement Bud'!BC35 -> 0 | F33: ='Income Statement Act'!BP35-'Income Statement Bud'!BP35 -> 0 | G33: ='Income Statement Act'!CC35-'Income Statement Bud'!CC35 -> 0 | H33: ='Income Statement Act'!CP35-'Income Statement Bud'!CP35 -> 0
B34: ='Income Statement Act'!P36-'Income Statement Bud'!P36 -> 0 | C34: ='Income Statement Act'!AC36-'Income Statement Bud'!AC36 -> 0 | D34: ='Income Statement Act'!AP36-'Income Statement Bud'!AP36 -> 0 | E34: ='Income Statement Act'!BC36-'Income Statement Bud'!BC36 -> 0 | F34: ='Income Statement Act'!BP36-'Income Statement Bud'!BP36 -> 0 | G34: ='Income Statement Act'!CC36-'Income Statement Bud'!CC36 -> 0 | H34: ='Income Statement Act'!CP36-'Income Statement Bud'!CP36 -> 0
A35: Product Development Activities | B35: ='Income Statement Act'!P37-'Income Statement Bud'!P37 -> 0 | C35: ='Income Statement Act'!AC37-'Income Statement Bud'!AC37 -> 0 | D35: ='Income Statement Act'!AP37-'Income Statement Bud'!AP37 -> 0 | E35: ='Income Statement Act'!BC37-'Income Statement Bud'!BC37 -> 0 | F35: ='Income Statement Act'!BP37-'Income Statement Bud'!BP37 -> 0 | G35: ='Income Statement Act'!CC37-'Income Statement Bud'!CC37 -> 0 | H35: ='Income Statement Act'!CP37-'Income Statement Bud'!CP37 -> 0
A36: Other expenses (specify) | B36: ='Income Statement Act'!P38-'Income Statement Bud'!P38 -> 0 | C36: ='Income Statement Act'!AC38-'Income Statement Bud'!AC38 -> 0 | D36: ='Income Statement Act'!AP38-'Income Statement Bud'!AP38 -> 0 | E36: ='Income Statement Act'!BC38-'Income Statement Bud'!BC38 -> 0 | F36: ='Income Statement Act'!BP38-'Income Statement Bud'!BP38 -> 0 | G36: ='Income Statement Act'!CC38-'Income Statement Bud'!CC38 -> 0 | H36: ='Income Statement Act'!CP38-'Income Statement Bud'!CP38 -> 0
A37: Total | B37: ='Income Statement Act'!P39-'Income Statement Bud'!P39 -> 0 | C37: ='Income Statement Act'!AC39-'Income Statement Bud'!AC39 -> 0 | D37: ='Income Statement Act'!AP39-'Income Statement Bud'!AP39 -> 0 | E37: ='Income Statement Act'!BC39-'Income Statement Bud'!BC39 -> 0 | F37: ='Income Statement Act'!BP39-'Income Statement Bud'!BP39 -> -100000 | G37: ='Income Statement Act'!CC39-'Income Statement Bud'!CC39 -> -800000 | H37: ='Income Statement Act'!CP39-'Income Statement Bud'!CP39 -> 0
A39: Operating Expense: Other
A40: Dedicated Sales Support | B40: ='Income Statement Act'!P42-'Income Statement Bud'!P42 -> 0 | C40: ='Income Statement Act'!AC42-'Income Statement Bud'!AC42 -> 0 | D40: ='Income Statement Act'!AP42-'Income Statement Bud'!AP42 -> 0 | E40: ='Income Statement Act'!BC42-'Income Statement Bud'!BC42 -> 0 | F40: ='Income Statement Act'!BP42-'Income Statement Bud'!BP42 -> 0 | G40: ='Income Statement Act'!CC42-'Income Statement Bud'!CC42 -> 0 | H40: ='Income Statement Act'!CP42-'Income Statement Bud'!CP42 -> 0
A41: Total | B41: ='Income Statement Act'!P43-'Income Statement Bud'!P43 -> 0 | C41: ='Income Statement Act'!AC43-'Income Statement Bud'!AC43 -> 0 | D41: ='Income Statement Act'!AP43-'Income Statement Bud'!AP43 -> 0 | E41: ='Income Statement Act'!BC43-'Income Statement Bud'!BC43 -> 0 | F41: ='Income Statement Act'!BP43-'Income Statement Bud'!BP43 -> 0 | G41: ='Income Statement Act'!CC43-'Income Statement Bud'!CC43 -> 0 | H41: ='Income Statement Act'!CP43-'Income Statement Bud'!CP43 -> 0
B42: ='Income Statement Act'!P44-'Income Statement Bud'!P44 -> 0 | C42: ='Income Statement Act'!AC44-'Income Statement Bud'!AC44 -> 0 | D42: ='Income Statement Act'!AP44-'Income Statement Bud'!AP44 -> 0 | E42: ='Income Statement Act'!BC44-'Income Statement Bud'!BC44 -> 0 | F42: ='Income Statement Act'!BP44-'Income Statement Bud'!BP44 -> 0 | G42: ='Income Statement Act'!CC44-'Income Statement Bud'!CC44 -> 0 | H42: ='Income Statement Act'!CP44-'Income Statement Bud'!CP44 -> 0
A43: Total Operating Expenses | B43: ='Income Statement Act'!P45-'Income Statement Bud'!P45 -> 0 | C43: ='Income Statement Act'!AC45-'Income Statement Bud'!AC45 -> 0 | D43: ='Income Statement Act'!AP45-'Income Statement Bud'!AP45 -> 0 | E43: ='Income Statement Act'!BC45-'Income Statement Bud'!BC45 -> 0 | F43: ='Income Statement Act'!BP45-'Income Statement Bud'!BP45 -> -100000 | G43: ='Income Statement Act'!CC45-'Income Statement Bud'!CC45 -> -800000 | H43: ='Income Statement Act'!CP45-'Income Statement Bud'!CP45 -> 0
A44: Income from Operations | B44: ='Income Statement Act'!P46-'Income Statement Bud'!P46 -> 0 | C44: ='Income Statement Act'!AC46-'Income Statement Bud'!AC46 -> 0 | D44: ='Income Statement Act'!AP46-'Income Statement Bud'!AP46 -> 0 | E44: ='Income Statement Act'!BC46-'Income Statement Bud'!BC46 -> -1400000 | F44: ='Income Statement Act'!BP46-'Income Statement Bud'!BP46 -> 8100000 | G44: ='Income Statement Act'!CC46-'Income Statement Bud'!CC46 -> 9800000 | H44: ='Income Statement Act'!CP46-'Income Statement Bud'!CP46 -> 0
A46: Taxes
A47: Tax Loss Carry Forward | B47: ='Income Statement Act'!P49-'Income Statement Bud'!P49 -> 0 | C47: ='Income Statement Act'!AC49-'Income Statement Bud'!AC49 -> 0 | D47: ='Income Statement Act'!AP49-'Income Statement Bud'!AP49 -> 0 | E47: ='Income Statement Act'!BC49-'Income Statement Bud'!BC49 -> 1400000 | F47: ='Income Statement Act'!BP49-'Income Statement Bud'!BP49 -> 5400000 | G47: ='Income Statement Act'!CC49-'Income Statement Bud'!CC49 -> -4400000 | H47: ='Income Statement Act'!CP49-'Income Statement Bud'!CP49 -> 0
A48: Add to Tax Loss Carry Forward | B48: ='Income Statement Act'!P50-'Income Statement Bud'!P50 -> 0 | C48: ='Income Statement Act'!AC50-'Income Statement Bud'!AC50 -> 0 | D48: ='Income Statement Act'!AP50-'Income Statement Bud'!AP50 -> 0 | E48: ='Income Statement Act'!BC50-'Income Statement Bud'!BC50 -> 1400000 | F48: ='Income Statement Act'!BP50-'Income Statement Bud'!BP50 -> 4000000 | G48: ='Income Statement Act'!CC50-'Income Statement Bud'!CC50 -> -5400000 | H48: ='Income Statement Act'!CP50-'Income Statement Bud'!CP50 -> 4400000
A49: Taxable Income | B49: ='Income Statement Act'!P51-'Income Statement Bud'!P51 -> 0 | C49: ='Income Statement Act'!AC51-'Income Statement Bud'!AC51 -> 0 | D49: ='Income Statement Act'!AP51-'Income Statement Bud'!AP51 -> 0 | E49: ='Income Statement Act'!BC51-'Income Statement Bud'!BC51 -> 0 | F49: ='Income Statement Act'!BP51-'Income Statement Bud'!BP51 -> 12100000 | G49: ='Income Statement Act'!CC51-'Income Statement Bud'!CC51 -> 4400000 | H49: ='Income Statement Act'!CP51-'Income Statement Bud'!CP51 -> 4400000
A50: Federal Income Taxes (21%) | B50: ='Income Statement Act'!P52-'Income Statement Bud'!P52 -> 0 | C50: ='Income Statement Act'!AC52-'Income Statement Bud'!AC52 -> 0 | D50: ='Income Statement Act'!AP52-'Income Statement Bud'!AP52 -> 0 | E50: ='Income Statement Act'!BC52-'Income Statement Bud'!BC52 -> 0 | F50: ='Income Statement Act'!BP52-'Income Statement Bud'!BP52 -> 2541000 | G50: ='Income Statement Act'!CC52-'Income Statement Bud'!CC52 -> 924000 | H50: ='Income Statement Act'!CP52-'Income Statement Bud'!CP52 -> 924000
A51: State Income Taxes (7%) | B51: ='Income Statement Act'!P53-'Income Statement Bud'!P53 -> 0 | C51: ='Income Statement Act'!AC53-'Income Statement Bud'!AC53 -> 0 | D51: ='Income Statement Act'!AP53-'Income Statement Bud'!AP53 -> 0 | E51: ='Income Statement Act'!BC53-'Income Statement Bud'!BC53 -> 0 | F51: ='Income Statement Act'!BP53-'Income Statement Bud'!BP53 -> 847000 | G51: ='Income Statement Act'!CC53-'Income Statement Bud'!CC53 -> 308000 | H51: ='Income Statement Act'!CP53-'Income Statement Bud'!CP53 -> 308000
A52: Total | B52: ='Income Statement Act'!P54-'Income Statement Bud'!P54 -> 0 | C52: ='Income Statement Act'!AC54-'Income Statement Bud'!AC54 -> 0 | D52: ='Income Statement Act'!AP54-'Income Statement Bud'!AP54 -> 0 | E52: ='Income Statement Act'!BC54-'Income Statement Bud'!BC54 -> 0 | F52: ='Income Statement Act'!BP54-'Income Statement Bud'!BP54 -> 3388000 | G52: ='Income Statement Act'!CC54-'Income Statement Bud'!CC54 -> 1232000 | H52: ='Income Statement Act'!CP54-'Income Statement Bud'!CP54 -> 1232000
A55: EBITDA | B55: ='Income Statement Act'!P57-'Income Statement Bud'!P57 -> 0 | C55: ='Income Statement Act'!AC57-'Income Statement Bud'!AC57 -> 0 | D55: ='Income Statement Act'!AP57-'Income Statement Bud'!AP57 -> 0 | E55: ='Income Statement Act'!BC57-'Income Statement Bud'!BC57 -> -1400000 | F55: ='Income Statement Act'!BP57-'Income Statement Bud'!BP57 -> 8100000 | G55: ='Income Statement Act'!CC57-'Income Statement Bud'!CC57 -> 9800000 | H55: ='Income Statement Act'!CP57-'Income Statement Bud'!CP57 -> 0
A56: Depreciation | B56: ='Income Statement Act'!P58-'Income Statement Bud'!P58 -> 0 | C56: ='Income Statement Act'!AC58-'Income Statement Bud'!AC58 -> 0 | D56: ='Income Statement Act'!AP58-'Income Statement Bud'!AP58 -> 0 | E56: ='Income Statement Act'!BC58-'Income Statement Bud'!BC58 -> 0 | F56: ='Income Statement Act'!BP58-'Income Statement Bud'!BP58 -> 0 | G56: ='Income Statement Act'!CC58-'Income Statement Bud'!CC58 -> 0 | H56: ='Income Statement Act'!CP58-'Income Statement Bud'!CP58 -> 0
A57: Amortization | B57: ='Income Statement Act'!P59-'Income Statement Bud'!P59 -> 0 | C57: ='Income Statement Act'!AC59-'Income Statement Bud'!AC59 -> 0 | D57: ='Income Statement Act'!AP59-'Income Statement Bud'!AP59 -> 0 | E57: ='Income Statement Act'!BC59-'Income Statement Bud'!BC59 -> 0 | F57: ='Income Statement Act'!BP59-'Income Statement Bud'!BP59 -> 0 | G57: ='Income Statement Act'!CC59-'Income Statement Bud'!CC59 -> 0 | H57: ='Income Statement Act'!CP59-'Income Statement Bud'!CP59 -> 0
A58: Net Profit | B58: ='Income Statement Act'!P60-'Income Statement Bud'!P60 -> 0 | C58: ='Income Statement Act'!AC60-'Income Statement Bud'!AC60 -> 0 | D58: ='Income Statement Act'!AP60-'Income Statement Bud'!AP60 -> 0 | E58: ='Income Statement Act'!BC60-'Income Statement Bud'!BC60 -> -1400000 | F58: ='Income Statement Act'!BP60-'Income Statement Bud'!BP60 -> 4712000 | G58: ='Income Statement Act'!CC60-'Income Statement Bud'!CC60 -> 8568000 | H58: ='Income Statement Act'!CP60-'Income Statement Bud'!CP60 -> -1232000
A59: Return on Sales | B59: ='Income Statement Act'!P61-'Income Statement Bud'!P61 -> 0 | C59: ='Income Statement Act'!AC61-'Income Statement Bud'!AC61 -> 0 | D59: ='Income Statement Act'!AP61-'Income Statement Bud'!AP61 -> 0 | E59: ='Income Statement Act'!BC61-'Income Statement Bud'!BC61 -> -1.3558485 | F59: ='Income Statement Act'!BP61-'Income Statement Bud'!BP61 -> 0.03768482 | G59: ='Income Statement Act'!CC61-'Income Statement Bud'!CC61 -> 0.045955798 | H59: ='Income Statement Act'!CP61-'Income Statement Bud'!CP61 -> -0.003846394

Sheet Explanation

Sheet Capital Use (4M)
A1: Capital Use
A3: 4000000 | B3: =#REF! -> #REF! | C3: =#REF! -> #REF! | D3: FY2019 | E3: =#REF! -> #REF! | F3: =#REF! -> #REF! | G3: =#REF! -> #REF!
A5: Operating Expenditures
A6: Travel Expense
A7: Professional Services | D7: 250000
A8: Server
A9: MS Office License
A10: Copier Lease
A11: Telecommunications | C11: =SUM(#REF!) -> #REF!
A12: Total | B12: 0 | C12: =SUM(C6:C11) -> #REF! | D12: =SUM(D5:D11) -> 250000 | E12: =SUM(E5:E11) -> 0 | F12: 0 | G12: 0
A13: Employee Compensation
A14: Employee Salaries/Benefits* | D14: 1000000 | E14: 500000
A15: Employee Benefits
A16: Total | B16: 0 | C16: =SUM(C14:C15) -> 0 | D16: =SUM(D14:D15) -> 1000000 | E16: =SUM(E14:E15) -> 500000 | F16: 0 | G16: 0
A17: Product Development
A18: Technology | D18: =1000000-750000 -> 250000 | E18: 500000
A19: Digital Media Agency | C19: =#REF! -> #REF! | D19: =#REF! -> #REF! | E19: =#REF! -> #REF! | F19: =#REF! -> #REF!
A20: Other | C20: =#REF! -> #REF! | D20: =#REF! -> #REF! | E20: =#REF! -> #REF! | F20: =#REF! -> #REF!
A21: Total | B21: 0 | C21: =SUM(C18:C20) -> #REF! | D21: =SUM(D18:D20) -> #REF! | E21: =SUM(E18:E20) -> #REF! | F21: 0 | G21: 0
A22: Office Space
A23: Rent | D23: 200000 | E23: 400000
A24: Utilities
A25: Insurance
A26: Office Supplies
A27: Furniture | E27: =#REF! -> #REF! | F27: =#REF! -> #REF!
A28: Total | B28: 0 | C28: =SUM(C23:C27) -> 0 | D28: =SUM(D23:D27) -> 200000 | E28: =SUM(E23:E27) -> #REF! | F28: 0 | G28: 0
A29: Marketing and Sales Support
A30: SEO | C30: =#REF! -> #REF! | D30: =#REF! -> #REF! | E30: =#REF! -> #REF! | F30: =#REF! -> #REF! | G30: =#REF! -> #REF!
A31: Media | D31: 100000 | E31: =D31 -> 100000 | F31: =#REF! -> #REF! | G31: =#REF! -> #REF!
A32: Social Networking | D32: 100000 | E32: =D32 -> 100000 | F32: =#REF! -> #REF! | G32: =#REF! -> #REF!
A33: Sales Support (Channel Partners, additional Salaries, T&E) | D33: 250000 | E33: 250000 | F33: =#REF! -> #REF! | G33: =#REF! -> #REF!
A34: Total | B34: 0 | C34: =SUM(C30:C33) -> #REF! | D34: =SUM(D30:D33) -> #REF! | E34: =SUM(E30:E33) -> #REF! | F34: 0 | G34: 0
A36: Total Use of Capital | C36: =SUM(C12,C16,C21,C28,C34) -> #REF! | D36: =SUM(D12,D16,D21,D28,D34) -> #REF! | E36: =SUM(E12,E16,E21,E28,E34) -> #REF! | F36: =SUM(F12,F16,F21,F28,F34) -> 0 | I36: =D36+E36 -> #REF!
A38: *Employee Salaries includes salary compensation + costs associated with employee taxes, also, in yr 2 employee salaries will be paid through operating income
A39: *Capital Use is subject to change depending on business conditions and can flex according to growth demands
A40: *Professional Services include fees for capital raise

Sheet Quarter '19 '20 P_L
A1: Profit and Loss Statement
A3: FY '19 and '20 | B3: Q1 | C3: Q2 | D3: Q3 | E3: Q4 | F3: FY2019 | G3: Q1 | H3: Q2 | I3: Q3 | J3: Q4 | K3: FY2020
A4: Sales Revenue
A5: Unlimited & Limited Licenses | B5: =#REF!+#REF!+#REF! -> #REF! | C5: =#REF!+#REF!+#REF! -> #REF! | D5: =#REF!+#REF!+#REF! -> #REF! | E5: =#REF!+#REF!+#REF! -> #REF! | F5: =B5+C5+D5+E5 -> #REF! | G5: =#REF!+#REF!+#REF! -> #REF! | H5: =#REF!+#REF!+#REF! -> #REF! | I5: =#REF!+#REF!+#REF! -> #REF! | J5: =#REF!+#REF!+#REF! -> #REF! | K5: =#REF! -> #REF! | M5: =E5/E10 -> #REF! | N5: =J5/J10 -> #REF! | O5: =I5/I10 -> #REF! | P5: =H5/H10 -> #REF! | Q5: =K5/K10 -> #REF!
A6: PPE (Price per Engagement) | B6: =#REF!+#REF!+#REF! -> #REF! | C6: =#REF!+#REF!+#REF! -> #REF! | D6: =#REF!+#REF!+#REF! -> #REF! | E6: =#REF!+#REF!+#REF! -> #REF! | F6: =B6+C6+D6+E6 -> #REF! | G6: =#REF!+#REF!+#REF! -> #REF! | H6: =#REF!+#REF!+#REF! -> #REF! | I6: =#REF!+#REF!+#REF! -> #REF! | J6: =#REF!+#REF!+#REF! -> #REF! | K6: =#REF! -> #REF! | M6: =E6/E10 -> #REF! | N6: =J6/J10 -> #REF! | O6: =I6/I10 -> #REF! | P6: =H6/H10 -> #REF! | Q6: =K6/K10 -> #REF!
A7: Professional Services | B7: =#REF!+#REF!+#REF! -> #REF! | C7: =#REF!+#REF!+#REF! -> #REF! | D7: =#REF!+#REF!+#REF! -> #REF! | E7: =#REF!+#REF!+#REF! -> #REF! | F7: =B7+C7+D7+E7 -> #REF! | G7: =#REF!+#REF!+#REF! -> #REF! | H7: =#REF!+#REF!+#REF! -> #REF! | I7: =#REF!+#REF!+#REF! -> #REF! | J7: =#REF!+#REF!+#REF! -> #REF! | K7: =#REF! -> #REF! | M7: =E7/E10 -> #REF! | N7: =J7/J10 -> #REF! | O7: =I7/I10 -> #REF! | P7: =H7/H10 -> #REF! | Q7: =K7/K10 -> #REF!
A8: Merchandising Affiliate | B8: =#REF!+#REF!+#REF! -> #REF! | C8: =#REF!+#REF!+#REF! -> #REF! | D8: =#REF!+#REF!+#REF! -> #REF! | E8: =#REF!+#REF!+#REF! -> #REF! | F8: =B8+C8+D8+E8 -> #REF! | G8: =#REF!+#REF!+#REF! -> #REF! | H8: =#REF!+#REF!+#REF! -> #REF! | I8: =#REF!+#REF!+#REF! -> #REF! | J8: =#REF!+#REF!+#REF! -> #REF! | K8: =#REF! -> #REF! | M8: =E8/E10 -> #REF! | N8: =J8/J10 -> #REF! | O8: =I8/I10 -> #REF! | P8: =H8/H10 -> #REF! | Q8: =K8/K10 -> #REF!
A9: New Customer Discounts | B9: =#REF!+#REF!+#REF! -> #REF! | C9: =#REF!+#REF!+#REF! -> #REF! | D9: =#REF!+#REF!+#REF! -> #REF! | E9: =#REF!+#REF!+#REF! -> #REF! | F9: =B9+C9+D9+E9 -> #REF! | G9: =#REF!+#REF!+#REF! -> #REF! | H9: =#REF!+#REF!+#REF! -> #REF! | I9: =#REF!+#REF!+#REF! -> #REF! | J9: =#REF!+#REF!+#REF! -> #REF! | K9: =#REF! -> #REF!
A10: Total Sales Revenue | B10: =SUM(B5:B9) -> #REF! | C10: =SUM(C5:C9) -> #REF! | D10: =SUM(D5:D9) -> #REF! | E10: =SUM(E5:E9) -> #REF! | F10: =SUM(F5:F9) -> #REF! | G10: =SUM(G5:G9) -> #REF! | H10: =SUM(H5:H9) -> #REF! | I10: =SUM(I5:I9) -> #REF! | ... K10: =SUM(K5:K9) -> #REF!
K11: =#REF! -> #REF!
A12: Cost of Sales | K12: =#REF! -> #REF!
A13: COGS | B13: =#REF!+#REF!+#REF! -> #REF! | C13: =#REF!+#REF!+#REF! -> #REF! | D13: =#REF!+#REF!+#REF! -> #REF! | E13: =#REF!+#REF!+#REF! -> #REF! | F13: =B13+C13+D13+E13 -> #REF! | G13: =#REF!+#REF!+#REF! -> #REF! | H13: =#REF!+#REF!+#REF! -> #REF! | I13: =#REF!+#REF!+#REF! -> #REF! | J13: =#REF!+#REF!+#REF! -> #REF! | K13: =#REF! -> #REF!
A14: Total | B14: =SUM(B13:B13) -> #REF! | C14: =SUM(C13:C13) -> #REF! | D14: =SUM(D13:D13) -> #REF! | E14: =SUM(E13:E13) -> #REF! | F14: =SUM(F13:F13) -> #REF! | G14: =SUM(G13:G13) -> #REF! | H14: =SUM(H13:H13) -> #REF! | I14: =SUM(I13:I13) -> #REF! | J14: =SUM(J13:J13) -> #REF! | K14: =#REF! -> #REF!
K15: =#REF! -> #REF!
A16: Gross Profit | B16: =#REF!+#REF!+#REF! -> #REF! | C16: =#REF!+#REF!+#REF! -> #REF! | D16: =#REF!+#REF!+#REF! -> #REF! | E16: =#REF!+#REF!+#REF! -> #REF! | F16: =F10-F14 -> #REF! | G16: =#REF!+#REF!+#REF! -> #REF! | H16: =#REF!+#REF!+#REF! -> #REF! | I16: =#REF!+#REF!+#REF! -> #REF! | J16: =#REF!+#REF!+#REF! -> #REF! | K16: =#REF! -> #REF!
A17: Gross Margin | B17: =IF(B10>0,B16/B10,0) -> #REF! | C17: =IF(C10>0,C16/C10,0) -> #REF! | D17: =IF(D10>0,D16/D10,0) -> #REF! | E17: =IF(E10>0,E16/E10,0) -> #REF! | F17: =IF(F10>0,F16/F10,0) -> #REF! | G17: =IF(G10>0,G16/G10,0) -> #REF! | H17: =IF(H10>0,H16/H10,0) -> #REF! | I17: =IF(I10>0,I16/I10,0) -> #REF! | ... K17: =IF(K10>0,K16/K10,0) -> #REF!
K18: =#REF! -> #REF!
A19: Operating Expense: Marketing | K19: =#REF! -> #REF!
A20: Marketing | K20: =#REF! -> #REF!
A21: Total | B21: =SUM(B20) -> 0 | C21: =SUM(C20) -> 0 | D21: =SUM(D20) -> 0 | E21: =SUM(E20) -> 0 | F21: =SUM(F20) -> 0 | G21: =SUM(G20) -> 0 | H21: =SUM(H20) -> 0 | I21: =SUM(I20) -> 0 | J21: =SUM(J20) -> 0 | K21: =#REF! -> #REF!
A23: Operating Expense: Sales, General and Admin
A24: Salaries | B24: =#REF!+#REF!+#REF! -> #REF! | C24: =#REF!+#REF!+#REF! -> #REF! | D24: =#REF!+#REF!+#REF! -> #REF! | E24: =#REF!+#REF!+#REF! -> #REF! | F24: =B24+C24+D24+E24 -> #REF! | G24: =#REF!+#REF!+#REF! -> #REF! | H24: =#REF!+#REF!+#REF! -> #REF! | I24: =#REF!+#REF!+#REF! -> #REF! | J24: =#REF!+#REF!+#REF! -> #REF! | K24: =#REF! -> #REF!
A25: Sales Commission | B25: =#REF!+#REF!+#REF! -> #REF! | C25: =#REF!+#REF!+#REF! -> #REF! | D25: =#REF!+#REF!+#REF! -> #REF! | E25: =#REF!+#REF!+#REF! -> #REF! | F25: =B25+C25+D25+E25 -> #REF! | G25: =#REF!+#REF!+#REF! -> #REF! | H25: =#REF!+#REF!+#REF! -> #REF! | I25: =#REF!+#REF!+#REF! -> #REF! | J25: =#REF!+#REF!+#REF! -> #REF! | K25: =#REF! -> #REF!
A26: Benefits | B26: =#REF!+#REF!+#REF! -> #REF! | C26: =#REF!+#REF!+#REF! -> #REF! | D26: =#REF!+#REF!+#REF! -> #REF! | E26: =#REF!+#REF!+#REF! -> #REF! | F26: =B26+C26+D26+E26 -> #REF! | G26: =#REF!+#REF!+#REF! -> #REF! | H26: =#REF!+#REF!+#REF! -> #REF! | I26: =#REF!+#REF!+#REF! -> #REF! | J26: =#REF!+#REF!+#REF! -> #REF! | K26: =#REF! -> #REF!
A27: Payroll Taxes | B27: =#REF!+#REF!+#REF! -> #REF! | C27: =#REF!+#REF!+#REF! -> #REF! | D27: =#REF!+#REF!+#REF! -> #REF! | E27: =#REF!+#REF!+#REF! -> #REF! | F27: =B27+C27+D27+E27 -> #REF! | G27: =#REF!+#REF!+#REF! -> #REF! | H27: =#REF!+#REF!+#REF! -> #REF! | I27: =#REF!+#REF!+#REF! -> #REF! | J27: =#REF!+#REF!+#REF! -> #REF! | K27: =#REF! -> #REF!
A28: Office Infrastructure | B28: =#REF!+#REF!+#REF! -> #REF! | C28: =#REF!+#REF!+#REF! -> #REF! | D28: =#REF!+#REF!+#REF! -> #REF! | E28: =#REF!+#REF!+#REF! -> #REF! | F28: =B28+C28+D28+E28 -> #REF! | G28: =#REF!+#REF!+#REF! -> #REF! | H28: =#REF!+#REF!+#REF! -> #REF! | I28: =#REF!+#REF!+#REF! -> #REF! | J28: =#REF!+#REF!+#REF! -> #REF! | K28: =#REF! -> #REF!
A29: Professional Services | B29: =#REF!+#REF!+#REF! -> #REF! | C29: =#REF!+#REF!+#REF! -> #REF! | D29: =#REF!+#REF!+#REF! -> #REF! | E29: =#REF!+#REF!+#REF! -> #REF! | F29: =B29+C29+D29+E29 -> #REF! | G29: =#REF!+#REF!+#REF! -> #REF! | H29: =#REF!+#REF!+#REF! -> #REF! | I29: =#REF!+#REF!+#REF! -> #REF! | J29: =#REF!+#REF!+#REF! -> #REF! | K29: =#REF! -> #REF!
A30: Travel | B30: =#REF!+#REF!+#REF! -> #REF! | C30: =#REF!+#REF!+#REF! -> #REF! | D30: =#REF!+#REF!+#REF! -> #REF! | E30: =#REF!+#REF!+#REF! -> #REF! | F30: =B30+C30+D30+E30 -> #REF! | G30: =#REF!+#REF!+#REF! -> #REF! | H30: =#REF!+#REF!+#REF! -> #REF! | I30: =#REF!+#REF!+#REF! -> #REF! | J30: =#REF!+#REF!+#REF! -> #REF! | K30: =#REF! -> #REF!
A31: Telecommunications | B31: =#REF!+#REF!+#REF! -> #REF! | C31: =#REF!+#REF!+#REF! -> #REF! | D31: =#REF!+#REF!+#REF! -> #REF! | E31: =#REF!+#REF!+#REF! -> #REF! | F31: =B31+C31+D31+E31 -> #REF! | G31: =#REF!+#REF!+#REF! -> #REF! | H31: =#REF!+#REF!+#REF! -> #REF! | I31: =#REF!+#REF!+#REF! -> #REF! | J31: =#REF!+#REF!+#REF! -> #REF! | K31: =#REF! -> #REF!
B32: =#REF!+#REF!+#REF! -> #REF! | C32: =#REF!+#REF!+#REF! -> #REF! | D32: =#REF!+#REF!+#REF! -> #REF! | E32: =#REF!+#REF!+#REF! -> #REF! | F32: =B32+C32+D32+E32 -> #REF! | G32: =#REF!+#REF!+#REF! -> #REF! | H32: =#REF!+#REF!+#REF! -> #REF! | I32: =#REF!+#REF!+#REF! -> #REF! | J32: =#REF!+#REF!+#REF! -> #REF! | K32: =#REF! -> #REF!
A33: Product Development Activities | B33: =#REF!+#REF!+#REF! -> #REF! | C33: =#REF!+#REF!+#REF! -> #REF! | D33: =#REF!+#REF!+#REF! -> #REF! | E33: =#REF!+#REF!+#REF! -> #REF! | F33: =B33+C33+D33+E33 -> #REF! | G33: =#REF!+#REF!+#REF! -> #REF! | H33: =#REF!+#REF!+#REF! -> #REF! | I33: =#REF!+#REF!+#REF! -> #REF! | J33: =#REF!+#REF!+#REF! -> #REF! | K33: =#REF! -> #REF!
A34: Other expenses (specify) | B34: =#REF!+#REF!+#REF! -> #REF! | C34: =#REF!+#REF!+#REF! -> #REF! | D34: =#REF!+#REF!+#REF! -> #REF! | E34: =#REF!+#REF!+#REF! -> #REF! | F34: =B34+C34+D34+E34 -> #REF! | G34: =#REF!+#REF!+#REF! -> #REF! | H34: =#REF!+#REF!+#REF! -> #REF! | I34: =#REF!+#REF!+#REF! -> #REF! | J34: =#REF!+#REF!+#REF! -> #REF! | K34: =#REF! -> #REF!
A35: Total | B35: =SUM(B24:B34) -> #REF! | C35: =SUM(C24:C34) -> #REF! | D35: =SUM(D24:D34) -> #REF! | E35: =SUM(E24:E34) -> #REF! | F35: =SUM(F24:F34) -> #REF! | G35: =SUM(G24:G34) -> #REF! | H35: =SUM(H24:H34) -> #REF! | I35: =SUM(I24:I34) -> #REF! | J35: =SUM(J24:J34) -> #REF! | K35: =#REF! -> #REF!
A37: Operating Expense: Other
A38: Dedicated Sales/Marketing Support | F38: =B38+C38+D38+E38 -> 0 | G38: =#REF! -> #REF! | H38: =#REF! -> #REF! | I38: =#REF! -> #REF! | J38: =#REF! -> #REF! | K38: =#REF! -> #REF!
A39: Total | B39: =B38 -> 0 | C39: =C38 -> 0 | D39: =D38 -> 0 | E39: =E38 -> 0 | F39: =F38 -> 0 | G39: =G38 -> #REF! | H39: =H38 -> #REF! | I39: =I38 -> #REF! | J39: =J38 -> #REF! | K39: =#REF! -> #REF!
A41: Total Operating Expenses | B41: =SUM(B35,B21,B39) -> #REF! | C41: =SUM(C35,C21,C39) -> #REF! | D41: =SUM(D35,D21,D39) -> #REF! | E41: =SUM(E35,E21,E39) -> #REF! | F41: =SUM(F35,F21,F39) -> #REF! | G41: =SUM(G35,G21,G39) -> #REF! | H41: =SUM(H35,H21,H39) -> #REF! | I41: =SUM(I35,I21,I39) -> #REF! | J41: =SUM(J35,J21,J39) -> #REF! | K41: =#REF! -> #REF!
A42: Income from Operations | B42: =B16-B41 -> #REF! | C42: =C16-C41 -> #REF! | D42: =D16-D41 -> #REF! | E42: =E16-E41 -> #REF! | F42: =F16-F41 -> #REF! | G42: =G16-G41 -> #REF! | H42: =H16-H41 -> #REF! | I42: =I16-I41 -> #REF! | J42: =J16-J41 -> #REF! | K42: =#REF! -> #REF!
A44: Taxes
A45: Tax Loss Carry Forward | B45: =(+#REF!) -> #REF! | C45: =(#REF!) -> #REF! | D45: =+#REF! -> #REF! | E45: =(#REF!) -> #REF! | F45: =(#REF!) -> #REF! | G45: =#REF! -> #REF! | H45: =+#REF! -> #REF! | I45: =#REF! -> #REF! | J45: =#REF! -> #REF! | K45: =#REF! -> #REF!
A46: Add to Tax Loss Carry Forward | B46: =(+#REF!) -> #REF! | C46: =(#REF!) -> #REF! | D46: =+#REF! -> #REF! | E46: =(#REF!) -> #REF! | F46: =#REF! -> #REF! | G46: =#REF! -> #REF! | H46: =+#REF! -> #REF! | I46: =#REF! -> #REF! | J46: =#REF! -> #REF! | K46: =#REF! -> #REF!
A47: Tax Credits (R&D est carry forward) | B47: =#REF!+#REF!+#REF! -> #REF! | C47: =#REF!+#REF!+#REF! -> #REF! | D47: =#REF!+#REF!+#REF! -> #REF! | E47: =#REF!+#REF!+#REF! -> #REF! | G47: =#REF!+#REF!+#REF! -> #REF! | H47: =#REF!+#REF!+#REF! -> #REF! | I47: =#REF!+#REF!+#REF! -> #REF! | J47: =#REF!+#REF!+#REF! -> #REF! | K47: =#REF! -> #REF!
A48: Taxable Income | B48: =#REF!+#REF!+#REF! -> #REF! | C48: =#REF!+#REF!+#REF! -> #REF! | D48: =#REF!+#REF!+#REF! -> #REF! | E48: =#REF!+#REF!+#REF! -> #REF! | F48: =F46+F42 -> #REF! | G48: =#REF!+#REF!+#REF! -> #REF! | H48: =#REF!+#REF!+#REF! -> #REF! | I48: =#REF!+#REF!+#REF! -> #REF! | J48: =#REF!+#REF!+#REF! -> #REF! | K48: =#REF! -> #REF!
A49: Federal Income Taxes (21%) | B49: =#REF!+#REF!+#REF! -> #REF! | C49: =#REF!+#REF!+#REF! -> #REF! | D49: =#REF!+#REF!+#REF! -> #REF! | E49: =#REF!+#REF!+#REF! -> #REF! | F49: =F48*0.21 -> #REF! | G49: =#REF!+#REF!+#REF! -> #REF! | H49: =#REF!+#REF!+#REF! -> #REF! | I49: =#REF!+#REF!+#REF! -> #REF! | J49: =#REF!+#REF!+#REF! -> #REF! | K49: =#REF! -> #REF!
A50: State Income Taxes (7%) | B50: =#REF!+#REF!+#REF! -> #REF! | C50: =#REF!+#REF!+#REF! -> #REF! | D50: =#REF!+#REF!+#REF! -> #REF! | E50: =#REF!+#REF!+#REF! -> #REF! | F50: =F48*0.05 -> #REF! | G50: =#REF!+#REF!+#REF! -> #REF! | H50: =#REF!+#REF!+#REF! -> #REF! | I50: =#REF!+#REF!+#REF! -> #REF! | J50: =#REF!+#REF!+#REF! -> #REF! | K50: =#REF! -> #REF!
A51: Total | B51: =#REF!+#REF!+#REF! -> #REF! | C51: =#REF!+#REF!+#REF! -> #REF! | D51: =#REF!+#REF!+#REF! -> #REF! | E51: =#REF!+#REF!+#REF! -> #REF! | F51: =SUM(F49:F50) -> #REF! | G51: =#REF!+#REF!+#REF! -> #REF! | H51: =#REF!+#REF!+#REF! -> #REF! | I51: =#REF!+#REF!+#REF! -> #REF! | J51: =#REF!+#REF!+#REF! -> #REF! | K51: =#REF! -> #REF!
K52: =#REF! -> #REF!
A54: EBITDA | B54: =B42+B55+B56 -> #REF! | C54: =C42+C55+C56 -> #REF! | D54: =D42+D55+D56 -> #REF! | E54: =E42+E55+E56 -> #REF! | F54: =F42+F55+F56 -> #REF! | G54: =G42+G55+G56 -> #REF! | H54: =H42+H55+H56 -> #REF! | I54: =I42+I55+I56 -> #REF! | J54: =J42+J55+J56 -> #REF! | K54: =#REF! -> #REF!
A55: Depreciation | B55: =#REF!+#REF!+#REF! -> #REF! | C55: =#REF!+#REF!+#REF! -> #REF! | D55: =#REF!+#REF!+#REF! -> #REF! | E55: =#REF!+#REF!+#REF! -> #REF! | F55: =#REF! -> #REF! | G55: =#REF!+#REF!+#REF! -> #REF! | H55: =#REF!+#REF!+#REF! -> #REF! | I55: =#REF!+#REF!+#REF! -> #REF! | J55: =#REF!+#REF!+#REF! -> #REF! | K55: =#REF! -> #REF!
A56: Amortization | B56: =#REF!+#REF!+#REF! -> #REF! | C56: =#REF!+#REF!+#REF! -> #REF! | D56: =#REF!+#REF!+#REF! -> #REF! | E56: =#REF!+#REF!+#REF! -> #REF! | F56: =#REF! -> #REF! | G56: =#REF! -> #REF! | H56: =#REF! -> #REF! | I56: =#REF! -> #REF! | J56: =#REF! -> #REF! | K56: =#REF! -> #REF!
A57: Taxes | B57: =B51 -> #REF! | C57: =C51 -> #REF! | D57: =D51 -> #REF! | E57: =E51 -> #REF! | F57: =F51 -> #REF! | G57: =G51 -> #REF! | H57: =H51 -> #REF! | I57: =I51 -> #REF! | J57: =J51 -> #REF! | K57: =#REF! -> #REF!
A58: Net Profit | B58: =B42-B51-B56-B55 -> #REF! | C58: =C42-C51-C56-C55 -> #REF! | D58: =D42-D51-D56-D55 -> #REF! | E58: =E42-E51-E56-E55 -> #REF! | F58: =F42-F51-F56-F55 -> #REF! | G58: =G42-G51-G56-G55 -> #REF! | H58: =H42-H51-H56-H55 -> #REF! | I58: =I42-I51-I56-I55 -> #REF! | J58: =J42-J51-J56-J55 -> #REF! | K58: =#REF! -> #REF!
A59: Return on Sales | B59: =IF(B10>0,B58/B10,0) -> #REF! | C59: =IF(C10>0,C58/C10,0) -> #REF! | D59: =IF(D10>0,D58/D10,0) -> #REF! | E59: =IF(E10>0,E58/E10,0) -> #REF! | F59: =IF(F10>0,F58/F10,0) -> #REF! | G59: =IF(G10>0,G58/G10,0) -> #REF! | H59: =IF(H10>0,H58/H10,0) -> #REF! | I59: =IF(I10>0,I58/I10,0) -> #REF! | ... K59: =IF(K10>0,K58/K10,0) -> #REF!
A61: EBITDA %

Sheet External Cap Table
B2: Cap Table
F4: 42583
B6: Shares Outstanding ("SO") | D6: =D14 -> 880213.33
B7: Unvested Restricted Units ("RU") | D7: =D20 -> 186453.33
B8: Fully Diluted Shares Outstanding ("FDSO") | D8: =SUM(D6:D7) -> 1066666.7
B10: Position | C10: Title | D10: Shares | E10: % SO | F10: %FDSO
B11: Vested Shares Outstanding
B12: Lawrence Griffith | C12: Founder & CEO | D12: 858880 | E12: =$D12/$D$6 -> 0.97576345 | F12: =$D12/$D$8 -> 0.8052
B13: Executive Officers | C13: CTO | D13: 21333.333 | E13: =$D13/$D$6 -> 0.024236549 | F13: =$D13/$D$8 -> 0.02
B14: Total | D14: =SUM(D12:D13) -> 880213.33 | E14: =SUM(E12:E13) -> 1 | F14: =SUM(F12:F13) -> 0.8252
B16: Unvested Restricuted Units
B17: EVPs | C17: Sales, Marketing, Client Engagment & Finance | D17: 58453.333 | E17: 0 | F17: =$D17/$D$8 -> 0.0548
B18: VPs | C18: Client Engagement, Sales & Internal Management | D18: 16000 | E18: 0 | F18: =$D18/$D$8 -> 0.015
B19: Unvested Employees | C19: Sales, Technology & Marketing | D19: 112000 | E19: 0 | F19: =$D19/$D$8 -> 0.105
B20: Total | D20: =SUM(D17:D19) -> 186453.33 | E20: 0 | F20: =SUM(F17:F19) -> 0.1748

Sheet Summary Cap Table Internal
B2: Internal Cap Table
F4: 42583
B6: Shares Outstanding ("SO") | D6: =D14 -> 880213.33
B7: Unvested Restricted Units ("RU") | D7: =D30+D19 -> 186453.33
B8: Fully Diluted Shares Outstanding ("FDSO") | D8: =SUM(D6:D7) -> 1066666.7
B10: Name | C10: Title | D10: Shares | E10: % SO | F10: %FDSO
B11: Vested Shares Outstanding
B12: Lawrence Griffith | C12: Founder & CEO | D12: 858880 | E12: =$D12/$D$6 -> 0.97576345 | F12: =$D12/$D$8 -> 0.8052
B13: Adrian Delancy | C13: CTO | D13: 21333.333 | E13: =$D13/$D$6 -> 0.024236549 | F13: =$D13/$D$8 -> 0.02
B14: Total | D14: =D12+D13 -> 880213.33 | E14: =E12+E13 -> 1 | F14: =F12+F13 -> 0.8252
B17: Unvested Restricuted Units
B19: Michael Baer | C19: EVP Brand & Digital Strategy | D19: 21120 | E19: 0 | F19: =$D19/$D$8 -> 0.0198
B20: Paul Kuzma | C20: EVP Integrated Marketing & Creative Director | D20: 21333.333 | E20: 0 | F20: =$D20/$D$8 -> 0.02
B21: Vikas Wadhwa | C21: EVP Client Engagement | D21: 16000 | E21: 0 | F21: =$D21/$D$8 -> 0.015
B22: Xiang James Cui | C22: Senior Developer | D22: 16000 | E22: 0 | F22: =$D22/$D$8 -> 0.015
B23: Alexis Prousis | C23: VP Integrated Marketing | D23: 16000 | E23: 0 | F23: =$D23/$D$8 -> 0.015
B24: Katie Kallesvig | C24: Human Resources | D24: 16000 | E24: 0 | F24: =$D24/$D$8 -> 0.015
B25: DanFeng Dong | C25: Sr. Integrated Marketing Manager | D25: 16000 | E25: 0 | F25: =$D25/$D$8 -> 0.015
B26: Jeremiah McAllister | C26: Sr. Software Engineer Web Applications | D26: 16000 | E26: 0 | F26: =$D26/$D$8 -> 0.015
B27: Marcia Wade | C27: - | D27: 16000 | E27: 0 | F27: =$D27/$D$8 -> 0.015
B28: Yuchao Zhou | C28: Developer | D28: 16000 | E28: 0 | F28: =$D28/$D$8 -> 0.015
B29: Hongyun Rita Zhu | C29: Developer | D29: 16000 | E29: 0 | F29: =$D29/$D$8 -> 0.015
B30: Total | D30: =SUM(D20:D29) -> 165333.33 | E30: 0 | F30: =SUM(F20:F29) -> 0.155

Sheet Dilutable Shareholder Calc
B2: Initial Share Holder Dilution
F4: 42583
B6: Dilutable Shareholder Calc | E6: Shares | F6: %
B7: Lawrence Griffith Initial Shares | E7: =F7*$E$9 -> 1041066.7 | F7: 0.976
B8: Michael Baer Initial Shares | E8: =F8*$E$9 -> 25600 | F8: 0.024
B9: Total | E9: 1066666.7 | F9: =SUM(F7:F8) -> 1
B11: Less: Non-Dilutable Vested Shares | E11: -21333.333 | F11: =-E11/$E$9 -> 0.02
B12: LG & MB Diluted Net Shares Outstanding | E12: =E9+E11 -> 1045333.3 | F12: =E12/$E$9 -> 0.98
B14: Less: Non-Dilutable Unvested Restricted Units | E14: -165333.33 | F14: =-E14/$E$9 -> 0.155
B15: LG & MB FDSO | E15: =E12+E14 -> 880000 | F15: =E15/$E$9 -> 0.825
B17: FDSO
B18: Lawrence Griffith | E18: =$F$15*E7 -> 858880 | F18: =$F$15*F7 -> 0.8052
B19: Michael Baer | E19: =$F$15*E8 -> 21120 | F19: =$F$15*F8 -> 0.0198
B21: Note: All shares are dilutable pro-rata in a capital raise
